Workbook

Sheet Аналитика по типу замечания
B1: не удалять/ не добавлять столбцы!
A2: Порядковый номер вкладки | B2: Наименование комплекта | C2: Дисциплина | D2: Марка комплекта/ по строке ИТОГО - количество комплектов | E2: ФИО проверяющего | F2: Дата выдачи замечаний (первая проверка) | G2: Статус комплекта | H2: Дата согласования комплекта | I2: Количество итераций проверок 0-первичная 1 - повторная 2 и т.д. - повторные Указываем итоговое число повторных проверок | J2: Всего замечаний | K2: 1 - Несоответствие продуктовым требованиям | L2: 1 - Несоответствие продуктовым требованиям ПИК-Стандарт | M2: 2 - Несоответствие Бренд-листам ПИК | N2: 3 - Несоответствие Каталогу отделки | O2: 4 - Несоответствие Каталогу оборудования | P2: 5 - Ошибка в применении СТМ | Q2: 6 - Ошибка в применении сборных ЛМ | R2: 7 - Ошибка в применении шкаф-пакетов | S2: 8 - Ошибка в применении шахт-пакетов | T2: 2 - Несоответствие типологическим требованиям ПИК-Стандарт | U2: 9 - Несоответствие типологическим требованиям ПИК-Стандарт | V2: 3 - Несоответствие ИРД, АПР, ПД | W2: 10 - Несоответствие НТД РФ | X2: 11 - Несоответствие ИРД (кроме ТУ, СТУ), АПР, ПД | Y2: 12 - Несоответствие требованиям ТУ, СТУ | Z2: 4 - Технические ошибки и нерациональные решения в проекте | AA2: 13 - Ошибка в технических решениях | AB2: 14 - Неувязка м/у собой комплектов РД | AC2: 15 - Недостаточность информации влияющей на СМР | AD2: 16 - Нерациональное решение | AE2: 5 - Оформление | AF2: 17 - Оформление | AG2: Общее количество листов в комплекте (без СО, Приложений и т.п.) | AH2: Количество листов в комплекте с замечаниями | AI2: коэффициент возврата Кв | AJ2: замечания к=0,2 | AK2: замечания к=0,5 | AL2: замечания к=1 | AM2: общий коэф критичности замечаний | AN2: Количество замечаний к=0,2 | AO2: Количество замечаний к=0,5 | AP2: Количество замечаний к=1
A3: ВСЕГО на объект | D3: =D6 -> 61 | G3: =G6 -> 59 | J3: =J6 -> 1212 | K3: =K6 -> 277 | L3: =L6 -> 243 | M3: =M6 -> 0 | N3: =N6 -> 32 | O3: =O6 -> 2 | P3: =P6 -> 0 | Q3: =Q6 -> 0 | ... AM3: =AM6 -> 0.61715798 | AN3: =AN6+AN44 -> 62.5 | AO3: =AO6+AO44 -> 891 | AP3: =AP6+AP44 -> 264.7
F4: Согласовано | G4: =G7 -> 38
F5: Проверено | G5: =G8 -> 21
A6: ИТОГО на объект 2023 | B6: Х | C6: Х | D6: =COUNTA(D11:D90) -> 61 | E6: Х | F6: Х | G6: =SUM(G7:G8) -> 59 | H6: Х | I6: Х | J6: =SUM(J11:J90) -> 1212 | K6: =SUM(K11:K90) -> 277 | L6: =SUM(L11:L90) -> 243 | M6: =SUM(M11:M90) -> 0 | N6: =SUM(N11:N90) -> 32 | O6: =SUM(O11:O90) -> 2 | P6: =SUM(P11:P90) -> 0 | Q6: =SUM(Q11:Q90) -> 0 | ... AH6: =SUM(AH11:AH90) -> 333 | AI6: =AVERAGE(AI11:AI90) -> 0.83277189 | AJ6: =AVERAGE(AJ11:AJ90) -> 0.013057001 | AK6: =AVERAGE(AK11:AK90) -> 0.9782857 | AL6: =AVERAGE(AL11:AL90) -> 0.53537631 | AM6: =AVERAGE(AM11:AM90) -> 0.61715798 | AN6: =SUM(AN11:AN90) -> 62.5 | AO6: =SUM(AO11:AO90) -> 891 | AP6: =SUM(AP11:AP90) -> 264.7
F7: Согласовано | G7: =COUNTIF(G11:G90,"согласовано")+COUNTIF(G11:G90,"без замечаний") -> 38
F8: Проверено | G8: =COUNTIF(G11:G90,"выданы замечания")+COUNTIF(G11:G90,"повторные замечания")+COUNTIF(G11:G90,"на повторной проверке") -> 21
A9: Номер листа дополнить ссылкой на вкладку | B9: Наименование комплекта - в соответствии с титульным листом | C9: ввод из списка | D9: ручной ввод | E9: ручной ввод | F9: ручной ввод | G9: ввод из списка | H9: ручной ввод | I9: ввод из списка | J9: формула | K9: формула | L9: ссылка на ячейку | M9: ссылка на ячейку | N9: ссылка на ячейку | O9: ссылка на ячейку | P9: ссылка на ячейку | Q9: ссылка на ячейку | R9: ссылка на ячейку | S9: ссылка на ячейку | T9: формула | U9: ссылка на ячейку | V9: формула | W9: ссылка на ячейку | X9: ссылка на ячейку | Y9: ссылка на ячейку | Z9: формула | AA9: ссылка на ячейку | AB9: ссылка на ячейку | AC9: ссылка на ячейку | AD9: ссылка на ячейку | AE9: формула | AF9: ссылка на ячейку | AG9: ссылка на ячейку | AH9: ссылка на ячейку | AI9: ссылка на ячейку | AJ9: ссылка на ячейку | AK9: ссылка на ячейку | AL9: ссылка на ячейку | AM9: ссылка на ячейку | AN9: ссылка на ячейку | AO9: ссылка на ячейку | AP9: ссылка на ячейку
A10: Шаблон | B10: Архитектурные решения. Подземный этаж | C10: АР | D10: 9-0118-ОК-1-АР | E10: ='ШАБЛОН!'!I10 -> Петров И.И. | F10: ='ШАБЛОН!'!J10 -> 43903 | G10: в плане | H10: 43913 | I10: 5 | J10: =K10+T10+V10+Z10+AE10 -> 20 | K10: =SUM(L10:S10) -> 8 | L10: ='ШАБЛОН!'!H3 -> 1 | M10: ='ШАБЛОН!'!I3 -> 2 | N10: ='ШАБЛОН!'!J3 -> 1 | O10: ='ШАБЛОН!'!L3 -> 0 | P10: ='ШАБЛОН!'!K3 -> 1 | Q10: ='ШАБЛОН!'!M3 -> 1 | R10: ='ШАБЛОН!'!N3 -> 1 | S10: ='ШАБЛОН!'!O3 -> 1 | T10: =U10 -> 1 | U10: ='ШАБЛОН!'!P3 -> 1 | V10: =SUM(W10:Y10) -> 4 | W10: ='ШАБЛОН!'!Q3 -> 2 | X10: ='ШАБЛОН!'!R3 -> 1 | Y10: ='ШАБЛОН!'!S3 -> 1 | Z10: =SUM(AA10:AD10) -> 5 | AA10: ='ШАБЛОН!'!T3 -> 2 | AB10: ='ШАБЛОН!'!U3 -> 1 | AC10: ='ШАБЛОН!'!V3 -> 1 | AD10: ='ШАБЛОН!'!W3 -> 1 | AE10: =AF10 -> 2 | AF10: ='ШАБЛОН!'!X3 -> 2 | AG10: ='ШАБЛОН!'!B4 -> 25 | AH10: ='ШАБЛОН!'!C4 -> 10 | AI10: ='ШАБЛОН!'!D4 -> 0.4 | AJ10: ='ШАБЛОН!'!A7 -> 0.056 | AK10: ='ШАБЛОН!'!B7 -> 0.1 | AL10: ='ШАБЛОН!'!C7 -> 0.04 | AM10: ='ШАБЛОН!'!D7 -> 0.37692308 | AN10: ='ШАБЛОН!'!G6 -> 7 | AO10: ='ШАБЛОН!'!G7 -> 5 | AP10: ='ШАБЛОН!'!G8 -> 1
A11: 1 | B11: Корпус 1. Секции 1-9. Фасады | C11: АР | D11: 1190-01-1-9-АР9.5 Ревизия С 148-0721-ОК-1-0-1-1..9-АР9.5 | E11: Шалаева О. Милявская А. | F11: 24.04.23 15.02.24 10.04.24 | G11: повторные замечания | I11: 2 | J11: =K11+T11+V11+Z11+AE11 -> 27 | K11: =SUM(L11:S11) -> 0 | L11: ='1'!H3 -> 0 | M11: ='1'!I3 -> 0 | N11: ='1'!J3 -> 0 | O11: ='1'!L3 -> 0 | P11: ='1'!K3 -> 0 | Q11: ='1'!M3 -> 0 | R11: ='1'!N3 -> 0 | S11: ='1'!O3 -> 0 | T11: =U11 -> 0 | U11: ='1'!P3 -> 0 | V11: =SUM(W11:Y11) -> 0 | W11: ='1'!Q3 -> 0 | X11: ='1'!R3 -> 0 | Y11: ='1'!S3 -> 0 | Z11: =SUM(AA11:AD11) -> 27 | AA11: ='1'!T3 -> 0 | AB11: ='1'!U3 -> 1 | AC11: ='1'!V3 -> 26 | AD11: ='1'!W3 -> 0 | AE11: =AF11 -> 0 | AF11: ='1'!X3 -> 0 | AG11: ='1'!B4 -> 15 | AH11: ='1'!C4 -> 7 | AI11: ='1'!D4 -> 0.46666667 | AJ11: ='1'!A7 -> 0.013333333 | AK11: ='1'!B7 -> 0.83333333 | AL11: ='1'!C7 -> 0.066666667 | AM11: ='1'!D7 -> 0.50740741 | AN11: ='1'!G6 -> 1 | AO11: ='1'!G7 -> 25 | AP11: ='1'!G8 -> 1
A12: 2 | B12: Корпус 2. Секции 10-19. Фасады | C12: АР | D12: 1190-02-10-09-АР9.5 Ревизия D 148-0721-ОК-1-0-2-10..19-АР9.5 | E12: Шалаева О. Милявская А. | F12: 24.04.23 15.02.24 10.04.24 | G12: повторные замечания | I12: 2 | J12: =K12+T12+V12+Z12+AE12 -> 25 | K12: =SUM(L12:S12) -> 0 | L12: ='2'!H3 -> 0 | M12: ='2'!I3 -> 0 | N12: ='2'!J3 -> 0 | O12: ='2'!L3 -> 0 | P12: ='2'!K3 -> 0 | Q12: ='2'!M3 -> 0 | R12: ='2'!N3 -> 0 | S12: ='2'!O3 -> 0 | T12: =U12 -> 0 | U12: ='2'!P3 -> 0 | V12: =SUM(W12:Y12) -> 0 | W12: ='2'!Q3 -> 0 | X12: ='2'!R3 -> 0 | Y12: ='2'!S3 -> 0 | Z12: =SUM(AA12:AD12) -> 25 | AA12: ='2'!T3 -> 0 | AB12: ='2'!U3 -> 0 | AC12: ='2'!V3 -> 25 | AD12: ='2'!W3 -> 0 | AE12: =AF12 -> 0 | AF12: ='2'!X3 -> 0 | AG12: ='2'!B4 -> 15 | AH12: ='2'!C4 -> 7 | AI12: ='2'!D4 -> 0.46666667 | AJ12: ='2'!A7 -> 0.013333333 | AK12: ='2'!B7 -> 0.8 | AL12: ='2'!C7 -> 0 | AM12: ='2'!D7 -> 0.488 | AN12: ='2'!G6 -> 1 | AO12: ='2'!G7 -> 24 | AP12: ='2'!G8 -> 0
A13: 3 | B13: Корпус 1. Секции 1-9. Элементы заполнения проемов типового этажа. Светопрозрачные конструкции | C13: АР | D13: 1190-01-1-9-АР4.2 Рев.А, Рев.В | E13: Шалаева О. Милявская А. | F13: 26.04.23 03.08.23 | G13: согласовано | H13: 45275 | I13: 2 | J13: =K13+T13+V13+Z13+AE13 -> 14 | K13: =SUM(L13:S13) -> 4 | L13: ='3'!H3 -> 4 | M13: ='3'!I3 -> 0 | N13: ='3'!J3 -> 0 | O13: ='3'!L3 -> 0 | P13: ='3'!K3 -> 0 | Q13: ='3'!M3 -> 0 | R13: ='3'!N3 -> 0 | S13: ='3'!O3 -> 0 | T13: =U13 -> 1 | U13: ='3'!S3 -> 1 | V13: =SUM(W13:Y13) -> 1 | W13: ='3'!T3 -> 1 | X13: ='3'!U3 -> 0 | Y13: ='3'!V3 -> 0 | Z13: =SUM(AA13:AD13) -> 8 | AA13: ='3'!W3 -> 0 | AB13: ='3'!X3 -> 3 | AC13: ='3'!Y3 -> 5 | AD13: ='3'!Z3 -> 0 | AE13: =AF13 -> 0 | AF13: ='3'!AA3 -> 0 | AG13: ='3'!B4 -> 19 | AH13: ='3'!C4 -> 19 | AI13: ='3'!D4 -> 1 | AJ13: ='3'!A7 -> 0.021052632 | AK13: ='3'!B7 -> 0.26315789 | AL13: ='3'!C7 -> 0.10526316 | AM13: ='3'!D7 -> 0.52857143 | AN13: ='3'!G6 -> 2 | AO13: ='3'!G7 -> 10 | AP13: ='3'!G8 -> 2
A14: 4 | B14: Корпус 1. Секции 1-9. Элементы заполнения проемов 1 этажа. Светопрозрачные конструкции | C14: АР | D14: 1190-01-1-9-АР4.1 Рев. А, рев. С, рев.D, рев.Е, рев.F | E14: Шалаева О.В. | F14: 26.04.23 30.06.23 01.08.73 21.08.23 05.09.23 07.12.23 14.12.23 18.12.23 21.12.23 | G14: согласовано | H14: 45289 | J14: =K14+T14+V14+Z14+AE14 -> 29 | K14: =SUM(L14:S14) -> 4 | L14: ='4'!H3 -> 4 | M14: ='4'!I3 -> 0 | N14: ='4'!J3 -> 0 | O14: ='4'!L3 -> 0 | P14: ='4'!K3 -> 0 | Q14: ='4'!M3 -> 0 | R14: ='4'!O3 -> 0 | S14: ='4'!P3 -> 0 | T14: =U14 -> 7 | U14: ='4'!Q3 -> 7 | V14: =SUM(W14:Y14) -> 3 | W14: ='4'!R3 -> 1 | X14: ='4'!S3 -> 2 | Y14: ='4'!T3 -> 0 | Z14: =SUM(AA14:AD14) -> 15 | AA14: ='4'!U3 -> 0 | AB14: ='4'!V3 -> 2 | AC14: ='4'!W3 -> 13 | AD14: ='4'!X3 -> 0 | AE14: =AF14 -> 0 | AF14: ='4'!Y3 -> 0 | AG14: ='4'!B4 -> 52 | AH14: ='4'!C4 -> 52 | AI14: ='4'!D4 -> 1 | AJ14: ='4'!A7 -> 0 | AK14: ='4'!B7 -> 0.13461538 | AL14: ='4'!C7 -> 0.28846154 | AM14: ='4'!D7 -> 0.75862069 | AN14: ='4'!G6 -> 0 | AO14: ='4'!G7 -> 14 | AP14: ='4'!G8 -> 15
A15: 5 | B15: Подземная часть. Архитектурные планы | C15: АР | D15: 1190-01-02-АР0.1 рев.В, 148-0721-ОК-1-0-1,2-1..19-АР0.1 | E15: Милявская А. | F15: 03.05.23 03.11.23 23.11.23 26.12.23 | G15: согласовано | H15: 45289 | I15: 4 | J15: =K15+T15+V15+Z15+AE15 -> 12 | K15: =SUM(L15:S15) -> 2 | L15: ='5'!H3 -> 2 | M15: ='5'!I3 -> 0 | N15: ='5'!J3 -> 0 | O15: ='5'!L3 -> 0 | P15: ='5'!K3 -> 0 | Q15: ='5'!M3 -> 0 | R15: ='5'!N3 -> 0 | S15: ='5'!O3 -> 0 | T15: =U15 -> 0 | U15: ='5'!P3 -> 0 | V15: =SUM(W15:Y15) -> 1 | W15: ='5'!Q3 -> 1 | X15: ='5'!R3 -> 0 | Y15: ='5'!S3 -> 0 | Z15: =SUM(AA15:AD15) -> 8 | AA15: ='5'!T3 -> 0 | AB15: ='5'!U3 -> 1 | AC15: ='5'!V3 -> 7 | AD15: ='5'!W3 -> 0 | AE15: =AF15 -> 1 | AF15: ='5'!X3 -> 1 | AG15: ='5'!B4 -> 9 | AH15: ='5'!C4 -> 9 | AI15: ='5'!D4 -> 1 | AJ15: ='5'!A7 -> 0.022222222 | AK15: ='5'!B7 -> 0.44444444 | AL15: ='5'!C7 -> 0.33333333 | AM15: ='5'!D7 -> 0.6 | AN15: ='5'!G6 -> 1 | AO15: ='5'!G7 -> 8 | AP15: ='5'!G8 -> 3
A16: 6 | B16: Подземная часть. Кладочные планы | C16: АР | D16: 1190-01-02-АР0.2 рев.В, рев С, рев D 148-0721-ОК-1-0-1,2-1..19-АР0.2 | E16: Милявская А. | F16: 03.05.23 19.07.23 26.09.23 | G16: согласовано | H16: 45233 | I16: 3 | J16: =K16+T16+V16+Z16+AE16 -> 5 | K16: =SUM(L16:S16) -> 0 | L16: ='6'!H3 -> 0 | M16: ='6'!I3 -> 0 | N16: ='6'!J3 -> 0 | O16: ='6'!L3 -> 0 | P16: ='6'!K3 -> 0 | Q16: ='6'!M3 -> 0 | R16: ='6'!N3 -> 0 | S16: ='6'!O3 -> 0 | T16: =U16 -> 0 | U16: ='6'!P3 -> 0 | V16: =SUM(W16:Y16) -> 0 | W16: ='6'!Q3 -> 0 | X16: ='6'!R3 -> 0 | Y16: ='6'!S3 -> 0 | Z16: =SUM(AA16:AD16) -> 5 | AA16: ='6'!T3 -> 0 | AB16: ='6'!U3 -> 0 | AC16: ='6'!V3 -> 5 | AD16: ='6'!W3 -> 0 | AE16: =AF16 -> 0 | AF16: ='6'!X3 -> 0 | AG16: ='6'!B4 -> 20 | AH16: ='6'!C4 -> 6 | AI16: ='6'!D4 -> 0.3 | AJ16: ='6'!A7 -> 0 | AK16: ='6'!B7 -> 0.1 | AL16: ='6'!C7 -> 0.05 | AM16: ='6'!D7 -> 0.6 | AN16: ='6'!G6 -> 0 | AO16: ='6'!G7 -> 4 | AP16: ='6'!G8 -> 1
A17: 7 | B17: Подземная часть. Отделка помещений | C17: АР | D17: 1190-01-02-АР0.3 Рев.С, Е, К, М | E17: Милявская А. | F17: 03.05.23 16.08.23 18.09.23 21.12.23 25.12.23 | G17: согласовано | H17: 45285 | I17: 4 | J17: =K17+T17+V17+Z17+AE17 -> 60 | K17: =SUM(L17:S17) -> 6 | L17: ='7'!H3 -> 4 | M17: ='7'!I3 -> 0 | N17: ='7'!J3 -> 2 | O17: ='7'!L3 -> 0 | P17: ='7'!K3 -> 0 | Q17: ='7'!M3 -> 0 | R17: ='7'!N3 -> 0 | S17: ='7'!O3 -> 0 | T17: =U17 -> 5 | U17: ='7'!P3 -> 5 | V17: =SUM(W17:Y17) -> 1 | W17: ='7'!Q3 -> 1 | X17: ='7'!R3 -> 0 | Y17: ='7'!S3 -> 0 | Z17: =SUM(AA17:AD17) -> 43 | AA17: ='7'!T3 -> 3 | AB17: ='7'!U3 -> 6 | AC17: ='7'!V3 -> 32 | AD17: ='7'!W3 -> 2 | AE17: =AF17 -> 5 | AF17: ='7'!X3 -> 5 | AG17: ='7'!B4 -> 19 | AH17: ='7'!C4 -> 18 | AI17: ='7'!D4 -> 0.94736842 | AJ17: ='7'!A7 -> 0.042105263 | AK17: ='7'!B7 -> 1.1315789 | AL17: ='7'!C7 -> 0.68421053 | AM17: ='7'!D7 -> 0.58833333 | AN17: ='7'!G6 -> 4 | AO17: ='7'!G7 -> 43 | AP17: ='7'!G8 -> 13
A18: 8 | B18: Подземная часть. Элементы заполнения проемов | C18: АР | D18: 1190-01-02-АР0.4 Рев.А, Рев.В 148-0721-ОК-1-0-1,2-1..19-АР0.4 | E18: Милявская А. | F18: 03.05.23 27.09.23 | G18: согласовано | H18: 45237 | I18: 2 | J18: =K18+T18+V18+Z18+AE18 -> 13 | K18: =SUM(L18:S18) -> 0 | L18: ='8'!H3 -> 0 | M18: ='8'!I3 -> 0 | N18: ='8'!J3 -> 0 | O18: ='8'!L3 -> 0 | P18: ='8'!K3 -> 0 | Q18: ='8'!M3 -> 0 | R18: ='8'!N3 -> 0 | S18: ='8'!O3 -> 0 | T18: =U18 -> 0 | U18: ='8'!P3 -> 0 | V18: =SUM(W18:Y18) -> 0 | W18: ='8'!Q3 -> 0 | X18: ='8'!R3 -> 0 | Y18: ='8'!S3 -> 0 | Z18: =SUM(AA18:AD18) -> 13 | AA18: ='8'!T3 -> 2 | AB18: ='8'!U3 -> 0 | AC18: ='8'!V3 -> 4 | AD18: ='8'!W3 -> 7 | AE18: =AF18 -> 0 | AF18: ='8'!X3 -> 0 | AG18: ='8'!B4 -> 2 | AH18: ='8'!C4 -> 1 | AI18: ='8'!D4 -> 0.5 | AJ18: ='8'!A7 -> 0.2 | AK18: ='8'!B7 -> 1.5 | AL18: ='8'!C7 -> 2.5 | AM18: ='8'!D7 -> 0.64615385 | AN18: ='8'!G6 -> 2 | AO18: ='8'!G7 -> 6 | AP18: ='8'!G8 -> 5
A19: 9 | B19: Подземная часть. Разрезы. Лестницы. Лифты. Ограждения | C19: АР | D19: 1190-01-02-АР0.5 Рев.А, рев.L, рев.М | E19: Милявская А. | F19: 03.05.23 17.08.23 | G19: согласовано | H19: 45216 | I19: 2 | J19: =K19+T19+V19+Z19+AE19 -> 3 | K19: =SUM(L19:S19) -> 2 | L19: ='9'!H3 -> 0 | M19: ='9'!I3 -> 0 | N19: ='9'!J3 -> 2 | O19: ='9'!L3 -> 0 | P19: ='9'!K3 -> 0 | Q19: ='9'!M3 -> 0 | R19: ='9'!N3 -> 0 | S19: ='9'!O3 -> 0 | T19: =U19 -> 0 | U19: ='9'!P3 -> 0 | V19: =SUM(W19:Y19) -> 0 | W19: ='9'!Q3 -> 0 | X19: ='9'!R3 -> 0 | Y19: ='9'!S3 -> 0 | Z19: =SUM(AA19:AD19) -> 0 | AA19: ='9'!T3 -> 0 | AB19: ='9'!U3 -> 0 | AC19: ='9'!V3 -> 0 | AD19: ='9'!W3 -> 0 | AE19: =AF19 -> 1 | AF19: ='9'!X3 -> 1 | AG19: ='9'!B4 -> 8 | AH19: ='9'!C4 -> 1 | AI19: ='9'!D4 -> 0.125 | AJ19: ='9'!A7 -> 0 | AK19: ='9'!B7 -> 0.1875 | AL19: ='9'!C7 -> 0 | AM19: ='9'!D7 -> 0.5 | AN19: ='9'!G6 -> 0 | AO19: ='9'!G7 -> 3 | AP19: ='9'!G8 -> 0
A20: 10 | B20: Подземная часть. Узлы и детали | C20: АР | D20: 1190-01-02-АР0.6 Рев.В, рев.L, рев.М, рев.N | E20: Милявская А. | F20: 45049 | G20: согласовано | H20: 02.10.23 29.12.23 | I20: 3 | J20: =K20+T20+V20+Z20+AE20 -> 13 | K20: =SUM(L20:S20) -> 1 | L20: ='10'!H3 -> 1 | M20: ='10'!I3 -> 0 | N20: ='10'!J3 -> 0 | O20: ='10'!L3 -> 0 | P20: ='10'!K3 -> 0 | Q20: ='10'!M3 -> 0 | R20: ='10'!N3 -> 0 | S20: ='10'!O3 -> 0 | T20: =U20 -> 0 | U20: ='10'!P3 -> 0 | V20: =SUM(W20:Y20) -> 0 | W20: ='10'!Q3 -> 0 | X20: ='10'!R3 -> 0 | Y20: ='10'!S3 -> 0 | Z20: =SUM(AA20:AD20) -> 11 | AA20: ='10'!T3 -> 4 | AB20: ='10'!U3 -> 0 | AC20: ='10'!V3 -> 7 | AD20: ='10'!W3 -> 0 | AE20: =AF20 -> 1 | AF20: ='10'!X3 -> 1 | AG20: ='10'!B4 -> 8 | AH20: ='10'!C4 -> 3 | AI20: ='10'!D4 -> 0.375 | AJ20: ='10'!A7 -> 0 | AK20: ='10'!B7 -> 0.75 | AL20: ='10'!C7 -> 0.125 | AM20: ='10'!D7 -> 0.53846154 | AN20: ='10'!G6 -> 0 | AO20: ='10'!G7 -> 12 | AP20: ='10'!G8 -> 1
A21: 11 | B21: Корпус 2. Секции 10-19. Элементы заполнения проемов 1го этажа. Светопрозрачные конструкции | C21: АР | D21: 1190-02-10-19-АР4.1 от 19.05.23 рев.В от 19.09.23 | E21: Шалаева О. | F21: 30.05.23 05.10.23 29.12.23 | G21: согласовано | H21: 45289 | I21: 4 | J21: =K21+T21+V21+Z21+AE21 -> 41 | K21: =SUM(L21:S21) -> 6 | L21: ='11'!H3 -> 6 | M21: ='11'!I3 -> 0 | N21: ='11'!J3 -> 0 | O21: ='11'!L3 -> 0 | P21: ='11'!K3 -> 0 | Q21: ='11'!M3 -> 0 | R21: ='11'!N3 -> 0 | S21: ='11'!P3 -> 0 | T21: =U21 -> 13 | U21: ='11'!Q3 -> 13 | V21: =SUM(W21:Y21) -> 3 | W21: ='11'!R3 -> 0 | X21: ='11'!S3 -> 3 | Y21: ='11'!T3 -> 0 | Z21: =SUM(AA21:AD21) -> 19 | AA21: ='11'!U3 -> 0 | AB21: ='11'!V3 -> 1 | AC21: ='11'!W3 -> 18 | AD21: ='11'!X3 -> 0 | AE21: =AF21 -> 0 | AF21: ='11'!Y3 -> 0 | AG21: ='11'!B4 -> 56 | AH21: ='11'!C4 -> 56 | AI21: ='11'!D4 -> 1 | AJ21: ='11'!A7 -> 0 | AK21: ='11'!B7 -> 0.1875 | AL21: ='11'!C7 -> 0.35714286 | AM21: ='11'!D7 -> 0.74390244 | AN21: ='11'!G6 -> 0 | AO21: ='11'!G7 -> 21 | AP21: ='11'!G8 -> 20
A22: 12 | B22: Корпус 1. Секции 1-3. Кладочные планы стен и перегородок 1 эт. | C22: АР | D22: 1190-01-1-3-АР2.1 Рев.В, С, D, б/обозначения | E22: Милявская А. | F22: 01.06.23 29.06.23 06.09.23 06.12.23 | G22: повторные замечания | I22: 5 | J22: =K22+T22+V22+Z22+AE22 -> 23 | K22: =SUM(L22:S22) -> 11 | L22: ='12'!H3 -> 11 | M22: ='12'!I3 -> 0 | N22: ='12'!J3 -> 0 | O22: ='12'!L3 -> 0 | P22: ='12'!K3 -> 0 | Q22: ='12'!M3 -> 0 | R22: ='12'!N3 -> 0 | S22: ='12'!O3 -> 0 | T22: =U22 -> 0 | U22: ='12'!P3 -> 0 | V22: =SUM(W22:Y22) -> 0 | W22: ='12'!Q3 -> 0 | X22: ='12'!R3 -> 0 | Y22: ='12'!S3 -> 0 | Z22: =SUM(AA22:AD22) -> 10 | AA22: ='12'!T3 -> 0 | AB22: ='12'!U3 -> 0 | AC22: ='12'!V3 -> 10 | AD22: ='12'!W3 -> 0 | AE22: =AF22 -> 2 | AF22: ='12'!X3 -> 2 | AG22: ='12'!B4 -> 6 | AH22: ='12'!C4 -> 5 | AI22: ='12'!D4 -> 0.83333333 | AJ22: ='12'!A7 -> 0.033333333 | AK22: ='12'!B7 -> 1.0833333 | AL22: ='12'!C7 -> 1.5 | AM22: ='12'!D7 -> 0.6826087 | AN22: ='12'!G6 -> 1 | AO22: ='12'!G7 -> 13 | AP22: ='12'!G8 -> 9
A23: 13 | B23: Корпус 1. Секции 4-6. Кладочные планы стен и перегородок 1 эт. | C23: АР | D23: 1190-01-4-6-АР2.3 рев.D, рев.Е, рев.F, рев.G, рев.Н 148-0721-ОК-1-0-1-4..6-АР2.1 б/рев. | E23: Милявская А. | F23: 01.06.23 13.06.23 07.07.23 20.07.23 15.08.23 08.12.23 | G23: повторные замечания | I23: 7 | J23: =K23+T23+V23+Z23+AE23 -> 25 | K23: =SUM(L23:S23) -> 11 | L23: ='13'!H3 -> 11 | M23: ='13'!I3 -> 0 | N23: ='13'!J3 -> 0 | O23: ='13'!L3 -> 0 | P23: ='13'!K3 -> 0 | Q23: ='13'!M3 -> 0 | R23: ='13'!O3 -> 0 | S23: ='13'!P3 -> 0 | T23: =U23 -> 2 | U23: ='13'!Q3 -> 2 | V23: =SUM(W23:Y23) -> 0 | W23: ='13'!R3 -> 0 | X23: ='13'!S3 -> 0 | Y23: ='13'!T3 -> 0 | Z23: =SUM(AA23:AD23) -> 11 | AA23: ='13'!U3 -> 0 | AB23: ='13'!V3 -> 2 | AC23: ='13'!W3 -> 9 | AD23: ='13'!X3 -> 0 | AE23: =AF23 -> 1 | AF23: ='13'!Y3 -> 1 | AG23: ='13'!B4 -> 6 | AH23: ='13'!C4 -> 5 | AI23: ='13'!D4 -> 0.83333333 | AJ23: ='13'!A7 -> 0 | AK23: ='13'!B7 -> 1.0833333 | AL23: ='13'!C7 -> 2 | AM23: ='13'!D7 -> 0.74 | AN23: ='13'!G6 -> 0 | AO23: ='13'!G7 -> 13 | AP23: ='13'!G8 -> 12
A24: 14 | B24: Корпус 1. Секции 7-9. Кладочные планы стен и перегородок 1эт. | C24: АР | D24: 1190-01-7-9-АР2.5 Рев.В, рев.Е 148-0721-ОК-1-0-1-7..9-АР2.1 б/рев. | E24: Милявская А. | F24: 01.06.23 07.07.23 15.08.23 08.12.23 | G24: повторные замечания | I24: 5 | J24: =K24+T24+V24+Z24+AE24 -> 21 | K24: =SUM(L24:S24) -> 12 | L24: ='14'!H3 -> 12 | M24: ='14'!I3 -> 0 | N24: ='14'!J3 -> 0 | O24: ='14'!L3 -> 0 | P24: ='14'!K3 -> 0 | Q24: ='14'!M3 -> 0 | R24: ='14'!N3 -> 0 | S24: ='14'!O3 -> 0 | T24: =U24 -> 0 | U24: ='14'!P3 -> 0 | V24: =SUM(W24:Y24) -> 0 | W24: ='14'!Q3 -> 0 | X24: ='14'!R3 -> 0 | Y24: ='14'!S3 -> 0 | Z24: =SUM(AA24:AD24) -> 7 | AA24: ='14'!T3 -> 0 | AB24: ='14'!U3 -> 0 | AC24: ='14'!V3 -> 7 | AD24: ='14'!W3 -> 0 | AE24: =AF24 -> 2 | AF24: ='14'!X3 -> 2 | AG24: ='14'!B4 -> 6 | AH24: ='14'!C4 -> 5 | AI24: ='14'!D4 -> 0.83333333 | AJ24: ='14'!A7 -> 0.033333333 | AK24: ='14'!B7 -> 0.91666667 | AL24: ='14'!C7 -> 1.5 | AM24: ='14'!D7 -> 0.7 | AN24: ='14'!G6 -> 1 | AO24: ='14'!G7 -> 11 | AP24: ='14'!G8 -> 9
A25: 15 | B25: Корп.2. Секции 17-19. Кладочные планы стен и перегородок 1-го этажа. | C25: АР | D25: 1190-02-17-19-АР2.5 Рев B АР2.1 Рев.А от24.10.23 | E25: Шалаева О. | F25: 10.07.23 15.11.23 26.12.23 | G25: согласовано | H25: 45289 | I25: 3 | J25: =K25+T25+V25+Z25+AE25 -> 11 | K25: =SUM(L25:S25) -> 0 | L25: ='15'!H3 -> 0 | M25: ='15'!I3 -> 0 | N25: ='15'!J3 -> 0 | O25: ='15'!L3 -> 0 | P25: ='15'!K3 -> 0 | Q25: ='15'!M3 -> 0 | R25: ='15'!N3 -> 0 | S25: ='15'!O3 -> 0 | T25: =U25 -> 8 | U25: ='15'!P3 -> 8 | V25: =SUM(W25:Y25) -> 0 | W25: ='15'!Q3 -> 0 | X25: ='15'!S3 -> 0 | Y25: ='15'!T3 -> 0 | Z25: =SUM(AA25:AD25) -> 3 | AA25: ='15'!U3 -> 1 | AB25: ='15'!V3 -> 0 | AC25: ='15'!W3 -> 2 | AD25: ='15'!X3 -> 0 | AE25: =AF25 -> 0 | AF25: ='13'!X3 -> 0 | AG25: ='15'!B4 -> 10 | AH25: ='15'!C4 -> 10 | AI25: ='15'!D4 -> 1 | AJ25: ='15'!A7 -> 0 | AK25: ='15'!B7 -> 0.15 | AL25: ='15'!C7 -> 0.8 | AM25: ='15'!D7 -> 0.86363636 | AN25: ='15'!G6 -> 0 | AO25: ='15'!G7 -> 3 | AP25: ='15'!G8 -> 8
A26: 16 | B26: Лифты. Корпус 1 | C26: АР | D26: 1190-01-1-9-АР6, рев.В | E26: Милявская А. | F26: 45110 | G26: согласовано | H26: 45225 | I26: 2 | J26: =K26+T26+V26+Z26+AE26 -> 10 | K26: =SUM(L26:S26) -> 0 | L26: ='16'!H3 -> 0 | M26: ='16'!I3 -> 0 | N26: ='16'!J3 -> 0 | O26: ='16'!L3 -> 0 | P26: ='16'!K3 -> 0 | Q26: ='16'!M3 -> 0 | R26: ='16'!N3 -> 0 | S26: ='16'!O3 -> 0 | T26: =U26 -> 0 | U26: ='16'!P3 -> 0 | V26: =SUM(W26:Y26) -> 0 | W26: ='16'!Q3 -> 0 | X26: ='16'!R3 -> 0 | Y26: ='16'!S3 -> 0 | Z26: =SUM(AA26:AD26) -> 10 | AA26: ='16'!T3 -> 0 | AB26: ='16'!U3 -> 2 | AC26: ='16'!V3 -> 7 | AD26: ='16'!W3 -> 1 | AE26: =AF26 -> 0 | AF26: ='16'!X3 -> 0 | AG26: ='16'!B4 -> 10 | AH26: ='16'!C4 -> 10 | AI26: ='16'!D4 -> 1 | AJ26: ='16'!A7 -> 0.02 | AK26: ='16'!B7 -> 0.35 | AL26: ='16'!C7 -> 0.2 | AM26: ='16'!D7 -> 0.57 | AN26: ='16'!G6 -> 1 | AO26: ='16'!G7 -> 7 | AP26: ='16'!G8 -> 2
A27: 17 | B27: Корпус 1. Секции 1-3. Кладочные планы стен и перегородок 2-16 этажа | C27: АР | D27: 1190-01-1-3-АР2.2 рев.С 148-0721-ОК-1-0-1-1..3-АР2.2 б/рев. | E27: Милявская А. | F27: 31.07.23 28.12.23 26.01.24 | G27: согласовано | H27: 45323 | I27: 3 | J27: =K27+T27+V27+Z27+AE27 -> 20 | K27: =SUM(L27:S27) -> 8 | L27: ='17'!H3 -> 8 | M27: ='17'!I3 -> 0 | N27: ='17'!J3 -> 0 | O27: ='17'!L3 -> 0 | P27: ='17'!K3 -> 0 | Q27: ='17'!M3 -> 0 | R27: ='17'!N3 -> 0 | S27: ='17'!O3 -> 0 | T27: =U27 -> 0 | U27: ='17'!P3 -> 0 | V27: =SUM(W27:Y27) -> 0 | W27: ='17'!Q3 -> 0 | X27: ='17'!R3 -> 0 | Y27: ='17'!S3 -> 0 | Z27: =SUM(AA27:AD27) -> 12 | AA27: ='17'!T3 -> 0 | AB27: ='17'!U3 -> 0 | AC27: ='17'!V3 -> 12 | AD27: ='17'!W3 -> 0 | AE27: =AF27 -> 0 | AF27: ='17'!X3 -> 0 | AG27: ='17'!B4 -> 5 | AH27: ='17'!C4 -> 4 | AI27: ='17'!D4 -> 0.8 | AJ27: ='17'!A7 -> 0 | AK27: ='17'!B7 -> 1.9 | AL27: ='17'!C7 -> 0.2 | AM27: ='17'!D7 -> 0.525 | AN27: ='17'!G6 -> 0 | AO27: ='17'!G7 -> 19 | AP27: ='17'!G8 -> 1
A28: 18 | B28: Корпус 1. Секции 4-6. Кладочные планы стен и перегородок 2-16 этажа | C28: АР | D28: 1190-01-4-6-АР2.4 рев.D 148-0721-ОК-1-0-1-4..6-АР2.2 б/рев. | E28: Милявская А. | F28: 02.08.23 09.01.24 26.01.24 | G28: согласовано | H28: 45323 | I28: 3 | J28: =K28+T28+V28+Z28+AE28 -> 23 | K28: =SUM(L28:S28) -> 11 | L28: ='18'!H3 -> 11 | M28: ='18'!I3 -> 0 | N28: ='18'!J3 -> 0 | O28: ='18'!L3 -> 0 | P28: ='18'!K3 -> 0 | Q28: ='18'!M3 -> 0 | R28: ='18'!N3 -> 0 | S28: ='18'!O3 -> 0 | T28: =U28 -> 0 | U28: ='18'!P3 -> 0 | V28: =SUM(W28:Y28) -> 0 | W28: ='18'!Q3 -> 0 | X28: ='18'!R3 -> 0 | Y28: ='18'!S3 -> 0 | Z28: =SUM(AA28:AD28) -> 11 | AA28: ='18'!T3 -> 0 | AB28: ='18'!U3 -> 0 | AC28: ='18'!V3 -> 11 | AD28: ='18'!W3 -> 0 | AE28: =AF28 -> 1 | AF28: ='18'!X3 -> 1 | AG28: ='18'!B4 -> 5 | AH28: ='18'!C4 -> 4 | AI28: ='18'!D4 -> 0.8 | AJ28: ='18'!A7 -> 0 | AK28: ='18'!B7 -> 2.2 | AL28: ='18'!C7 -> 0.2 | AM28: ='18'!D7 -> 0.52173913 | AN28: ='18'!G6 -> 0 | AO28: ='18'!G7 -> 22 | AP28: ='18'!G8 -> 1
A29: 19 | B29: Корпус 1. Секции 7-9. Кладочные планы стен и перегородок 2-16 этажа | C29: АР | D29: 1190-01-7-9-АР2.6 рев.С 148-0721-ОК-1-0-1-7..9-АР2.2 б/рев. | E29: Милявская А. | F29: 31.07.23 10.01.24 26.01.24 | G29: согласовано | H29: 45329 | I29: 3 | J29: =K29+T29+V29+Z29+AE29 -> 22 | K29: =SUM(L29:S29) -> 11 | L29: ='19'!H3 -> 11 | M29: ='19'!I3 -> 0 | N29: ='19'!J3 -> 0 | O29: ='19'!L3 -> 0 | P29: ='19'!K3 -> 0 | Q29: ='19'!M3 -> 0 | R29: ='19'!N3 -> 0 | S29: ='19'!O3 -> 0 | T29: =U29 -> 0 | U29: ='19'!P3 -> 0 | V29: =SUM(W29:Y29) -> 0 | W29: ='19'!Q3 -> 0 | X29: ='19'!R3 -> 0 | Y29: ='19'!S3 -> 0 | Z29: =SUM(AA29:AD29) -> 11 | AA29: ='19'!T3 -> 0 | AB29: ='19'!U3 -> 0 | AC29: ='19'!V3 -> 11 | AD29: ='19'!W3 -> 0 | AE29: =AF29 -> 0 | AF29: ='19'!X3 -> 0 | AG29: ='19'!B4 -> 7 | AH29: ='19'!C4 -> 6 | AI29: ='19'!D4 -> 0.85714286 | AJ29: ='19'!A7 -> 0 | AK29: ='19'!B7 -> 1.3571429 | AL29: ='19'!C7 -> 0.42857143 | AM29: ='19'!D7 -> 0.56818182 | AN29: ='19'!G6 -> 0 | AO29: ='19'!G7 -> 19 | AP29: ='19'!G8 -> 3
A30: 20 | B30: Корпус 2. Секции 17-19. Кладочные планы стен и перегородок 2-16 этажа | C30: АР | D30: 1190-02-17-19-АР2.6 рев.А 148-0721-ОК-1-0-2-17..19-АР2.2 | E30: Шалаева О.В. | F30: 01.08.23 16.01.24 29.01.24 07.02.24 | G30: согласовано | H30: 45330 | I30: 4 | J30: =K30+T30+V30+Z30+AE30 -> 16 | K30: =SUM(L30:S30) -> 1 | L30: ='20'!H3 -> 1 | M30: ='20'!I3 -> 0 | N30: ='20'!J3 -> 0 | O30: ='20'!L3 -> 0 | P30: ='20'!K3 -> 0 | Q30: ='20'!M3 -> 0 | R30: ='20'!N3 -> 0 | S30: ='20'!P3 -> 0 | T30: =U30 -> 6 | U30: ='20'!Q3 -> 6 | V30: =SUM(W30:Y30) -> 0 | W30: ='20'!R3 -> 0 | X30: ='20'!S3 -> 0 | Y30: ='20'!T3 -> 0 | Z30: =SUM(AA30:AD30) -> 9 | AA30: ='20'!U3 -> 0 | AB30: ='20'!V3 -> 0 | AC30: ='20'!W3 -> 9 | AD30: ='20'!X3 -> 0 | AE30: =AF30 -> 0 | AF30: ='20'!Y3 -> 0 | AG30: ='20'!B4 -> 5 | AH30: ='20'!C4 -> 5 | AI30: ='20'!D4 -> 1 | AJ30: ='20'!A7 -> 0 | AK30: ='20'!B7 -> 1 | AL30: ='20'!C7 -> 1.2 | AM30: ='20'!D7 -> 0.6875 | AN30: ='20'!G6 -> 0 | AO30: ='20'!G7 -> 10 | AP30: ='20'!G8 -> 6
A31: 21 | B31: Корпус 2. Секции 14-16. Кладочные планы стен и перегородок 2-16 этажа | C31: АР | D31: 1190-02-14-16-АР2.4 рев.А 148-0721-ОК-1-0-2-14..16-АР2.2 б/рев. | E31: Милявская А. | F31: 02.08.23 10.01.24 26.01.24 | G31: согласовано | H31: 45323 | I31: 3 | J31: =K31+T31+V31+Z31+AE31 -> 21 | K31: =SUM(L31:S31) -> 10 | L31: ='21'!H3 -> 10 | M31: ='21'!I3 -> 0 | N31: ='21'!J3 -> 0 | O31: ='21'!L3 -> 0 | P31: ='21'!K3 -> 0 | Q31: ='21'!M3 -> 0 | R31: ='21'!N3 -> 0 | S31: ='21'!O3 -> 0 | T31: =U31 -> 0 | U31: ='21'!P3 -> 0 | V31: =SUM(W31:Y31) -> 0 | W31: ='21'!Q3 -> 0 | X31: ='21'!R3 -> 0 | Y31: ='21'!S3 -> 0 | Z31: =SUM(AA31:AD31) -> 11 | AA31: ='21'!T3 -> 0 | AB31: ='21'!U3 -> 0 | AC31: ='21'!V3 -> 11 | AD31: ='21'!W3 -> 0 | AE31: =AF31 -> 0 | AF31: ='21'!X3 -> 0 | AG31: ='21'!B4 -> 5 | AH31: ='21'!C4 -> 4 | AI31: ='21'!D4 -> 0.8 | AJ31: ='21'!A7 -> 0 | AK31: ='21'!B7 -> 2 | AL31: ='21'!C7 -> 0.2 | AM31: ='21'!D7 -> 0.52380952 | AN31: ='21'!G6 -> 0 | AO31: ='21'!G7 -> 20 | AP31: ='21'!G8 -> 1
A32: 22 | B32: Архитектурные интерьеры. Центр информирования населения (ЦИН). Отделочные чертежи | C32: АИ | D32: Д1729436/22-0-1-9-АИ3 | E32: Кураева Е. Шалаева О. | F32: 08.08.2023 03.05.2024 | G32: согласовано | H32: 45448 | I32: 2 | J32: =K32+T32+V32+Z32+AE32 -> 15 | K32: =SUM(L32:S32) -> 0 | L32: ='22'!H3 -> 0 | M32: ='22'!I3 -> 0 | N32: ='22'!J3 -> 0 | O32: ='22'!L3 -> 0 | P32: ='22'!K3 -> 0 | Q32: ='22'!M3 -> 0 | R32: ='22'!N3 -> 0 | S32: ='22'!O3 -> 0 | T32: =U32 -> 0 | U32: ='22'!P3 -> 0 | V32: =SUM(W32:Y32) -> 2 | W32: ='22'!Q3 -> 1 | X32: ='22'!R3 -> 1 | Y32: ='22'!S3 -> 0 | Z32: =SUM(AA32:AD32) -> 13 | AA32: ='22'!T3 -> 0 | AB32: ='22'!U3 -> 5 | AC32: ='22'!V3 -> 8 | AD32: ='22'!W3 -> 0 | AE32: =AF32 -> 0 | AF32: ='22'!X3 -> 0 | AG32: ='22'!B4 -> 10 | AH32: ='22'!C4 -> 6 | AI32: ='22'!D4 -> 0.6 | AJ32: ='22'!A7 -> 0 | AK32: ='22'!B7 -> 0.4 | AL32: ='22'!C7 -> 0.7 | AM32: ='22'!D7 -> 0.73333333 | AN32: ='22'!G6 -> 0 | AO32: ='22'!G7 -> 8 | AP32: ='22'!G8 -> 7
A33: 23 | B33: Корпус 1. Секции 1-9. Кровля | C33: АР | D33: 1190-01-1-9-АР10 рев.В, рев.С 148-0721-ОК-1-0-1-1..9-АР10 | E33: Милявская А. | F33: 15.08.23 29.09.23 26.10.23 14.03.24 | G33: согласовано | H33: 45390 | I33: 4 | J33: =K33+T33+V33+Z33+AE33 -> 44 | K33: =SUM(L33:S33) -> 6 | L33: ='23'!H3 -> 6 | M33: ='23'!I3 -> 0 | N33: ='23'!J3 -> 0 | O33: ='23'!L3 -> 0 | P33: ='23'!K3 -> 0 | Q33: ='23'!M3 -> 0 | R33: ='23'!N3 -> 0 | S33: ='23'!O3 -> 0 | T33: =U33 -> 0 | U33: ='23'!P3 -> 0 | V33: =SUM(W33:Y33) -> 0 | W33: ='23'!Q3 -> 0 | X33: ='23'!R3 -> 0 | Y33: ='23'!S3 -> 0 | Z33: =SUM(AA33:AD33) -> 37 | AA33: ='23'!T3 -> 3 | AB33: ='23'!U3 -> 1 | AC33: ='23'!V3 -> 33 | AD33: ='23'!W3 -> 0 | AE33: =AF33 -> 1 | AF33: ='23'!X3 -> 1 | AG33: ='23'!B4 -> 10 | AH33: ='23'!C4 -> 10 | AI33: ='23'!D4 -> 1 | AJ33: ='23'!A7 -> 0 | AK33: ='23'!B7 -> 1.8 | AL33: ='23'!C7 -> 0.8 | AM33: ='23'!D7 -> 0.59090909 | AN33: ='23'!G6 -> 0 | AO33: ='23'!G7 -> 36 | AP33: ='23'!G8 -> 8
A34: 24 | B34: Устройство рампы | C34: АР | D34: 1190-01-02-АР0.7 Рев.А | E34: Милявская А. | F34: 45187 | G34: согласовано | H34: 45232 | I34: 1 | J34: =K34+T34+V34+Z34+AE34 -> 4 | K34: =SUM(L34:S34) -> 0 | L34: ='24'!H3 -> 0 | M34: ='24'!I3 -> 0 | N34: ='24'!J3 -> 0 | O34: ='24'!L3 -> 0 | P34: ='24'!K3 -> 0 | Q34: ='24'!M3 -> 0 | R34: ='24'!N3 -> 0 | S34: ='24'!O3 -> 0 | T34: =U34 -> 0 | U34: ='24'!P3 -> 0 | V34: =SUM(W34:Y34) -> 0 | W34: ='24'!Q3 -> 0 | X34: ='24'!R3 -> 0 | Y34: ='24'!S3 -> 0 | Z34: =SUM(AA34:AD34) -> 4 | AA34: ='24'!T3 -> 0 | AB34: ='24'!U3 -> 0 | AC34: ='24'!V3 -> 4 | AD34: ='24'!W3 -> 0 | AE34: =AF34 -> 0 | AF34: ='24'!X3 -> 0 | AG34: ='24'!B4 -> 2 | AH34: ='24'!C4 -> 2 | AI34: ='24'!D4 -> 1 | AJ34: ='24'!A7 -> 0 | AK34: ='24'!B7 -> 1 | AL34: ='24'!C7 -> 0 | AM34: ='24'!D7 -> 0.5 | AN34: ='24'!G6 -> 0 | AO34: ='24'!G7 -> 4 | AP34: ='24'!G8 -> 0
A35: 25 | B35: Корпус 1. Секции 1-9. Элементы заполнения проемов. Двери, окна. (оконные/балконные блоки) | C35: АР | D35: 1190-01-1-9-АР4.3 Рев.А, рев.В | E35: Милявская А. | F35: 45188 | G35: согласовано | H35: 45198 | I35: 1 | J35: =K35+T35+V35+Z35+AE35 -> 8 | K35: =SUM(L35:S35) -> 3 | L35: ='25'!H3 -> 3 | M35: ='25'!I3 -> 0 | N35: ='25'!J3 -> 0 | O35: ='25'!L3 -> 0 | P35: ='25'!K3 -> 0 | Q35: ='25'!M3 -> 0 | R35: ='25'!N3 -> 0 | S35: ='25'!O3 -> 0 | T35: =U35 -> 0 | U35: ='25'!P3 -> 0 | V35: =SUM(W35:Y35) -> 3 | W35: ='25'!Q3 -> 3 | X35: ='25'!R3 -> 0 | Y35: ='25'!S3 -> 0 | Z35: =SUM(AA35:AD35) -> 2 | AA35: ='25'!T3 -> 0 | AB35: ='25'!U3 -> 0 | AC35: ='25'!V3 -> 2 | AD35: ='25'!W3 -> 0 | AE35: =AF35 -> 0 | AF35: ='25'!X3 -> 0 | AG35: ='25'!B4 -> 12 | AH35: ='25'!C4 -> 11 | AI35: ='25'!D4 -> 0.91666667 | AJ35: ='25'!A7 -> 0 | AK35: ='25'!B7 -> 0.25 | AL35: ='25'!C7 -> 0.16666667 | AM35: ='25'!D7 -> 0.625 | AN35: ='25'!G6 -> 0 | AO35: ='25'!G7 -> 6 | AP35: ='25'!G8 -> 2
A36: 26 | B36: Лифты. Корпус 2 | C36: АР | D36: 148-0721-ОК-1-0-2-10..19-АР6 | E36: Милявская А. | F36: 26.10.23 31.10.23 02.11.23 | G36: согласовано | H36: 45233 | I36: 3 | J36: =K36+T36+V36+Z36+AE36 -> 13 | K36: =SUM(L36:S36) -> 0 | L36: ='26'!H3 -> 0 | M36: ='26'!I3 -> 0 | N36: ='26'!J3 -> 0 | O36: ='26'!L3 -> 0 | P36: ='26'!K3 -> 0 | Q36: ='26'!M3 -> 0 | R36: ='26'!N3 -> 0 | S36: ='26'!O3 -> 0 | T36: =U36 -> 0 | U36: ='26'!P3 -> 0 | V36: =SUM(W36:Y36) -> 1 | W36: ='26'!Q3 -> 1 | X36: ='26'!R3 -> 0 | Y36: ='26'!S3 -> 0 | Z36: =SUM(AA36:AD36) -> 12 | AA36: ='26'!T3 -> 0 | AB36: ='26'!U3 -> 0 | AC36: ='26'!V3 -> 12 | AD36: ='26'!W3 -> 0 | AE36: =AF36 -> 0 | AF36: ='26'!X3 -> 0 | AG36: ='26'!B4 -> 13 | AH36: ='26'!C4 -> 4 | AI36: ='26'!D4 -> 0.30769231 | AJ36: ='26'!A7 -> 0.061538462 | AK36: ='26'!B7 -> 0.30769231 | AL36: ='26'!C7 -> 0.076923077 | AM36: ='26'!D7 -> 0.44615385 | AN36: ='26'!G6 -> 4 | AO36: ='26'!G7 -> 8 | AP36: ='26'!G8 -> 1
A37: 27 | B37: Корпус 2. Секции 10-13. Кладочные планы стен и перегородок 1-го этажа | C37: АР | D37: 148-0721-ОК-1-0-2-10..13-АР2.1 | E37: Милявская А. | F37: 31.10.23 27.12.23 | G37: согласовано | H37: 45302 | I37: 2 | J37: =K37+T37+V37+Z37+AE37 -> 21 | K37: =SUM(L37:S37) -> 5 | L37: ='27'!H3 -> 5 | M37: ='27'!I3 -> 0 | N37: ='27'!J3 -> 0 | O37: ='27'!L3 -> 0 | P37: ='27'!K3 -> 0 | Q37: ='27'!M3 -> 0 | R37: ='27'!N3 -> 0 | S37: ='27'!O3 -> 0 | T37: =U37 -> 0 | U37: ='27'!P3 -> 0 | V37: =SUM(W37:Y37) -> 0 | W37: ='27'!Q3 -> 0 | X37: ='27'!R3 -> 0 | Y37: ='27'!S3 -> 0 | Z37: =SUM(AA37:AD37) -> 15 | AA37: ='27'!T3 -> 0 | AB37: ='27'!U3 -> 0 | AC37: ='27'!V3 -> 15 | AD37: ='27'!W3 -> 0 | AE37: =AF37 -> 1 | AF37: ='27'!X3 -> 1 | AG37: ='27'!B4 -> 7 | AH37: ='27'!C4 -> 7 | AI37: ='27'!D4 -> 1 | AJ37: ='27'!A7 -> 0 | AK37: ='27'!B7 -> 1.5 | AL37: ='27'!C7 -> 0 | AM37: ='27'!D7 -> 0.5 | AN37: ='27'!G6 -> 0 | AO37: ='27'!G7 -> 21 | AP37: ='27'!G8 -> 0
A38: 28 | B38: Корпус 2. Секции 10-13. Кладочные планы стен и перегородок 2-16го этажа | C38: АР | D38: 1190-02-10-13-АР2.2 рев. А от 03.10.23 | E38: Шалаева О. | F38: 01.11.23 16.01.24 29.01.24 | G38: согласовано | H38: 45329 | I38: 3 | J38: =K38+T38+V38+Z38+AE38 -> 16 | K38: =SUM(L38:S38) -> 0 | L38: ='28'!H3 -> 0 | M38: ='28'!I3 -> 0 | N38: ='28'!J3 -> 0 | O38: ='28'!L3 -> 0 | P38: ='28'!K3 -> 0 | Q38: ='28'!M3 -> 0 | R38: ='28'!N3 -> 0 | S38: ='28'!P3 -> 0 | T38: =U38 -> 7 | U38: ='28'!Q3 -> 7 | V38: =SUM(W38:Y38) -> 0 | W38: ='28'!R3 -> 0 | X38: ='28'!S3 -> 0 | Y38: ='28'!T3 -> 0 | Z38: =SUM(AA38:AD38) -> 9 | AA38: ='28'!U3 -> 0 | AB38: ='28'!V3 -> 0 | AC38: ='28'!W3 -> 9 | AD38: ='28'!X3 -> 0 | AE38: =AF38 -> 0 | AF38: ='28'!Y3 -> 0 | AG38: ='28'!B4 -> 6 | AH38: ='28'!C4 -> 5 | AI38: ='28'!D4 -> 0.83333333 | AJ38: ='28'!A7 -> 0 | AK38: ='28'!B7 -> 0.91666667 | AL38: ='28'!C7 -> 0.83333333 | AM38: ='28'!D7 -> 0.65625 | AN38: ='28'!G6 -> 0 | AO38: ='28'!G7 -> 11 | AP38: ='28'!G8 -> 5
A39: 29 | B39: Корпус 2. Секции 10-19. Элементы заполнения проемов. Двери. Окна | C39: АР | D39: 148-0721-ОК-1-0-2- 10...19 - АР4 .3 рев.А от 25.10.23 рев.А от 10.11.23 (Префаб) | E39: Шалаева О. | F39: без замечаний | G39: согласовано | H39: 01.11.23 17.11.23 20.11.23 | I39: 2 | J39: =K39+T39+V39+Z39+AE39 -> 0 | K39: =SUM(L39:S39) -> 0 | L39: ='29'!H3 -> 0 | M39: ='29'!I3 -> 0 | N39: ='29'!J3 -> 0 | O39: ='29'!L3 -> 0 | P39: ='29'!K3 -> 0 | Q39: ='29'!M3 -> 0 | R39: ='29'!N3 -> 0 | S39: ='29'!O3 -> 0 | T39: =U39 -> 0 | U39: ='29'!P3 -> 0 | V39: =SUM(W39:Y39) -> 0 | W39: ='29'!Q3 -> 0 | X39: ='29'!R3 -> 0 | Y39: ='29'!S3 -> 0 | Z39: =SUM(AA39:AD39) -> 0 | AA39: ='29'!T3 -> 0 | AB39: ='29'!U3 -> 0 | AC39: ='29'!V3 -> 0 | AD39: ='29'!W3 -> 0 | AE39: =AF39 -> 0 | AF39: ='29'!X3 -> 0
A40: 30 | B40: Корпус 2. Секции 10-19. Элементы заполнения проемов типового этажа. Светопрозрачные конструкции | C40: АР | D40: 148-0721-ОК-1-0-2-10..19-АР4.2 02.11.23, 26.12.23, 28.12.23, 29.12.23 | E40: Милявская А. | F40: 02.11.23 26.12.23 28.12.23 | G40: согласовано | H40: 45289 | I40: 3 | J40: =K40+T40+V40+Z40+AE40 -> 7 | K40: =SUM(L40:S40) -> 2 | L40: ='30'!H3 -> 2 | M40: ='30'!I3 -> 0 | N40: ='30'!J3 -> 0 | O40: ='30'!L3 -> 0 | P40: ='30'!K3 -> 0 | Q40: ='30'!M3 -> 0 | R40: ='30'!N3 -> 0 | S40: ='30'!O3 -> 0 | T40: =U40 -> 0 | U40: ='30'!P3 -> 0 | V40: =SUM(W40:Y40) -> 1 | W40: ='30'!Q3 -> 1 | X40: ='30'!R3 -> 0 | Y40: ='30'!S3 -> 0 | Z40: =SUM(AA40:AD40) -> 4 | AA40: ='30'!T3 -> 0 | AB40: ='30'!U3 -> 0 | AC40: ='30'!V3 -> 4 | AD40: ='30'!W3 -> 0 | AE40: =AF40 -> 0 | AF40: ='30'!X3 -> 0 | AG40: ='30'!B4 -> 34 | AH40: ='30'!C4 -> 33 | AI40: ='30'!D4 -> 0.97058824 | AJ40: ='30'!A7 -> 0 | AK40: ='30'!B7 -> 0.10294118 | AL40: ='30'!C7 -> 0 | AM40: ='30'!D7 -> 0.5 | AN40: ='30'!G6 -> 0 | AO40: ='30'!G7 -> 7 | AP40: ='30'!G8 -> 0
A41: 31 | B41: Корпус 2. Секции 14-16. Кладочные планы стен и перегородок 1-го этажа | C41: АР | D41: 148-0721-ОК-1-0-2-14..16-АР2.1 | E41: Милявская А. | F41: 03.11.23 28.12.23 | G41: согласовано | H41: 45302 | I41: 2 | J41: =K41+T41+V41+Z41+AE41 -> 17 | K41: =SUM(L41:S41) -> 5 | L41: ='31'!H3 -> 5 | M41: ='31'!I3 -> 0 | N41: ='31'!J3 -> 0 | O41: ='31'!L3 -> 0 | P41: ='31'!K3 -> 0 | Q41: ='31'!M3 -> 0 | R41: ='31'!N3 -> 0 | S41: ='31'!O3 -> 0 | T41: =U41 -> 0 | U41: ='31'!P3 -> 0 | V41: =SUM(W41:Y41) -> 0 | W41: ='31'!Q3 -> 0 | X41: ='31'!R3 -> 0 | Y41: ='31'!S3 -> 0 | Z41: =SUM(AA41:AD41) -> 11 | AA41: ='31'!T3 -> 0 | AB41: ='31'!U3 -> 0 | AC41: ='31'!V3 -> 11 | AD41: ='31'!W3 -> 0 | AE41: =AF41 -> 1 | AF41: ='31'!X3 -> 1 | AG41: ='31'!B4 -> 6 | AH41: ='31'!C4 -> 6 | AI41: ='31'!D4 -> 1 | AJ41: ='31'!A7 -> 0 | AK41: ='31'!B7 -> 1.4166667 | AL41: ='31'!C7 -> 0 | AM41: ='31'!D7 -> 0.5 | AN41: ='31'!G6 -> 0 | AO41: ='31'!G7 -> 17 | AP41: ='31'!G8 -> 0
A42: 32 | B42: Корпус 2. Секции 10-19. Кровля | C42: АР | D42: 148-0721-ОК-1-0-2-10..19-АР10 | E42: Милявская А. | F42: 45237 | G42: согласовано | H42: 06,05,24 | I42: 1 | J42: =K42+T42+V42+Z42+AE42 -> 22 | K42: =SUM(L42:S42) -> 0 | L42: ='32'!H3 -> 0 | M42: ='32'!I3 -> 0 | N42: ='32'!J3 -> 0 | O42: ='32'!L3 -> 0 | P42: ='32'!K3 -> 0 | Q42: ='32'!M3 -> 0 | R42: ='32'!N3 -> 0 | S42: ='32'!O3 -> 0 | T42: =U42 -> 0 | U42: ='32'!P3 -> 0 | V42: =SUM(W42:Y42) -> 0 | W42: ='32'!Q3 -> 0 | X42: ='32'!R3 -> 0 | Y42: ='32'!S3 -> 0 | Z42: =SUM(AA42:AD42) -> 22 | AA42: ='32'!T3 -> 3 | AB42: ='32'!U3 -> 0 | AC42: ='32'!V3 -> 19 | AD42: ='32'!W3 -> 0 | AE42: =AF42 -> 0 | AF42: ='32'!X3 -> 0 | AG42: ='32'!B4 -> 8 | AH42: ='32'!C4 -> 8 | AI42: ='32'!D4 -> 1 | AJ42: ='32'!A7 -> 0 | AK42: ='32'!B7 -> 1.1875 | AL42: ='32'!C7 -> 0.375 | AM42: ='32'!D7 -> 0.56818182 | AN42: ='32'!G6 -> 0 | AO42: ='32'!G7 -> 19 | AP42: ='32'!G8 -> 3
A43: 33 | B43: Технологические решения подземной автостоянки | C43: ТХ | D43: 148-0721-ОК-1-0-1,2-1..19-ТХ1 | E43: Милявская А. Шалаева О.В. | F43: 09.11.23 23.11.23 | G43: согласовано | H43: 45261 | I43: 2 | J43: =K43+T43+V43+Z43+AE43 -> 13 | K43: =SUM(L43:S43) -> 1 | L43: ='33'!H3 -> 1 | M43: ='33'!I3 -> 0 | N43: ='33'!J3 -> 0 | O43: ='33'!L3 -> 0 | P43: ='33'!K3 -> 0 | Q43: ='33'!M3 -> 0 | R43: ='33'!N3 -> 0 | S43: ='33'!O3 -> 0 | T43: =U43 -> 0 | U43: ='33'!P3 -> 0 | V43: =SUM(W43:Y43) -> 1 | W43: ='33'!Q3 -> 0 | X43: ='33'!R3 -> 1 | Y43: ='33'!S3 -> 0 | Z43: =SUM(AA43:AD43) -> 11 | AA43: ='33'!T3 -> 3 | AB43: ='33'!U3 -> 2 | AC43: ='33'!V3 -> 6 | AD43: ='33'!W3 -> 0 | AE43: =AF43 -> 0 | AF43: ='33'!X3 -> 0 | AG43: ='33'!B4 -> 3 | AH43: ='33'!C4 -> 3 | AI43: ='33'!D4 -> 1 | AJ43: ='33'!A7 -> 0 | AK43: ='33'!B7 -> 1.6666667 | AL43: ='33'!C7 -> 1 | AM43: ='33'!D7 -> 0.61538462 | AN43: ='33'!G6 -> 0 | AO43: ='33'!G7 -> 10 | AP43: ='33'!G8 -> 3
A44: 34 | B44: Расположение адресных указателей | C44: АР | D44: лист в dwg | E44: Милявская А. | F44: 45240 | G44: выданы замечания | I44: 0 | J44: =K44+T44+V44+Z44+AE44 -> 0 | K44: =SUM(L44:S44) -> 0 | T44: =U44 -> 0 | V44: =SUM(W44:Y44) -> 0 | Z44: =SUM(AA44:AD44) -> 0 | AE44: =AF44 -> 0
A45: 35 | B45: Технологические решения мусороудаления | C45: АР | D45: 148-0721-ОК-1-0-1,2-1..19-М | E45: Иванов СВ | F45: 17.11.23 12.12.23 | G45: повторные замечания | I45: 1 | J45: =K45+T45+V45+Z45+AE45 -> 20 | K45: =SUM(L45:S45) -> 0 | L45: ='35'!H3 -> 0 | M45: ='35'!I3 -> 0 | N45: ='35'!J3 -> 0 | O45: ='35'!L3 -> 0 | P45: ='35'!K3 -> 0 | Q45: ='35'!M3 -> 0 | R45: ='35'!N3 -> 0 | S45: ='35'!O3 -> 0 | T45: =U45 -> 0 | U45: ='35'!P3 -> 0 | V45: =SUM(W45:Y45) -> 10 | W45: ='35'!Q3 -> 0 | X45: ='35'!R3 -> 10 | Y45: ='35'!S3 -> 0 | Z45: =SUM(AA45:AD45) -> 10 | AA45: ='35'!T3 -> 3 | AB45: ='35'!U3 -> 0 | AC45: ='35'!V3 -> 7 | AD45: ='35'!W3 -> 0 | AE45: =AF45 -> 0 | AF45: ='35'!X3 -> 0 | AG45: ='35'!B4 -> 16 | AH45: ='35'!C4 -> 10 | AI45: ='35'!D4 -> 0.625 | AJ45: ='35'!A7 -> 0.025 | AK45: ='35'!B7 -> 0.40625 | AL45: ='35'!C7 -> 0.3125 | AM45: ='35'!D7 -> 0.595 | AN45: ='35'!G6 -> 2 | AO45: ='35'!G7 -> 13 | AP45: ='35'!G8 -> 5
A46: 36 | B46: Технологические решения центра информирования населения | C46: ТХ | D46: 148-0721-ОК-1-0-1,2-1..19-ТХ4 | E46: Иванов СВ | F46: 17.11.23 06.12.23 | G46: согласовано | H46: 45267 | I46: 1 | J46: =K46+T46+V46+Z46+AE46 -> 5 | K46: =SUM(L46:S46) -> 0 | L46: ='36'!H3 -> 0 | M46: ='36'!I3 -> 0 | N46: ='36'!J3 -> 0 | O46: ='36'!L3 -> 0 | P46: ='36'!K3 -> 0 | Q46: ='36'!M3 -> 0 | R46: ='36'!N3 -> 0 | S46: ='36'!P3 -> 0 | T46: =U46 -> 0 | U46: ='36'!Q3 -> 0 | V46: =SUM(W46:Y46) -> 0 | W46: ='36'!R3 -> 0 | X46: ='36'!S3 -> 0 | Y46: ='36'!T3 -> 0 | Z46: =SUM(AA46:AD46) -> 5 | AA46: ='36'!U3 -> 1 | AB46: ='36'!V3 -> 0 | AC46: ='36'!W3 -> 4 | AD46: ='36'!X3 -> 0 | AE46: =AF46 -> 0 | AF46: ='36'!Y3 -> 0 | AG46: ='36'!B4 -> 3 | AH46: ='36'!C4 -> 2 | AI46: ='35'!D4 -> 0.625 | AJ46: ='36'!A7 -> 0.066666667 | AK46: ='36'!B7 -> 0.66666667 | AL46: ='36'!C7 -> 0 | AM46: ='36'!D7 -> 0.44 | AN46: ='36'!G6 -> 1 | AO46: ='36'!G7 -> 4 | AP46: ='36'!G8 -> 0
A47: 37 | B47: Корпус 1. Секции 1-9. Элементы заполнения проемов. Двери, окна. (оконные/балконные блоки) | C47: АР | D47: 148-0721-ОК-1-0-1-1.9-АР4.3 рев.А от 10.11.23 | E47: Шалаева О.В. | F47: без замечаний | G47: согласовано | H47: 17.11.23 20.11.23 | I47: 0 | J47: =K47+T47+V47+Z47+AE47 -> 0 | K47: =SUM(L47:S47) -> 0 | T47: =U47 -> 0 | V47: =SUM(W47:Y47) -> 0 | Z47: =SUM(AA47:AD47) -> 0 | AE47: =AF47 -> 0
A48: 38 | B48: Корпус 1. Секции 1-3. Отделка помещений 2-16го этажа | C48: АР | D48: 148-0721-ОК-1-0-1-1..3-АР3.2 | E48: Милявская А. | F48: 27.11.23 27.02.24 | G48: согласовано | H48: 45358 | I48: 2 | J48: =K48+T48+V48+Z48+AE48 -> 49 | K48: =SUM(L48:S48) -> 5 | L48: ='38'!H3 -> 5 | M48: ='38'!I3 -> 0 | N48: ='38'!J3 -> 0 | O48: ='38'!L3 -> 0 | P48: ='38'!K3 -> 0 | Q48: ='38'!M3 -> 0 | R48: ='38'!N3 -> 0 | S48: ='38'!O3 -> 0 | T48: =U48 -> 0 | U48: ='38'!P3 -> 0 | V48: =SUM(W48:Y48) -> 0 | W48: ='38'!Q3 -> 0 | X48: ='38'!R3 -> 0 | Y48: ='38'!S3 -> 0 | Z48: =SUM(AA48:AD48) -> 41 | AA48: ='38'!T3 -> 0 | AB48: ='38'!U3 -> 0 | AC48: ='38'!V3 -> 41 | AD48: ='38'!W3 -> 0 | AE48: =AF48 -> 3 | AF48: ='38'!X3 -> 3 | AG48: ='38'!B4 -> 7 | AH48: ='38'!C4 -> 7 | AI48: ='38'!D4 -> 1 | AJ48: ='38'!A7 -> 0 | AK48: ='38'!B7 -> 3.5 | AL48: ='38'!C7 -> 0 | AM48: ='38'!D7 -> 0.5 | AN48: ='38'!G6 -> 0 | AO48: ='38'!G7 -> 49 | AP48: ='38'!G8 -> 0
A49: 39 | B49: Корпус 1. Секции 4-6. Отделка помещений 2-16го этажа | C49: АР | D49: 148-0721-ОК-1-0-1-4..6-АР3.2 | E49: Милявская А. | F49: 28.11.23 27.02.24 | G49: согласовано | H49: 45362 | I49: 2 | J49: =K49+T49+V49+Z49+AE49 -> 26 | K49: =SUM(L49:S49) -> 3 | L49: ='39'!H3 -> 3 | M49: ='39'!I3 -> 0 | N49: ='39'!J3 -> 0 | O49: ='39'!L3 -> 0 | P49: ='39'!K3 -> 0 | Q49: ='39'!M3 -> 0 | R49: ='39'!N3 -> 0 | S49: ='39'!O3 -> 0 | T49: =U49 -> 0 | U49: ='39'!P3 -> 0 | V49: =SUM(W49:Y49) -> 0 | W49: ='39'!Q3 -> 0 | X49: ='39'!R3 -> 0 | Y49: ='39'!S3 -> 0 | Z49: =SUM(AA49:AD49) -> 21 | AA49: ='39'!T3 -> 0 | AB49: ='39'!U3 -> 0 | AC49: ='39'!V3 -> 21 | AD49: ='39'!W3 -> 0 | AE49: =AF49 -> 2 | AF49: ='39'!X3 -> 2 | AG49: ='39'!B4 -> 5 | AH49: ='39'!C4 -> 5 | AI49: ='39'!D4 -> 1 | AJ49: ='39'!A7 -> 0 | AK49: ='39'!B7 -> 2.6 | AL49: ='39'!C7 -> 0 | AM49: ='39'!D7 -> 0.5 | AN49: ='39'!G6 -> 0 | AO49: ='39'!G7 -> 26 | AP49: ='39'!G8 -> 0
A50: 40 | B50: Корпус 1. Секции 7-9. Отделка помещений 2-16го этажа | C50: АР | D50: 148-0721-ОК-1-0-1-7..9-АР3.2 | E50: Милявская А. | F50: 29.11.23 27.02.24 | G50: согласовано | H50: 45362 | I50: 2 | J50: =K50+T50+V50+Z50+AE50 -> 53 | K50: =SUM(L50:S50) -> 6 | L50: ='40'!H3 -> 6 | M50: ='40'!I3 -> 0 | N50: ='40'!J3 -> 0 | O50: ='40'!L3 -> 0 | P50: ='40'!K3 -> 0 | Q50: ='40'!M3 -> 0 | R50: ='40'!N3 -> 0 | S50: ='40'!O3 -> 0 | T50: =U50 -> 0 | U50: ='40'!P3 -> 0 | V50: =SUM(W50:Y50) -> 0 | W50: ='40'!Q3 -> 0 | X50: ='40'!R3 -> 0 | Y50: ='40'!S3 -> 0 | Z50: =SUM(AA50:AD50) -> 46 | AA50: ='40'!T3 -> 0 | AB50: ='40'!U3 -> 0 | AC50: ='40'!V3 -> 46 | AD50: ='40'!W3 -> 0 | AE50: =AF50 -> 1 | AF50: ='40'!X3 -> 1 | AG50: ='40'!B4 -> 10 | AH50: ='40'!C4 -> 10 | AI50: ='40'!D4 -> 1 | AJ50: ='40'!A7 -> 0 | AK50: ='40'!B7 -> 2.65 | AL50: ='40'!C7 -> 0 | AM50: ='40'!D7 -> 0.5 | AN50: ='40'!G6 -> 0 | AO50: ='40'!G7 -> 53 | AP50: ='40'!G8 -> 0
A51: 41 | B51: Корпус 1. Секции 1-9. Лестницы и ограждения | C51: АР | D51: 148-0721-ОК-1-0-1-1..9-АР5 | E51: Иванов СВ | F51: 45279 | G51: согласовано | H51: 45308 | I51: 1 | J51: =K51+T51+V51+Z51+AE51 -> 13 | K51: =SUM(L51:S51) -> 0 | L51: ='41'!I3 -> 0 | M51: ='41'!I3 -> 0 | N51: ='41'!J3 -> 0 | O51: ='41'!L3 -> 0 | P51: ='41'!K3 -> 0 | Q51: ='41'!M3 -> 0 | R51: ='41'!N3 -> 0 | S51: ='41'!O3 -> 0 | T51: =U51 -> 4 | U51: ='41'!P3 -> 4 | V51: =SUM(W51:Y51) -> 3 | W51: ='41'!Q3 -> 0 | X51: ='41'!R3 -> 3 | Y51: ='41'!S3 -> 0 | Z51: =SUM(AA51:AD51) -> 6 | AA51: ='41'!T3 -> 2 | AB51: ='41'!U3 -> 1 | AC51: ='41'!V3 -> 2 | AD51: ='41'!W3 -> 1 | AE51: =AF51 -> 0 | AF51: ='41'!X3 -> 0 | AG51: ='41'!B4 -> 12 | AH51: ='41'!C4 -> 11 | AI51: ='41'!D4 -> 0.91666667 | AJ51: ='41'!A7 -> 0.016666667 | AK51: ='41'!B7 -> 0.20833333 | AL51: ='41'!C7 -> 0.58333333 | AM51: ='41'!D7 -> 0.74615385 | AN51: ='41'!G6 -> 1 | AO51: ='41'!G7 -> 5 | AP51: ='41'!G8 -> 7
A52: 42 | B52: Корпус 2. Секции 10-19. Лестницы и ограждения | C52: АР | D52: 148-0721-ОК-1-0-2-10..19-АР5 | E52: Иванов СВ | F52: 45279 | G52: согласовано | H52: 45308 | I52: 1 | J52: =K52+T52+V52+Z52+AE52 -> 10 | K52: =SUM(L52:S52) -> 0 | L52: ='42'!I3 -> 0 | M52: ='42'!I3 -> 0 | N52: ='42'!J3 -> 0 | O52: ='42'!L3 -> 0 | P52: ='42'!K3 -> 0 | Q52: ='42'!M3 -> 0 | R52: ='42'!N3 -> 0 | S52: ='42'!O3 -> 0 | T52: =U52 -> 4 | U52: ='42'!P3 -> 4 | V52: =SUM(W52:Y52) -> 2 | W52: ='42'!Q3 -> 0 | X52: ='42'!R3 -> 2 | Y52: ='42'!S3 -> 0 | Z52: =SUM(AA52:AD52) -> 4 | AA52: ='42'!T3 -> 1 | AB52: ='42'!U3 -> 1 | AC52: ='42'!V3 -> 1 | AD52: ='42'!W3 -> 1 | AE52: =AF52 -> 0 | AF52: ='42'!X3 -> 0 | AG52: ='42'!B4 -> 13 | AH52: ='42'!AI52 -> 0 | AI52: ='42'!D4 -> 0.84615385 | AJ52: ='42'!A7 -> 0.015384615 | AK52: ='42'!B7 -> 0.11538462 | AL52: ='42'!C7 -> 0.46153846 | AM52: ='42'!D7 -> 0.77 | AN52: ='42'!G6 -> 1 | AO52: ='42'!G7 -> 3 | AP52: ='40'!G8 -> 0
A53: 43 | B53: Корпус 1. Секции 1-9. Архитектурные планы | C53: АР | D53: 148-0721-ОК-1-0-1-1..9-АР1 | G53: в плане | I53: 0 | J53: =K53+T53+V53+Z53+AE53 -> 0 | K53: =SUM(L53:S53) -> 0 | T53: =U53 -> 0 | V53: =SUM(W53:Y53) -> 0 | Z53: =SUM(AA53:AD53) -> 0 | AE53: =AF53 -> 0
A54: 44 | B54: Корпус 2. Секции 10-19. Архитектурные планы | C54: АР | D54: 148-0721-ОК-1-0-2-10..19-АР1 | G54: в плане | I54: 0 | J54: =K54+T54+V54+Z54+AE54 -> 0 | K54: =SUM(L54:S54) -> 0 | T54: =U54 -> 0 | V54: =SUM(W54:Y54) -> 0 | Z54: =SUM(AA54:AD54) -> 0 | AE54: =AF54 -> 0
A55: 45 | B55: Корпус 2. Секции 10-13. Отделка помещений 2-16го этажа | C55: АР | D55: 148-0721-ОК-1-0-2-10..13-АР3.2 | E55: Милявская АА | F55: 45366 | G55: согласовано | H55: 45390 | I55: 1 | J55: =K55+T55+V55+Z55+AE55 -> 23 | K55: =SUM(L55:S55) -> 10 | L55: ='45'!H3 -> 10 | M55: ='45'!I3 -> 0 | N55: ='45'!J3 -> 0 | O55: ='45'!L3 -> 0 | P55: ='45'!K3 -> 0 | Q55: ='45'!M3 -> 0 | R55: ='45'!N3 -> 0 | S55: ='45'!O3 -> 0 | T55: =U55 -> 0 | U55: ='45'!P3 -> 0 | V55: =SUM(W55:Y55) -> 0 | W55: ='45'!Q3 -> 0 | X55: ='45'!R3 -> 0 | Y55: ='45'!S3 -> 0 | Z55: =SUM(AA55:AD55) -> 12 | AA55: ='45'!T3 -> 0 | AB55: ='45'!U3 -> 0 | AC55: ='45'!V3 -> 12 | AD55: ='45'!W3 -> 0 | AE55: =AF55 -> 1 | AF55: ='45'!X3 -> 1 | AG55: ='45'!B4 -> 6 | AH55: ='45'!C4 -> 6 | AI55: ='45'!D4 -> 1 | AJ55: ='45'!A7 -> 0.033333333 | AK55: ='45'!B7 -> 1.8333333 | AL55: ='45'!C7 -> 0 | AM55: ='45'!D7 -> 0.48695652 | AN55: ='45'!G6 -> 1 | AO55: ='45'!G7 -> 22 | AP55: ='45'!G8 -> 0
A56: 46 | B56: Корпус 2. Секции 14-16. Отделка помещений 2-16го этажа | C56: АР | D56: 148-0721-ОК-1-0-2-14..16-АР3.2 | E56: Милявская АА | F56: 45366 | G56: согласовано | H56: 45390 | I56: 1 | J56: =K56+T56+V56+Z56+AE56 -> 23 | K56: =SUM(L56:S56) -> 10 | L56: ='46'!H3 -> 10 | M56: ='46'!I3 -> 0 | N56: ='46'!J3 -> 0 | O56: ='46'!L3 -> 0 | P56: ='46'!K3 -> 0 | Q56: ='46'!M3 -> 0 | R56: ='46'!N3 -> 0 | S56: ='46'!O3 -> 0 | T56: =U56 -> 0 | U56: ='46'!P3 -> 0 | V56: =SUM(W56:Y56) -> 0 | W56: ='46'!Q3 -> 0 | X56: ='46'!R3 -> 0 | Y56: ='46'!S3 -> 0 | Z56: =SUM(AA56:AD56) -> 12 | AA56: ='46'!T3 -> 0 | AB56: ='46'!U3 -> 0 | AC56: ='46'!V3 -> 12 | AD56: ='46'!W3 -> 0 | AE56: =AF56 -> 1 | AF56: ='46'!X3 -> 1 | AG56: ='46'!B4 -> 6 | AH56: ='46'!C4 -> 6 | AI56: ='46'!D4 -> 1 | AJ56: ='46'!A7 -> 0.033333333 | AK56: ='46'!B7 -> 1.8333333 | AL56: ='46'!C7 -> 0 | AM56: ='46'!D7 -> 0.48695652 | AN56: ='46'!G6 -> 1 | AO56: ='46'!G7 -> 22 | AP56: ='46'!G8 -> 0
A57: 47 | B57: Корпус 2. Секции 17-19. Отделка помещений 2-16го этажа | C57: АР | D57: 148-0721-ОК-1-0-2-17..19-АР3.2 | E57: Милявская АА | F57: 45366 | G57: согласовано | H57: 45390 | I57: 1 | J57: =K57+T57+V57+Z57+AE57 -> 23 | K57: =SUM(L57:S57) -> 10 | L57: ='47'!H3 -> 10 | M57: ='47'!I3 -> 0 | N57: ='47'!J3 -> 0 | O57: ='47'!L3 -> 0 | P57: ='47'!K3 -> 0 | Q57: ='47'!M3 -> 0 | R57: ='47'!N3 -> 0 | S57: ='47'!O3 -> 0 | T57: =U57 -> 0 | U57: ='47'!P3 -> 0 | V57: =SUM(W57:Y57) -> 0 | W57: ='47'!Q3 -> 0 | X57: ='47'!R3 -> 0 | Y57: ='47'!S3 -> 0 | Z57: =SUM(AA57:AD57) -> 12 | AA57: ='47'!T3 -> 0 | AB57: ='47'!U3 -> 0 | AC57: ='47'!V3 -> 12 | AD57: ='47'!W3 -> 0 | AE57: =AF57 -> 1 | AF57: ='47'!X3 -> 1 | AG57: ='47'!B4 -> 6 | AH57: ='47'!C4 -> 6 | AI57: ='47'!D4 -> 1 | AJ57: ='47'!A7 -> 0.033333333 | AK57: ='47'!B7 -> 1.8333333 | AL57: ='47'!C7 -> 0 | AM57: ='47'!D7 -> 0.48695652 | AN57: ='47'!G6 -> 1 | AO57: ='47'!G7 -> 22 | AP57: ='47'!G8 -> 0
A58: 48 | B58: Архитектурные интерьеры. Отделочные чертежи МОП. Корпус 2. Секции 15-19 | C58: АИ | D58: 148-0721-ОК-1-0-2-15..19-АИ1.4 | E58: Милявская АА | F58: 02.04.24 19.06.24 | G58: повторные замечания | I58: 1 | J58: =K58+T58+V58+Z58+AE58 -> 41 | K58: =SUM(L58:S58) -> 21 | L58: ='48'!H3 -> 5 | M58: ='48'!I3 -> 0 | N58: ='48'!J3 -> 16 | O58: ='48'!L3 -> 0 | P58: ='48'!K3 -> 0 | Q58: ='48'!M3 -> 0 | R58: ='48'!N3 -> 0 | S58: ='48'!O3 -> 0 | T58: =U58 -> 0 | U58: ='48'!P3 -> 0 | V58: =SUM(W58:Y58) -> 0 | W58: ='48'!Q3 -> 0 | X58: ='48'!R3 -> 0 | Y58: ='48'!S3 -> 0 | Z58: =SUM(AA58:AD58) -> 20 | AA58: ='48'!T3 -> 0 | AB58: ='48'!U3 -> 3 | AC58: ='48'!V3 -> 17 | AD58: ='48'!W3 -> 0 | AE58: =AF58 -> 0 | AF58: ='48'!X3 -> 0 | AG58: ='48'!B4 -> 45 | AH58: ='48'!C4 -> 42 | AI58: ='48'!D4 -> 0.93333333 | AJ58: ='48'!A7 -> 0 | AK58: ='48'!B7 -> 0.38888889 | AL58: ='48'!C7 -> 0.022222222 | AM58: ='48'!D7 -> 0.51388889 | AN58: ='48'!G7 -> 35 | AO58: ='48'!G8 -> 1 | AP58: ='48'!G9 -> 0
A59: 49 | B59: Корпус 2. Секции 10-13. Отделка помещений 1го этажа | C59: АР | D59: 148-0721-ОК-1-0-2-10..13-АР3.1 | E59: Милявская АА | F59: 45387 | G59: выданы замечания | I59: 0 | J59: =K59+T59+V59+Z59+AE59 -> 34 | K59: =SUM(L59:S59) -> 19 | L59: ='49'!H3 -> 17 | M59: ='49'!I3 -> 0 | N59: ='49'!J3 -> 2 | O59: ='49'!L3 -> 0 | P59: ='49'!K3 -> 0 | Q59: ='49'!M3 -> 0 | R59: ='49'!N3 -> 0 | S59: ='49'!O3 -> 0 | T59: =U59 -> 0 | U59: ='49'!P3 -> 0 | V59: =SUM(W59:Y59) -> 1 | W59: ='49'!Q3 -> 1 | X59: ='49'!R3 -> 0 | Y59: ='49'!S3 -> 0 | Z59: =SUM(AA59:AD59) -> 13 | AA59: ='49'!T3 -> 0 | AB59: ='49'!U3 -> 2 | AC59: ='49'!V3 -> 11 | AD59: ='40'!W3 -> 0 | AE59: =AF59 -> 1 | AF59: ='49'!X3 -> 1 | AG59: ='49'!B4 -> 9 | AH59: ='49'!C4 -> 8 | AI59: ='49'!D4 -> 0.88888889 | AJ59: ='49'!A7 -> 0.022222222 | AK59: ='49'!B7 -> 1.7777778 | AL59: ='49'!C7 -> 0.11111111 | AM59: ='49'!D7 -> 0.50588235 | AN59: ='49'!G6 -> 1 | AO59: ='49'!G7 -> 32 | AP59: ='49'!G8 -> 1
A60: 50 | B60: Корпус 2. Секции 14-16. Отделка помещений 1го этажа | C60: АР | D60: 148-0721-ОК-1-0-2-14..16-АР3.1 | E60: Милявская АА | F60: 45387 | G60: выданы замечания | I60: 0 | J60: =K60+T60+V60+Z60+AE60 -> 34 | K60: =SUM(L60:S60) -> 19 | L60: ='50'!H3 -> 17 | M60: ='50'!I3 -> 0 | N60: ='50'!J3 -> 2 | O60: ='50'!L3 -> 0 | P60: ='50'!K3 -> 0 | Q60: ='50'!M3 -> 0 | R60: ='50'!N3 -> 0 | S60: ='50'!O3 -> 0 | T60: =U60 -> 0 | U60: ='50'!P3 -> 0 | V60: =SUM(W60:Y60) -> 1 | W60: ='50'!Q3 -> 1 | X60: ='50'!R3 -> 0 | Y60: ='50'!S3 -> 0 | Z60: =SUM(AA60:AD60) -> 13 | AA60: ='50'!T3 -> 0 | AB60: ='50'!U3 -> 2 | AC60: ='50'!V3 -> 11 | AD60: ='50'!W3 -> 0 | AE60: =AF60 -> 1 | AF60: ='50'!X3 -> 1 | AG60: ='50'!B4 -> 8 | AH60: ='50'!C4 -> 7 | AI60: ='50'!D4 -> 0.875 | AJ60: ='50'!A7 -> 0.025 | AK60: ='50'!B7 -> 2 | AL60: ='50'!C7 -> 0.125 | AM60: ='50'!D7 -> 0.50588235 | AN60: ='50'!G9 -> 0 | AO60: ='50'!G7 -> 32 | AP60: ='50'!G11 -> 0.2
A61: 51 | B61: Корпус 2. Секции 17-19. Отделка помещений 1го этажа | C61: АР | D61: 148-0721-ОК-1-0-2-17..19-АР3.1 | E61: Милявская АА | F61: 45387 | G61: выданы замечания | I61: 0 | J61: =K61+T61+V61+Z61+AE61 -> 35 | K61: =SUM(L61:S61) -> 19 | L61: ='51'!H3 -> 17 | M61: ='51'!I3 -> 0 | N61: ='51'!J3 -> 2 | O61: ='51'!L3 -> 0 | P61: ='51'!K3 -> 0 | Q61: ='51'!M3 -> 0 | R61: ='51'!N3 -> 0 | S61: ='51'!O3 -> 0 | T61: =U61 -> 0 | U61: ='51'!P3 -> 0 | V61: =SUM(W61:Y61) -> 1 | W61: ='51'!Q3 -> 1 | X61: ='51'!R3 -> 0 | Y61: ='51'!S3 -> 0 | Z61: =SUM(AA61:AD61) -> 15 | AA61: ='51'!T3 -> 0 | AB61: ='51'!U3 -> 2 | AC61: ='51'!V3 -> 13 | AD61: ='51'!W3 -> 0 | AE61: =AF61 -> 0 | AF61: ='51'!X3 -> 0 | AG61: ='51'!B4 -> 8 | AH61: ='51'!C4 -> 7 | AI61: ='51'!D4 -> 0.875 | AJ61: ='51'!A7 -> 0 | AK61: ='51'!B7 -> 2.125 | AL61: ='51'!C7 -> 0.125 | AM61: ='51'!D7 -> 0.51428571 | AN61: ='51'!G10 -> 0.5 | AO61: ='51'!G7 -> 34 | AP61: ='51'!G12 -> 0.5
A62: 52 | B62: Корпус 1. Секции 1-3. Отделка помещений 1го этажа | C62: АР | D62: 148-0721-ОК-1-0-1-1..3-АР3.1 | E62: Шалаева О.В. | F62: 45391 | G62: выданы замечания | I62: 0 | J62: =K62+T62+V62+Z62+AE62 -> 36 | K62: =SUM(L62:S62) -> 1 | L62: ='52'!H3 -> 1 | M62: ='52'!I3 -> 0 | N62: ='52'!J3 -> 0 | O62: ='52'!L3 -> 0 | P62: ='52'!K3 -> 0 | Q62: ='52'!M3 -> 0 | R62: ='52'!N3 -> 0 | S62: ='52'!O3 -> 0 | T62: =U62 -> 14 | U62: ='52'!P3 -> 14 | V62: =SUM(W62:Y62) -> 1 | W62: ='52'!Q3 -> 1 | X62: ='52'!R3 -> 0 | Y62: ='52'!S3 -> 0 | Z62: =SUM(AA62:AD62) -> 20 | AA62: ='52'!T3 -> 0 | AB62: ='52'!U3 -> 3 | AC62: ='52'!V3 -> 17 | AD62: ='52'!W3 -> 0 | AE62: =AF62 -> 0 | AF62: ='52'!X3 -> 0 | AG62: ='52'!B4 -> 9 | AH62: ='52'!AI4 -> 0 | AI62: ='52'!D4 -> 1 | AJ62: ='52'!A7 -> 0 | AK62: ='52'!B7 -> 0.94444444 | AL62: ='52'!C7 -> 2.1111111 | AM62: ='52'!D7 -> 0.76388889 | AN62: ='52'!G6 -> 0 | AO62: ='52'!G7 -> 17 | AP62: ='52'!G8 -> 19
A63: 53 | B63: Корпус 1. Секции 4-6. Отделка помещений 1го этажа | C63: АР | D63: 148-0721-ОК-1-0-1-4..6-АР3.1 | E63: Шалаева О.В. | F63: 45391 | G63: выданы замечания | I63: 0 | J63: =K63+T63+V63+Z63+AE63 -> 32 | K63: =SUM(L63:S63) -> 1 | L63: ='53'!H3 -> 1 | M63: ='53'!I3 -> 0 | N63: ='53'!J3 -> 0 | O63: ='53'!L3 -> 0 | P63: ='53'!K3 -> 0 | Q63: ='53'!M3 -> 0 | R63: ='53'!N3 -> 0 | S63: ='53'!O3 -> 0 | T63: =U63 -> 12 | U63: ='53'!P3 -> 12 | V63: =SUM(W63:Y63) -> 1 | W63: ='53'!Q3 -> 1 | X63: ='53'!R3 -> 0 | Y63: ='53'!S3 -> 0 | Z63: =SUM(AA63:AD63) -> 18 | AA63: ='53'!T3 -> 0 | AB63: ='53'!U3 -> 4 | AC63: ='53'!V3 -> 14 | AD63: ='53'!W3 -> 0 | AE63: =AF63 -> 0 | AF63: ='53'!X3 -> 0 | AG63: ='53'!B4 -> 8 | AH63: ='53'!AI4 -> 0 | AI63: ='53'!D4 -> 1 | AJ63: ='53'!A7 -> 0 | AK63: ='53'!B7 -> 0.875 | AL63: ='53'!C7 -> 2.25 | AM63: ='53'!D7 -> 0.78125 | AN63: ='53'!G6 -> 0 | AO63: ='53'!G7 -> 14 | AP63: ='53'!G8 -> 18
A64: 54 | B64: Корпус 1. Секции 7-9. Отделка помещений 1го этажа | C64: АР | D64: 148-0721-ОК-1-0-1-7..9-АР3.1 | E64: Шалаева О.В. | F64: 45391 | G64: выданы замечания | I64: 0 | J64: =K64+T64+V64+Z64+AE64 -> 31 | K64: =SUM(L64:S64) -> 3 | L64: ='54'!H3 -> 3 | M64: ='54'!I3 -> 0 | N64: ='54'!J3 -> 0 | O64: ='54'!L3 -> 0 | P64: ='54'!K3 -> 0 | Q64: ='54'!M3 -> 0 | R64: ='54'!N3 -> 0 | S64: ='54'!O3 -> 0 | T64: =U64 -> 11 | U64: ='54'!P3 -> 11 | V64: =SUM(W64:Y64) -> 0 | W64: ='54'!Q3 -> 0 | X64: ='54'!R3 -> 0 | Y64: ='54'!S3 -> 0 | Z64: =SUM(AA64:AD64) -> 17 | AA64: ='54'!T3 -> 0 | AB64: ='54'!U3 -> 2 | AC64: ='54'!V3 -> 15 | AD64: ='54'!W3 -> 0 | AE64: =AF64 -> 0 | AF64: ='54'!X3 -> 0 | AG64: ='54'!B4 -> 8 | AH64: ='54'!AI4 -> 0 | AI64: ='54'!D4 -> 1 | AJ64: ='54'!A7 -> 0 | AK64: ='54'!B7 -> 0.9375 | AL64: ='54'!C7 -> 2 | AM64: ='54'!D7 -> 0.75806452 | AN64: ='54'!G6 -> 0 | AO64: ='54'!G7 -> 15 | AP64: ='54'!G8 -> 16
A65: 55 | B65: Корпус 1. Секции 1-9. Разрезы | C65: АР | D65: 148-0721-ОК-1-0-1-1..9-АР7 | E65: Шалаева О.В. | F65: 45415 | G65: выданы замечания | I65: 0 | J65: =K65+T65+V65+Z65+AE65 -> 7 | K65: =SUM(L65:S65) -> 0 | L65: ='55'!H3 -> 0 | M65: ='55'!I3 -> 0 | N65: ='55'!J3 -> 0 | O65: ='55'!L3 -> 0 | P65: ='55'!K3 -> 0 | Q65: ='55'!M3 -> 0 | R65: ='55'!N3 -> 0 | S65: ='55'!O3 -> 0 | T65: =U65 -> 0 | U65: ='55'!P3 -> 0 | V65: =SUM(W65:Y65) -> 0 | W65: ='55'!Q3 -> 0 | X65: ='55'!R3 -> 0 | Y65: ='55'!S3 -> 0 | Z65: =SUM(AA65:AD65) -> 7 | AA65: ='55'!T3 -> 0 | AB65: ='55'!U3 -> 7 | AC65: ='55'!V3 -> 0 | AD65: ='55'!W3 -> 0 | AE65: =AF65 -> 0 | AF65: ='55'!X3 -> 0 | AG65: ='55'!B4 -> 3 | AH65: ='55'!AI4 -> 0 | AI65: ='55'!D4 -> 1 | AJ65: ='55'!A7 -> 0 | AK65: ='55'!B7 -> 0 | AL65: ='55'!C7 -> 2.3333333 | AM65: ='55'!D7 -> 1 | AN65: ='55'!G6 -> 0 | AO65: ='55'!G7 -> 0 | AP65: ='55'!G8 -> 7
A66: 56 | B66: Корпус 2. Секции 10-19. Разрезы | C66: АР | D66: 148-0721-ОК-1-0-2-10..19-АР7 | E66: Шалаева О.В. | F66: 45415 | G66: выданы замечания | I66: 0 | J66: =K66+T66+V66+Z66+AE66 -> 3 | K66: =SUM(L66:S66) -> 0 | L66: ='56'!H3 -> 0 | M66: ='56'!I3 -> 0 | N66: ='56'!J3 -> 0 | O66: ='56'!L3 -> 0 | P66: ='56'!K3 -> 0 | Q66: ='56'!M3 -> 0 | R66: ='56'!N3 -> 0 | S66: ='56'!O3 -> 0 | T66: =U66 -> 0 | U66: ='56'!P3 -> 0 | V66: =SUM(W66:Y66) -> 0 | W66: ='56'!Q3 -> 0 | X66: ='56'!R3 -> 0 | Y66: ='56'!S3 -> 0 | Z66: =SUM(AA66:AD66) -> 3 | AA66: ='56'!T3 -> 0 | AB66: ='56'!U3 -> 3 | AC66: ='56'!V3 -> 0 | AD66: ='56'!W3 -> 0 | AE66: =AF66 -> 0 | AF66: ='56'!X3 -> 0 | AG66: ='56'!B4 -> 3 | AH66: ='56'!AI4 -> 0 | AI66: ='56'!D4 -> 1 | AJ66: ='56'!A7 -> 0 | AK66: ='56'!B7 -> 0 | AL66: ='56'!C7 -> 1 | AM66: ='56'!D7 -> 1 | AN66: ='56'!G6 -> 0 | AO66: ='56'!G7 -> 0 | AP66: ='56'!G8 -> 3
A67: 57 | B67: Архитектурные интерьеры. Типовая 3-х комнатная квартира. Секция 9. Этаж 8,9. Отделочные чертежи | C67: АИ | D67: 148-0721-ОК-1-0-1,2-1..19-АИ2.1 | E67: Шалаева О.В. | F67: 07.05.24 04.06.24 | G67: повторные замечания | I67: 1 | J67: =K67+T67+V67+Z67+AE67 -> 12 | K67: =SUM(L67:S67) -> 3 | L67: ='57'!H3 -> 3 | M67: ='57'!I3 -> 0 | N67: ='57'!J3 -> 0 | O67: ='57'!L3 -> 0 | P67: ='57'!K3 -> 0 | Q67: ='57'!M3 -> 0 | R67: ='57'!N3 -> 0 | S67: ='57'!O3 -> 0 | T67: =U67 -> 0 | U67: ='57'!P3 -> 0 | V67: =SUM(W67:Y67) -> 0 | W67: ='57'!Q3 -> 0 | X67: ='57'!R3 -> 0 | Y67: ='57'!S3 -> 0 | Z67: =SUM(AA67:AD67) -> 9 | AA67: ='57'!T3 -> 0 | AB67: ='57'!U3 -> 3 | AC67: ='57'!V3 -> 6 | AD67: ='57'!W3 -> 0 | AE67: =AF67 -> 0 | AF67: ='57'!X3 -> 0 | AG67: ='57'!B4 -> 12 | AH67: ='57'!AI4 -> 0 | AI67: ='57'!D4 -> 0.83333333 | AJ67: ='57'!A7 -> 0 | AK67: ='57'!B7 -> 0.25 | AL67: ='57'!C7 -> 0.5 | AM67: ='57'!D7 -> 0.75 | AN67: ='57'!G6 -> 0 | AO67: ='57'!G7 -> 6 | AP67: ='57'!G8 -> 6
A68: 58 | B68: Аохитектvоные интерьеры. Типовая 3-х комнатная квартира для проживания инвалида-колясочника. Отделочные чертежи. | C68: АИ | D68: 148-0721-ОК-1-0-1,2-1..19-АИ2.2 | E68: Шалаева О.В. | F68: 07.05.24 04.06.24 | G68: повторные замечания | I68: 0 | J68: =K68+T68+V68+Z68+AE68 -> 12 | K68: =SUM(L68:S68) -> 4 | L68: ='58'!H3 -> 4 | M68: ='58'!I3 -> 0 | N68: ='58'!J3 -> 0 | O68: ='58'!L3 -> 0 | P68: ='58'!K3 -> 0 | Q68: ='58'!M3 -> 0 | R68: ='58'!N3 -> 0 | S68: ='58'!O3 -> 0 | T68: =U68 -> 0 | U68: ='58'!P3 -> 0 | V68: =SUM(W68:Y68) -> 0 | W68: ='58'!Q3 -> 0 | X68: ='58'!R3 -> 0 | Y68: ='58'!S3 -> 0 | Z68: =SUM(AA68:AD68) -> 8 | AA68: ='58'!T3 -> 0 | AB68: ='58'!U3 -> 3 | AC68: ='58'!V3 -> 5 | AD68: ='58'!W3 -> 0 | AE68: =AF68 -> 0 | AF68: ='58'!X3 -> 0 | AG68: ='58'!B4 -> 12 | AH68: ='58'!AI4 -> 0 | AI68: ='58'!D4 -> 0.83333333 | AJ68: ='58'!A7 -> 0 | AK68: ='58'!B7 -> 0.20833333 | AL68: ='58'!C7 -> 0.58333333 | AM68: ='58'!D7 -> 0.79166667 | AN68: ='58'!G6 -> 0 | AO68: ='58'!G7 -> 5 | AP68: ='58'!G8 -> 7
A69: 59 | B69: Архитектурные интерьеры. Места общего пользования (МОП) Отделочные чертежи. Корпус 1. Секция 1-4. | C69: АИ | D69: 148-0721-ОК-1-0-1-1..4-АИ1.1 | E69: Шалаева О.В. | F69: 45464 | G69: выданы замечания | I69: 0 | J69: =K69+T69+V69+Z69+AE69 -> 28 | K69: =SUM(L69:S69) -> 7 | L69: ='59'!H3 -> 7 | M69: ='59'!I3 -> 0 | N69: ='59'!J3 -> 0 | O69: ='59'!L3 -> 0 | P69: ='59'!K3 -> 0 | Q69: ='59'!M3 -> 0 | R69: ='59'!N3 -> 0 | S69: ='59'!O3 -> 0 | T69: =U69 -> 4 | U69: ='59'!P3 -> 4 | V69: =SUM(W69:Y69) -> 0 | W69: ='59'!Q3 -> 0 | X69: ='59'!R3 -> 0 | Y69: ='59'!S3 -> 0 | Z69: =SUM(AA69:AD69) -> 17 | AA69: ='59'!T3 -> 0 | AB69: ='59'!U3 -> 6 | AC69: ='59'!V3 -> 11 | AD69: ='59'!W3 -> 0 | AE69: =AF69 -> 0 | AF69: ='59'!X3 -> 0 | AG69: ='59'!B4 -> 39 | AH69: ='59'!AI4 -> 0 | AI69: ='59'!D4 -> 0.66666667 | AJ69: ='59'!A7 -> 0 | AK69: ='59'!B7 -> 0.17948718 | AL69: ='59'!C7 -> 0.35897436 | AM69: ='59'!D7 -> 0.75 | AN69: ='59'!G6 -> 0 | AO69: ='59'!G7 -> 14 | AP69: ='59'!G8 -> 14
A70: 60 | B70: Архитектурные интерьеры. Отделочные чертежи МОП. Корпус 2. Секции 10-14 | C70: АИ | D70: 148-0721-ОК-1-0-2-15..19-АИ1.3 | E70: Милявская АА | F70: 20,06,24 | G70: выданы замечания | I70: 0 | J70: =K70+T70+V70+Z70+AE70 -> 16 | K70: =SUM(L70:S70) -> 8 | L70: ='60'!H3 -> 0 | M70: ='60'!I3 -> 0 | N70: ='60'!J3 -> 6 | O70: ='60'!L3 -> 2 | P70: ='60'!K3 -> 0 | Q70: ='60'!M3 -> 0 | R70: ='60'!N3 -> 0 | S70: ='60'!O3 -> 0 | T70: =U70 -> 0 | U70: ='60'!P3 -> 0 | V70: =SUM(W70:Y70) -> 0 | W70: ='60'!Q3 -> 0 | X70: ='60'!R3 -> 0 | Y70: ='60'!S3 -> 0 | Z70: =SUM(AA70:AD70) -> 7 | AA70: ='60'!T3 -> 0 | AB70: ='60'!U3 -> 0 | AC70: ='60'!V3 -> 7 | AD70: ='60'!W3 -> 0 | AE70: =AF70 -> 1 | AF70: ='60'!X3 -> 1 | AG70: ='60'!B4 -> 45 | AH70: ='60'!AI4 -> 0 | AI70: ='60'!D4 -> 0.93333333 | AJ70: ='60'!A7 -> 0 | AK70: ='60'!B7 -> 0.38888889 | AL70: ='60'!C7 -> 0 | AM70: ='60'!D7 -> 0.5 | AN70: ='60'!G6 -> 0 | AO70: ='60'!G7 -> 35 | AP70: ='60'!G8 -> 0
A71: 61 | B71: Архитектурные интерьеры. Места общего пользования (МОП) Отделочные чертежи. Корпус 1. Секция 5-9. | C71: АИ | D71: 148-0721-ОК-1-0-1-5...9-АИ1.2 | E71: Шалаева О.В. | F71: 45464 | G71: выданы замечания | I71: 0 | J71: =K71+T71+V71+Z71+AE71 -> 32 | K71: =SUM(L71:S71) -> 6 | L71: ='61'!H3 -> 6 | M71: ='61'!I3 -> 0 | N71: ='61'!J3 -> 0 | O71: ='61'!L3 -> 0 | P71: ='61'!K3 -> 0 | Q71: ='61'!M3 -> 0 | R71: ='61'!N3 -> 0 | S71: ='61'!O3 -> 0 | T71: =U71 -> 5 | U71: ='61'!P3 -> 5 | V71: =SUM(W71:Y71) -> 1 | W71: ='61'!Q3 -> 1 | X71: ='61'!R3 -> 0 | Y71: ='61'!S3 -> 0 | Z71: =SUM(AA71:AD71) -> 20 | AA71: ='61'!T3 -> 0 | AB71: ='61'!U3 -> 7 | AC71: ='61'!V3 -> 13 | AD71: ='61'!W3 -> 0 | AE71: =AF71 -> 0 | AF71: ='61'!X3 -> 0 | AG71: ='61'!B4 -> 46 | AH71: ='61'!AI4 -> 0 | AI71: ='61'!D4 -> 0.2173913 | AJ71: ='61'!A7 -> 0 | AK71: ='61'!B7 -> 0.14130435 | AL71: ='61'!C7 -> 0.41304348 | AM71: ='61'!D7 -> 0.796875 | AN71: ='61'!G6 -> 0 | AO71: ='61'!G7 -> 13 | AP71: ='61'!G8 -> 19
J72: =K72+T72+V72+Z72+AE72 -> 0 | K72: =SUM(L72:S72) -> 0 | T72: =U72 -> 0 | V72: =SUM(W72:Y72) -> 0 | Z72: =SUM(AA72:AD72) -> 0 | AE72: =AF72 -> 0
J73: =K73+T73+V73+Z73+AE73 -> 0 | K73: =SUM(L73:S73) -> 0 | T73: =U73 -> 0 | V73: =SUM(W73:Y73) -> 0 | Z73: =SUM(AA73:AD73) -> 0 | AE73: =AF73 -> 0
J74: =K74+T74+V74+Z74+AE74 -> 0 | K74: =SUM(L74:S74) -> 0 | T74: =U74 -> 0 | V74: =SUM(W74:Y74) -> 0 | Z74: =SUM(AA74:AD74) -> 0 | AE74: =AF74 -> 0
J75: =K75+T75+V75+Z75+AE75 -> 0 | K75: =SUM(L75:S75) -> 0 | T75: =U75 -> 0 | V75: =SUM(W75:Y75) -> 0 | Z75: =SUM(AA75:AD75) -> 0 | AE75: =AF75 -> 0
J76: =K76+T76+V76+Z76+AE76 -> 0 | K76: =SUM(L76:S76) -> 0 | T76: =U76 -> 0 | V76: =SUM(W76:Y76) -> 0 | Z76: =SUM(AA76:AD76) -> 0 | AE76: =AF76 -> 0
J77: =K77+T77+V77+Z77+AE77 -> 0 | K77: =SUM(L77:S77) -> 0 | T77: =U77 -> 0 | V77: =SUM(W77:Y77) -> 0 | Z77: =SUM(AA77:AD77) -> 0 | AE77: =AF77 -> 0
J78: =K78+T78+V78+Z78+AE78 -> 0 | K78: =SUM(L78:S78) -> 0 | T78: =U78 -> 0 | V78: =SUM(W78:Y78) -> 0 | Z78: =SUM(AA78:AD78) -> 0 | AE78: =AF78 -> 0
J79: =K79+T79+V79+Z79+AE79 -> 0 | K79: =SUM(L79:S79) -> 0 | T79: =U79 -> 0 | V79: =SUM(W79:Y79) -> 0 | Z79: =SUM(AA79:AD79) -> 0 | AE79: =AF79 -> 0
J80: =K80+T80+V80+Z80+AE80 -> 0 | K80: =SUM(L80:S80) -> 0 | T80: =U80 -> 0 | V80: =SUM(W80:Y80) -> 0 | Z80: =SUM(AA80:AD80) -> 0 | AE80: =AF80 -> 0
J81: =K81+T81+V81+Z81+AE81 -> 0 | K81: =SUM(L81:S81) -> 0 | T81: =U81 -> 0 | V81: =SUM(W81:Y81) -> 0 | Z81: =SUM(AA81:AD81) -> 0 | AE81: =AF81 -> 0
J82: =K82+T82+V82+Z82+AE82 -> 0 | K82: =SUM(L82:S82) -> 0 | T82: =U82 -> 0 | V82: =SUM(W82:Y82) -> 0 | Z82: =SUM(AA82:AD82) -> 0 | AE82: =AF82 -> 0
B83: При проверке АР8 (Входные групп) нужно обратить внимание на наличие объемов утеплителя наружных стен, так как ни в одном комплекте этой информации нет | J83: =K83+T83+V83+Z83+AE83 -> 0 | K83: =SUM(L83:S83) -> 0 | T83: =U83 -> 0 | V83: =SUM(W83:Y83) -> 0 | Z83: =SUM(AA83:AD83) -> 0 | AE83: =AF83 -> 0
B84: При проверке АР5 (Лестницы и ограждения) нужно обратить внимание на наличие информации о наружной отделке стен переходных лоджий, так как ни в одном комплекте этого нет | J84: =K84+T84+V84+Z84+AE84 -> 0 | K84: =SUM(L84:S84) -> 0 | T84: =U84 -> 0 | V84: =SUM(W84:Y84) -> 0 | Z84: =SUM(AA84:AD84) -> 0 | AE84: =AF84 -> 0
J85: =K85+T85+V85+Z85+AE85 -> 0 | K85: =SUM(L85:S85) -> 0 | T85: =U85 -> 0 | V85: =SUM(W85:Y85) -> 0 | Z85: =SUM(AA85:AD85) -> 0 | AE85: =AF85 -> 0
J86: =K86+T86+V86+Z86+AE86 -> 0 | K86: =SUM(L86:S86) -> 0 | T86: =U86 -> 0 | V86: =SUM(W86:Y86) -> 0 | Z86: =SUM(AA86:AD86) -> 0 | AE86: =AF86 -> 0
J87: =K87+T87+V87+Z87+AE87 -> 0 | K87: =SUM(L87:S87) -> 0 | T87: =U87 -> 0 | V87: =SUM(W87:Y87) -> 0 | Z87: =SUM(AA87:AD87) -> 0 | AE87: =AF87 -> 0
J88: =K88+T88+V88+Z88+AE88 -> 0 | K88: =SUM(L88:S88) -> 0 | T88: =U88 -> 0 | V88: =SUM(W88:Y88) -> 0 | Z88: =SUM(AA88:AD88) -> 0 | AE88: =AF88 -> 0
J89: =K89+T89+V89+Z89+AE89 -> 0 | K89: =SUM(L89:S89) -> 0 | T89: =U89 -> 0 | V89: =SUM(W89:Y89) -> 0 | Z89: =SUM(AA89:AD89) -> 0 | AE89: =AF89 -> 0
J90: =K90+T90+V90+Z90+AE90 -> 0 | K90: =SUM(L90:S90) -> 0 | T90: =U90 -> 0 | V90: =SUM(W90:Y90) -> 0 | Z90: =SUM(AA90:AD90) -> 0 | AE90: =AF90 -> 0

Sheet ШАБЛОН!
A1: Номер замечания к комплекту | B1: Обозначение комплекта номер изм. (изм.0, изм.1, изм.2 и т.д. - записывать все изм., которые приходят на проверку) | C1: Номер листа в разделе | D1: Текст замечания | E1: Эскиз к замечанию (при необходимости) | F1: Ссылка на требование (обозначение документа, пункт НД или лист типового проекта и т.д) | G1: Коэффицент замечания | H1: Тип замечания | I1: ФИО проверяющего | J1: Дата выдачи замечаний | K1: Статус замечаия | L1: Ответ от субподрядчика на замечания (при необходимости) - УКАЗАТЬ НА КАКОМ ЛИСТЕ ВНЕСЕНЫ ИЗМЕНЕНИЯ | M1: Дата повторной проверки | N1: Комментарий/ замечание | O1: Ответ от субподрядчика на замечания (при необходимости) - УКАЗАТЬ НА КАКОМ ЛИСТЕ ВНЕСЕНЫ ИЗМЕНЕНИЯ | P1: Дата повторной проверки | Q1: Комментарий/ замечание | R1: Ответ субподрядчика на замечания (при необхродимости) | S1: Дата повторной проверки | T1: Комментарий/ замечание | U1: Ответ субподрядчика на замечания (при необхродимости) | V1: Дата повторной проверки | W1: Комментарий/ замечание | X1: Ответ субподрядчика на замечания (при необхродимости)
B2: Заполнить вручную | C2: Заполнить вручную | D2: формула | H2: 1 - Несоответствие продуктовым требованиям ПИК-Стандарт | I2: 2 - Несоответствие Бренд-листам ПИК | J2: 3 - Несоответствие Каталогу отделки | K2: 5 - Ошибка в применении СТМ | L2: 4 - Несоответствие Каталогу оборудования | M2: 6 - Ошибка в применении сборных ЛМ | N2: 7 - Ошибка в применении шкаф-пакетов | O2: 8 - Ошибка в применении шахт-пакетов | P2: 9 - Несоответствие типологическим требованиям ПИК-Стандарт | Q2: 10 - Несоответствие НТД РФ | R2: 11 - Несоответствие ИРД (кроме ТУ, СТУ), АПР, ПД | S2: 12 - Несоответствие требованиям ТУ, СТУ | T2: 13 - Ошибка в технических решениях | U2: 14 - Неувязка м/у собой комплектов РД | V2: 15 - Недостаточность информации влияющей на СМР | W2: 16 - Нерациональное решение | X2: 17 - Оформление
B3: общее количество листов (по ведомости рабочих чертежей) | C3: количество листов с замечаниями | D3: коэффициент возврата Кв | H3: =COUNTIF($H10:$H168,"1 - Несоответствие продуктовым требованиям ПИК-Стандарт") -> 1 | I3: =COUNTIF($H10:$H168,"2 - Несоответствие Бренд-листам ПИК") -> 2 | J3: =COUNTIF($H10:$H168,"3 - Несоответствие Каталогу отделки") -> 1 | K3: =COUNTIF($H10:$H168,"5 - Ошибка в применении СТМ") -> 1 | L3: =COUNTIF($H10:$H168,"4 - Несоответствие Каталогу оборудования") -> 0 | M3: =COUNTIF($H10:$H168,"6 - Ошибка в применении сборных ЛМ") -> 1 | N3: =COUNTIF($H10:$H168,"7 - Ошибка в применении шкаф-пакетов") -> 1 | O3: =COUNTIF($H10:$H168,"8 - Ошибка в применении шахт-пакетов") -> 1 | P3: =COUNTIF($H10:$H168,"9 - Несоответствие типологическим требованиям ПИК-Стандарт") -> 1 | Q3: =COUNTIF($H10:$H168,"10 - Несоответствие НТД РФ") -> 2 | R3: =COUNTIF($H10:$H168,"11 - Несоответствие ИРД (кроме ТУ, СТУ), АПР, ПД") -> 1 | S3: =COUNTIF($H10:$H168,"12 - Несоответствие требованиям ТУ, СТУ") -> 1 | T3: =COUNTIF($H10:$H168,"13 - Ошибка в технических решениях") -> 2 | U3: =COUNTIF($H10:$H168,"14 - Неувязка м/у собой комплектов РД") -> 1 | V3: =COUNTIF($H10:$H168,"15 - Недостаточность информации влияющей на СМР") -> 1 | W3: =COUNTIF($H10:$H168,"16 - Нерациональное решение") -> 1 | X3: =COUNTIF($H10:$H168,"17 - Оформление") -> 2
A4: Заполнить вручную | B4: 25 | C4: 10 | D4: =C4/B4 -> 0.4 | H4: формула | I4: формула | J4: формула | K4: формула | L4: формула | M4: формула | N4: формула | O4: формула | P4: формула | Q4: формула | R4: формула | S4: формула | T4: формула | U4: формула | V4: формула | W4: формула | X4: формула
G5: формула
A6: 0.2 | B6: 0.5 | C6: 1 | D6: общий коэф критичности замечаний | F6: Количество замечаний с к=0,2 | G6: =COUNTIFS(G10:G135,"0,2") -> 7
A7: =G6*0.2/B4 -> 0.056 | B7: =G7*0.5/B4 -> 0.1 | C7: =G8*1/B4 -> 0.04 | D7: =(G6*A6+G7*B6+G8*C6)/SUM(G6:G8) -> 0.37692308 | F7: Количество замечаний с к=0,5 | G7: =COUNTIFS(G10:G135,"0,5") -> 5
A8: формула | B8: формула | C8: формула | D8: формула | F8: Количество замечаний с к=1 | G8: =COUNTIFS(G10:G135,"1") -> 1
A10: 1 | B10: 9-0118-ОК-1-АР изм.0, изм.1 | C10: Тит. лист | D10: Обозначение тома не соотвествует обозначению в составе проекта | G10: 0.2 | H10: 2 - Несоответствие Бренд-листам ПИК | I10: Петров И.И. | J10: 43903 | K10: снято | M10: 43910
A11: 2 | B11: 9-0118-ОК-1-АР изм.0, изм.1, изм.2 | C11: Тит. лист | D11: Обозначение тома не соотвествует обозначению в составе проекта | G11: 0.2 | H11: 2 - Несоответствие Бренд-листам ПИК | K11: снято
A12: 3 | G12: 0.5 | H12: 1 - Несоответствие продуктовым требованиям ПИК-Стандарт | K12: требует изм. в смежном комплекте
A13: 4 | B13: 9-0118-ОК-1-АР изм.2 | G13: 0.5 | H13: 3 - Несоответствие Каталогу отделки | K13: требует изм. в смежном комплекте
A14: 5 | H14: 5 - Ошибка в применении СТМ | K14: отменено | L14: для статуса ОТМЕНЕНО обязательно указывать причину! А также убирать коэф замечан и тип замечания, чтобы замечание не шло в отчетность
A15: 6 | G15: 0.2 | H15: 6 - Ошибка в применении сборных ЛМ | K15: повторно
A16: 7 | G16: 0.2 | H16: 7 - Ошибка в применении шкаф-пакетов | K16: без замечаний
A17: 8 | G17: 0.5 | H17: 8 - Ошибка в применении шахт-пакетов | K17: Требуется изм. ПД
A18: 9 | G18: 0.5 | H18: 9 - Несоответствие типологическим требованиям ПИК-Стандарт | K18: Требуется изм. ПД
A19: 10 | G19: 1 | H19: 10 - Несоответствие НТД РФ
A20: 11 | G20: 0.5 | H20: 10 - Несоответствие НТД РФ
A21: 12 | G21: 0.2 | H21: 11 - Несоответствие ИРД (кроме ТУ, СТУ), АПР, ПД
A22: 13 | G22: 0.2 | H22: 12 - Несоответствие требованиям ТУ, СТУ
A23: 14 | G23: 0.2 | H23: 13 - Ошибка в технических решениях
A24: 15 | H24: 13 - Ошибка в технических решениях
A25: 16 | H25: 14 - Неувязка м/у собой комплектов РД
A26: 17 | H26: 15 - Недостаточность информации влияющей на СМР
A27: 18 | H27: 16 - Нерациональное решение
A28: 19 | H28: 17 - Оформление
A29: 20 | H29: 17 - Оформление
A30: 21
A31: 22
A32: 23
A33: 24
A34: 25
A35: 26
A36: 27
A37: 28
A38: 29
A39: 30

Sheet 1
A1: Номер замечания к комплекту | B1: Обозначение комплекта номер изм. (изм.0, изм.1, изм.2 и т.д. - записывать все изм., которые приходят на проверку) | C1: Номер листа в разделе | D1: Текст замечания | E1: Эскиз к замечанию (при необходимости) | F1: Ссылка на требование (обозначение документа, пункт НД или лист типового проекта и т.д) | G1: Коэффицент замечания | H1: Тип замечания | I1: ФИО проверяющего | J1: Дата выдачи замечаний | K1: Статус замечаия | L1: Ответ от субподрядчика на замечания (при необходимости) - УКАЗАТЬ НА КАКОМ ЛИСТЕ ВНЕСЕНЫ ИЗМЕНЕНИЯ | M1: Дата повторной проверки | N1: Комментарий/ замечание | O1: Ответ от субподрядчика на замечания (при необходимости) - УКАЗАТЬ НА КАКОМ ЛИСТЕ ВНЕСЕНЫ ИЗМЕНЕНИЯ | P1: Дата повторной проверки | Q1: Комментарий/ замечание | R1: Ответ субподрядчика на замечания (при необхродимости) | S1: Дата повторной проверки | T1: Комментарий/ замечание | U1: Ответ субподрядчика на замечания (при необхродимости) | V1: Дата повторной проверки | W1: Комментарий/ замечание | X1: Ответ субподрядчика на замечания (при необхродимости)
B2: Заполнить вручную | C2: Заполнить вручную | D2: формула | H2: 1 - Несоответствие продуктовым требованиям ПИК-Стандарт | I2: 2 - Несоответствие Бренд-листам ПИК | J2: 3 - Несоответствие Каталогу отделки | K2: 5 - Ошибка в применении СТМ | L2: 4 - Несоответствие Каталогу оборудования | M2: 6 - Ошибка в применении сборных ЛМ | N2: 7 - Ошибка в применении шкаф-пакетов | O2: 8 - Ошибка в применении шахт-пакетов | P2: 9 - Несоответствие типологическим требованиям ПИК-Стандарт | Q2: 10 - Несоответствие НТД РФ | R2: 11 - Несоответствие ИРД (кроме ТУ, СТУ), АПР, ПД | S2: 12 - Несоответствие требованиям ТУ, СТУ | T2: 13 - Ошибка в технических решениях | U2: 14 - Неувязка м/у собой комплектов РД | V2: 15 - Недостаточность информации влияющей на СМР | W2: 16 - Нерациональное решение | X2: 17 - Оформление
B3: общее количество листов (по ведомости рабочих чертежей) | C3: количество листов с замечаниями | D3: коэффициент возврата Кв | H3: =COUNTIF($H11:$H50,"1 - Несоответствие продуктовым требованиям ПИК-Стандарт") -> 0 | I3: =COUNTIF($H11:$H50,"2 - Несоответствие Бренд-листам ПИК") -> 0 | J3: =COUNTIF($H11:$H50,"3 - Несоответствие Каталогу отделки") -> 0 | K3: =COUNTIF($H11:$H50,"5 - Ошибка в применении СТМ") -> 0 | L3: =COUNTIF($H11:$H50,"4 - Несоответствие Каталогу оборудования") -> 0 | M3: =COUNTIF($H11:$H50,"6 - Ошибка в применении сборных ЛМ") -> 0 | N3: =COUNTIF($H11:$H50,"7 - Ошибка в применении шкаф-пакетов") -> 0 | O3: =COUNTIF($H11:$H50,"8 - Ошибка в применении шахт-пакетов") -> 0 | P3: =COUNTIF($H11:$H50,"9 - Несоответствие типологическим требованиям ПИК-Стандарт") -> 0 | Q3: =COUNTIF($H11:$H50,"10 - Несоответствие НТД РФ") -> 0 | R3: =COUNTIF($H11:$H50,"11 - Несоответствие ИРД (кроме ТУ, СТУ), АПР, ПД") -> 0 | S3: =COUNTIF($H11:$H50,"12 - Несоответствие требованиям ТУ, СТУ") -> 0 | T3: =COUNTIF($H11:$H50,"13 - Ошибка в технических решениях") -> 0 | U3: =COUNTIF($H11:$H50,"14 - Неувязка м/у собой комплектов РД") -> 1 | V3: =COUNTIF($H11:$H50,"15 - Недостаточность информации влияющей на СМР") -> 26 | W3: =COUNTIF($H11:$H50,"16 - Нерациональное решение") -> 0 | X3: =COUNTIF($H11:$H50,"17 - Оформление") -> 0
A4: Заполнить вручную | B4: 15 | C4: 7 | D4: =C4/B4 -> 0.46666667 | H4: формула | I4: формула | J4: формула | K4: формула | L4: формула | M4: формула | N4: формула | O4: формула | P4: формула | Q4: формула | R4: формула | S4: формула | T4: формула | U4: формула | V4: формула | W4: формула | X4: формула
G5: формула
A6: 0.2 | B6: 0.5 | C6: 1 | D6: общий коэф критичности замечаний | F6: Количество замечаний с к=0,2 | G6: =COUNTIFS(G11:G50,"0,2") -> 1
A7: =G6*0.2/B4 -> 0.013333333 | B7: =G7*0.5/B4 -> 0.83333333 | C7: =G8*1/B4 -> 0.066666667 | D7: =(G6*A6+G7*B6+G8*C6)/SUM(G6:G8) -> 0.50740741 | F7: Количество замечаний с к=0,5 | G7: =COUNTIFS(G11:G50,"0,5") -> 25
A8: формула | B8: формула | C8: формула | D8: формула | F8: Количество замечаний с к=1 | G8: =COUNTIFS(G11:G50,"1") -> 1
B10: 1190-01-1-9-АР9.5 Ревизия С | D10: Замечания к оконным блокам ПВХ
A11: 1 | B11: 1190-01-1-9-АР9.5 Ревизия С | D11: Предоставить эскизы оконных блоков (стандартные эскизы см. стандарт АТР). | F11: АТР Оконные и балконные блоки ПВХ | G11: 0.5 | H11: 15 - Недостаточность информации влияющей на СМР | I11: Шалаева О. | J11: 45036 | K11: снято | M11: 45337 | N11: Согласован комплект АР4.3 https://docs.google.com/spreadsheets/d/1YuiVJh5g_X5jHE5eOh_2DEvATkVyA1tZkiQMcCOB9Wo/edit#gid=1891348856
A12: 2 | B12: 1190-01-1-9-АР9.5 Ревизия С | D12: Включить в состав комплекта спецификацию элементов заполнения оконных проемов (предоставленную отдельным файлом). | F12: АТР Оконные и балконные блоки ПВХ | G12: 0.5 | H12: 15 - Недостаточность информации влияющей на СМР | I12: Шалаева О. | J12: 45036 | K12: снято | M12: 45337 | N12: Согласован комплект АР4.3 https://docs.google.com/spreadsheets/d/1YuiVJh5g_X5jHE5eOh_2DEvATkVyA1tZkiQMcCOB9Wo/edit#gid=1891348856
A13: 3 | B13: 1190-01-1-9-АР9.5 Ревизия С | D13: В спецификации указать формулу стеклопакета (уточнить! в ПД 1190-01-ЭЭ.ПЗ, находящейся в экспертизе, в предыдущем заходе в МГЭ в разделе ЭЭ для окон был указан СПД 4М1-14-И4-14-И4). | F13: АТР Оконные и балконные блоки ПВХ 1190-01-ЭЭ.ПЗ | G13: 0.5 | H13: 15 - Недостаточность информации влияющей на СМР | I13: Шалаева О. | J13: 45036 | K13: снято | M13: 45337 | N13: Согласован комплект АР4.3 https://docs.google.com/spreadsheets/d/1YuiVJh5g_X5jHE5eOh_2DEvATkVyA1tZkiQMcCOB9Wo/edit#gid=1891348856
A14: 4 | B14: 1190-01-1-9-АР9.5 Ревизия С | D14: В спецификации в марке окон к вентклапану добавить VT700 (VT715), см. как указано в инструкции. | F14: Инструкция по назначению клапанов | G14: 0.5 | H14: 15 - Недостаточность информации влияющей на СМР | I14: Шалаева О. | J14: 45036 | K14: снято | M14: 45337 | N14: Согласован комплект АР4.3 https://docs.google.com/spreadsheets/d/1YuiVJh5g_X5jHE5eOh_2DEvATkVyA1tZkiQMcCOB9Wo/edit#gid=1891348856
A15: 5 | B15: 1190-01-1-9-АР9.5 Ревизия С | D15: В спецификации в столбце с примечаниями указать оснащение окон москитными сетками (количество москитных сеток - 1 шт. на один блок). Указать, что на оконные блоки ОП-201, ОП-201л, ОПмгн-201; ОПмгн-201л, ОП-202, ОП-202л сетка монтируется снаружи. В оконные блоки с откидывающимися створками ОП-208.1л москитная сетка устанавливается изнутри помещения на металлических кронштейнах (см. указания в стандарте АТР на л.4). | F15: АТР Оконные и балконные блоки ПВХ | G15: 0.5 | H15: 15 - Недостаточность информации влияющей на СМР | I15: Шалаева О. | J15: 45036 | K15: снято | M15: 45337 | N15: Согласован комплект АР4.3 https://docs.google.com/spreadsheets/d/1YuiVJh5g_X5jHE5eOh_2DEvATkVyA1tZkiQMcCOB9Wo/edit#gid=1891348856
A16: 6 | B16: 1190-01-1-9-АР9.5 Ревизия С | D16: Предоставить информацию по подоконным доскам и заглушкам к ним. | F16: АТР Оконные и балконные блоки ПВХ л.4 п.10 | G16: 0.5 | H16: 15 - Недостаточность информации влияющей на СМР | I16: Шалаева О. | J16: 45036 | K16: снято | M16: 45337 | N16: Согласован комплект АР4.3 https://docs.google.com/spreadsheets/d/1YuiVJh5g_X5jHE5eOh_2DEvATkVyA1tZkiQMcCOB9Wo/edit#gid=1891348856
A17: 7 | B17: 1190-01-1-9-АР9.5 Ревизия С | D17: Добавить в спецификацию окон столбец с указанием количества замков безопасности для каждой марки окна. В примечаниях на листе указать фразу: "Оконные блоки с открывающимися створками комплектуются замками безопасности типа Si-AU ( или аналог), цвет белый (по одному замку на каждую створку окна)". | F17: АТР Оконные и балконные блоки ПВХ | G17: 0.5 | H17: 15 - Недостаточность информации влияющей на СМР | I17: Шалаева О. | J17: 45036 | K17: снято | M17: 45337 | N17: Согласован комплект АР4.3 https://docs.google.com/spreadsheets/d/1YuiVJh5g_X5jHE5eOh_2DEvATkVyA1tZkiQMcCOB9Wo/edit#gid=1891348856
A18: 8 | B18: 1190-01-1-9-АР9.5 Ревизия С | D18: В спецификации в столбце с примечаниями указать материал и цвет отливов и откосов оконных блоков. | F18: АТР Оконные и балконные блоки ПВХ л.4 п.11 | G18: 0.5 | H18: 15 - Недостаточность информации влияющей на СМР | I18: Шалаева О. | J18: 45036 | K18: снято | M18: 45337 | N18: Согласован комплект АР4.3 https://docs.google.com/spreadsheets/d/1YuiVJh5g_X5jHE5eOh_2DEvATkVyA1tZkiQMcCOB9Wo/edit#gid=1891348856
A19: 9 | B19: 1190-01-1-9-АР9.5 Ревизия С | D19: В примечаниях на листе со спецификацией указать фразу: "Вентиляционный клапан Ventec VT700 (VT715) установить в правую створку оконного блока, для балконных блоков - в балконную дверь.” | F19: Инструкция по назначению клапанов | G19: 0.5 | H19: 15 - Недостаточность информации влияющей на СМР | I19: Шалаева О. | J19: 45036 | K19: снято | M19: 45337 | N19: Согласован комплект АР4.3 https://docs.google.com/spreadsheets/d/1YuiVJh5g_X5jHE5eOh_2DEvATkVyA1tZkiQMcCOB9Wo/edit#gid=1891348856
B20: 1190-01-1-9-АР9.5 Ревизия С | D20: Замечания к балконным блокам ПВХ
A21: 10 | B21: 1190-01-1-9-АР9.5 Ревизия С | C21: 7-15 | D21: На планах замаркировать балконные блоки (стандартные марки см. в АТР). | F21: АТР Оконные и балконные блоки ПВХ | G21: 0.5 | H21: 15 - Недостаточность информации влияющей на СМР | I21: Шалаева О. | J21: 45036 | K21: снято | M21: 45337 | N21: Согласован комплект АР4.3 https://docs.google.com/spreadsheets/d/1YuiVJh5g_X5jHE5eOh_2DEvATkVyA1tZkiQMcCOB9Wo/edit#gid=1891348856
A22: 11 | B22: 1190-01-1-9-АР9.5 Ревизия С | D22: Предоставить эскизы балконных блоков (стандартные эскизы см. стандарт АТР). | F22: АТР Оконные и балконные блоки ПВХ | G22: 0.5 | H22: 15 - Недостаточность информации влияющей на СМР | I22: Шалаева О. | J22: 45036 | K22: снято | M22: 45337 | N22: Согласован комплект АР4.3 https://docs.google.com/spreadsheets/d/1YuiVJh5g_X5jHE5eOh_2DEvATkVyA1tZkiQMcCOB9Wo/edit#gid=1891348856
A23: 12 | B23: 1190-01-1-9-АР9.5 Ревизия С | D23: Предоставить в составе комплекта спецификацию на балконные блоки с указанием марок (см. стандартную маркировку в АТУ) и формулой стеклопакета (в ПД ЭЭ для окон и балконных дверей указан СПД 4М1-14-И4-14-И4). | F23: АТР Оконные и балконные блоки ПВХ 1190-01-ЭЭ.ПЗ л.68 | G23: 0.5 | H23: 15 - Недостаточность информации влияющей на СМР | I23: Шалаева О. | J23: 45036 | K23: снято | M23: 45337 | N23: Согласован комплект АР4.3 https://docs.google.com/spreadsheets/d/1YuiVJh5g_X5jHE5eOh_2DEvATkVyA1tZkiQMcCOB9Wo/edit#gid=1891348856
A24: 13 | B24: 1190-01-1-9-АР9.5 Ревизия С | D24: В примечаниях на листе со спецификацией указать фразу: "Балконные двери комплектуются ручкой с наружной стороны (1шт. на каждый балконный блок). Одна из створок балконного блока оснащена ограничителем открывания створки "Гребенкой". | F24: АТР Оконные и балконные блоки ПВХ | G24: 0.5 | H24: 15 - Недостаточность информации влияющей на СМР | I24: Шалаева О. | J24: 45036 | K24: снято | M24: 45337 | N24: Согласован комплект АР4.3 https://docs.google.com/spreadsheets/d/1YuiVJh5g_X5jHE5eOh_2DEvATkVyA1tZkiQMcCOB9Wo/edit#gid=1891348856
A25: 14 | B25: 1190-01-1-9-АР9.5 Ревизия С | D25: В спецификации в столбце с примечаниями указать материал и цвет отливов и откосов балконных блоков. | F25: АТР Оконные и балконные блоки ПВХ л.4 п.11 | G25: 0.5 | H25: 15 - Недостаточность информации влияющей на СМР | I25: Шалаева О. | J25: 45036 | K25: снято | M25: 45337 | N25: Согласован комплект АР4.3 https://docs.google.com/spreadsheets/d/1YuiVJh5g_X5jHE5eOh_2DEvATkVyA1tZkiQMcCOB9Wo/edit#gid=1891348856
B26: 1190-01-1-9-АР9.5 Ревизия С | D26: Общие замечания
A27: 15 | B27: 1190-01-1-9-АР9.5 Ревизия С | D27: В примечаниях на листе со спецификацией указать фразу: “Эскизы, ведомость расхода материалов и изделий, описание и технические характеристики к блокам ПВХ см. ЖД-ТАС-РЕН-АР-ОБ «Альбом типовых решений. Оконные и балконные блоки ПВХ Версия 6». | F27: АТР Оконные и балконные блоки ПВХ | G27: 0.5 | H27: 15 - Недостаточность информации влияющей на СМР | I27: Шалаева О. | J27: 45036 | K27: снято | M27: 45337 | N27: Согласован комплект АР4.3 https://docs.google.com/spreadsheets/d/1YuiVJh5g_X5jHE5eOh_2DEvATkVyA1tZkiQMcCOB9Wo/edit#gid=1891348856
A28: 16 | B28: 1190-01-1-9-АР9.5 Ревизия С | D28: Привести в соответствие между собой изображение витражей на фасадах и на планах ( с учетом замечаний к АР4.2). | F28: 1190-01-1-9-АР4.2 Ревизия А | G28: 1 | H28: 14 - Неувязка м/у собой комплектов РД | I28: Шалаева О. | J28: 45036 | K28: снято | M28: 45337
A29: 17 | B29: 1190-01-1-9-АР9.5 Ревизия С | D29: Замаркировать витражи на фасадах. | G29: 0.5 | H29: 15 - Недостаточность информации влияющей на СМР | I29: Шалаева О. | J29: 45036 | K29: снято | M29: 45337
A30: 18 | B30: 1190-01-1-9-АР9.5 Ревизия С | D30: Комплект предоставлен без листа общих данных. | G30: 0.2 | H30: 15 - Недостаточность информации влияющей на СМР | I30: Шалаева О. | J30: 45036 | K30: снято | M30: 45337
A31: 19 | B31: 148-0721-ОК-1-0-1-1..9-АР9.5 | C31: 1 | D31: На листе должен быть Расход кирпича на устройство фасадов 1 этажа | G31: 0.5 | H31: 15 - Недостаточность информации влияющей на СМР | I31: Милявская А | J31: 45338 | K31: снято | L31: Выполнена ведомость фрагментов с покрытием из бетонной плитки 285х60х20 (л. 2, 4, 6, 8, 10, 12), а также спецификация с расчетом плитки на каждый фрагмент (л.3, 5, 7, 9, 11, 13) | M31: 45392 | N31: Учтено
A32: 20 | B32: 148-0721-ОК-1-0-1-1..9-АР9.5 | C32: 1 | D32: Общие указания: заменить п.10 Указания по производству работ (ничего из указанного не относится к фасадам) на информацию - об устройстве фасадной кладки (отсутствует в АР2.1, АР4.1) в пределах 1 этажа - марки кирпича цокольной части стен (лицевой полнотелый) и стен выше цоколя (лицевой пустотелый); - цвет кирпича; - указания по устройству кладки - армирование, вент.продухи. - об устройстве утепления наружных стен (отсутствует в АР2.1, АР4.1) в пределах 1 этажа - об отделке кровельных надстроек (материал, цвет); - о цвете кровельного ограждения и стремянок; - о характере и цвете отделки стен переходных лоджий | G32: 0.5 | H32: 15 - Недостаточность информации влияющей на СМР | I32: Милявская А | J32: 45338 | K32: под ответственность проектировщика | L32: Согласно стадии П, вместо кирпича принята бетонная плитка 285х60х20. Сведения о продухе или ином элементе устройства фасадной системы могут быть дополнены при выборе подрядной организациии или выборе вентилируемой фасадной системы согласно производителю. Данные по расходу материалов отделки наружных стен 1го этажа см. АР8(Входные группы). Цвета указаны в ведомостях фрагментов и спецификации фрагментов фасадов(л.2-12). Данные об отделке и элементах кровли не представлены в разделе АР9.5, см АР10(Кровля). Данные об отделке и элементах переходных лоджий см АР5(Лестницы. Ограждения) | M32: 45392 | N32: Разработаны нестандартные фасадные решения, которые не подлежат проверке ООПР. Замечание снято под ответственность проектировщика на основании комментария
A33: 21 | B33: 148-0721-ОК-1-0-1-1..9-АР9.5 | C33: 2 - 7 | D33: В комплект должны быть включены полные фасады, начиная с первого этажа, а не частичные со второго этажа и выше - откорректировать | G33: 0.5 | H33: 15 - Недостаточность информации влияющей на СМР | I33: Милявская А | J33: 45338 | K33: повторно | L33: Дополнено. См. л. 2, 4, 6, 8, 10, 12 | M33: 45392 | N33: Устранить разночтение между АР4.1 и АР9.5 в расположении ламелей решеток форкамер и ниш для размещения оборудования ОВ (в АР4.1 горизонтальные ламели, в АР9.5 вертикальные ламели)
A34: 22 | B34: 148-0721-ОК-1-0-1-1..9-АР9.5 | C34: 2 - 7 | D34: На полных фасадах показать: - маркировку витражей 1 этажа, светопрозрачных козырьков, вентиляционных решеток, лючков; - высотные отметки и отметки земли у входов в здание; - расположение и привязку вертикальных температурно-деформационных швов в облицовке 1 этажа; - расположение и отметку горизонтального температурно-деформационного шва в облицовке 1 этажа | G34: 0.5 | H34: 15 - Недостаточность информации влияющей на СМР | I34: Милявская А | J34: 45338 | K34: снято | L34: Дополнено. См. л. 2, 4, 6, 8, 10, 12 | M34: 45392 | N34: Учтено
A35: 23 | B35: 148-0721-ОК-1-0-1-1..9-АР9.5 | C35: 2 - 7 | D35: На полных фасадах показать: - расположение вертикальных деформационных швов между секциями; - домовые указатели (привязки, отметки); - отметку цокольной части стены (300 мм выше уровня земли) - условное обозначение облицовочной кладки от ур.земли до 0,3 м от ур.з (выполняется лицевым полнотелый кирпичем); - условное обозначение облицовочной кладки ниже ур.земли на глубину min150 мм (выполняется рядовым полнотелым кирпичем) | G35: 0.5 | H35: 15 - Недостаточность информации влияющей на СМР | I35: Милявская А | J35: 45338 | K35: снято | L35: Дополнено. См. л. 2, 4, 6, 8, 10, 12 | M35: 45392 | N35: Учтено
A36: 24 | B36: 148-0721-ОК-1-0-1-1..9-АР9.5 | C36: 2 - 7 | D36: На полных фасадах показать: - расположение домофонов на витражах МОП; - контрастную маркировку на дверях МОП, БКТ и лестничных клеток | G36: 0.5 | H36: 15 - Недостаточность информации влияющей на СМР | I36: Милявская А | J36: 45338 | K36: снято | L36: Дополнено. См. л. 2, 4, 6, 8, 10, 12 | M36: 45392 | N36: Учтено
A37: 25 | B37: 148-0721-ОК-1-0-1-1..9-АР9.5 | C37: 2 - 7 | D37: Показать ограждение на кровельных надстройках и его отметку, металлические стремянки | G37: 0.5 | H37: 15 - Недостаточность информации влияющей на СМР | I37: Милявская А | J37: 45338 | K37: повторно | L37: Дополнено. См. л. 2, 4, 6, 8, 10, 12. Ограждения кровли см. АР10(Кровля) | M37: 45392 | N37: Устранить разночтение между АР10 и АР9.5 -показать ограждение на кровельных надстройках. Учесть замечание и для корпуса 2
A38: 26 | B38: 148-0721-ОК-1-0-1-1..9-АР9.5 | C38: 2 - 7 | D38: Условные обозначения: указать цвета фасадной плитки | G38: 0.5 | H38: 15 - Недостаточность информации влияющей на СМР | I38: Милявская А | J38: 45338 | K38: снято | L38: Дополнено. См. л. 2, 4, 6, 8, 10, 12 | M38: 45392 | N38: Учтено
A39: 27 | B39: 148-0721-ОК-1-0-1-1..9-АР9.5 | C39: 2 - 7 | D39: Условные обозначения: что такое спецификация на фрагменты, в каком комплекте разработана? | G39: 0.5 | H39: 15 - Недостаточность информации влияющей на СМР | I39: Милявская А | J39: 45338 | K39: снято | L39: Дополнено. См. л. 3, 5, 7, 9, 11, 13 | M39: 45392 | N39: Учтено
A40: 28 | B40: 148-0721-ОК-1-0-1-1..9-АР9.5 | C40: 8 - 15 | D40: Для информации Листы не проверялись на соответствие стандартным решениям. Корзины под кондиционеры, кронштейны под кондиционеры, узлы крепления к навесным панелям разработаны проектировщиком самостоятельно, что является ответственностью проектировщика | I40: Милявская А | J40: 45338

Sheet 2
A1: Номер замечания к комплекту | B1: Обозначение комплекта номер изм. (изм.0, изм.1, изм.2 и т.д. - записывать все изм., которые приходят на проверку) | C1: Номер листа в разделе | D1: Текст замечания | E1: Эскиз к замечанию (при необходимости) | F1: Ссылка на требование (обозначение документа, пункт НД или лист типового проекта и т.д) | G1: Коэффицент замечания | H1: Тип замечания | I1: ФИО проверяющего | J1: Дата выдачи замечаний | K1: Статус замечаия | L1: Ответ от субподрядчика на замечания (при необходимости) - УКАЗАТЬ НА КАКОМ ЛИСТЕ ВНЕСЕНЫ ИЗМЕНЕНИЯ | M1: Дата повторной проверки | N1: Комментарий/ замечание | O1: Ответ от субподрядчика на замечания (при необходимости) - УКАЗАТЬ НА КАКОМ ЛИСТЕ ВНЕСЕНЫ ИЗМЕНЕНИЯ | P1: Дата повторной проверки | Q1: Комментарий/ замечание | R1: Ответ субподрядчика на замечания (при необхродимости) | S1: Дата повторной проверки | T1: Комментарий/ замечание | U1: Ответ субподрядчика на замечания (при необхродимости) | V1: Дата повторной проверки | W1: Комментарий/ замечание | X1: Ответ субподрядчика на замечания (при необхродимости)
B2: Заполнить вручную | C2: Заполнить вручную | D2: формула | H2: 1 - Несоответствие продуктовым требованиям ПИК-Стандарт | I2: 2 - Несоответствие Бренд-листам ПИК | J2: 3 - Несоответствие Каталогу отделки | K2: 5 - Ошибка в применении СТМ | L2: 4 - Несоответствие Каталогу оборудования | M2: 6 - Ошибка в применении сборных ЛМ | N2: 7 - Ошибка в применении шкаф-пакетов | O2: 8 - Ошибка в применении шахт-пакетов | P2: 9 - Несоответствие типологическим требованиям ПИК-Стандарт | Q2: 10 - Несоответствие НТД РФ | R2: 11 - Несоответствие ИРД (кроме ТУ, СТУ), АПР, ПД | S2: 12 - Несоответствие требованиям ТУ, СТУ | T2: 13 - Ошибка в технических решениях | U2: 14 - Неувязка м/у собой комплектов РД | V2: 15 - Недостаточность информации влияющей на СМР | W2: 16 - Нерациональное решение | X2: 17 - Оформление
B3: общее количество листов (по ведомости рабочих чертежей) | C3: количество листов с замечаниями | D3: коэффициент возврата Кв | H3: =COUNTIF($H11:$H49,"1 - Несоответствие продуктовым требованиям ПИК-Стандарт") -> 0 | I3: =COUNTIF($H11:$H49,"2 - Несоответствие Бренд-листам ПИК") -> 0 | J3: =COUNTIF($H11:$H49,"3 - Несоответствие Каталогу отделки") -> 0 | K3: =COUNTIF($H11:$H49,"5 - Ошибка в применении СТМ") -> 0 | L3: =COUNTIF($H11:$H49,"4 - Несоответствие Каталогу оборудования") -> 0 | M3: =COUNTIF($H11:$H49,"6 - Ошибка в применении сборных ЛМ") -> 0 | N3: =COUNTIF($H11:$H49,"7 - Ошибка в применении шкаф-пакетов") -> 0 | O3: =COUNTIF($H11:$H49,"8 - Ошибка в применении шахт-пакетов") -> 0 | P3: =COUNTIF($H11:$H49,"9 - Несоответствие типологическим требованиям ПИК-Стандарт") -> 0 | Q3: =COUNTIF($H11:$H49,"10 - Несоответствие НТД РФ") -> 0 | R3: =COUNTIF($H11:$H49,"11 - Несоответствие ИРД (кроме ТУ, СТУ), АПР, ПД") -> 0 | S3: =COUNTIF($H11:$H49,"12 - Несоответствие требованиям ТУ, СТУ") -> 0 | T3: =COUNTIF($H11:$H49,"13 - Ошибка в технических решениях") -> 0 | U3: =COUNTIF($H11:$H49,"14 - Неувязка м/у собой комплектов РД") -> 0 | V3: =COUNTIF($H11:$H49,"15 - Недостаточность информации влияющей на СМР") -> 25 | W3: =COUNTIF($H11:$H49,"16 - Нерациональное решение") -> 0 | X3: =COUNTIF($H11:$H49,"17 - Оформление") -> 0
A4: Заполнить вручную | B4: 15 | C4: 7 | D4: =C4/B4 -> 0.46666667 | H4: формула | I4: формула | J4: формула | K4: формула | L4: формула | M4: формула | N4: формула | O4: формула | P4: формула | Q4: формула | R4: формула | S4: формула | T4: формула | U4: формула | V4: формула | W4: формула | X4: формула
G5: формула
A6: 0.2 | B6: 0.5 | C6: 1 | D6: общий коэф критичности замечаний | F6: Количество замечаний с к=0,2 | G6: =COUNTIFS(G11:G49,"0,2") -> 1
A7: =G6*0.2/B4 -> 0.013333333 | B7: =G7*0.5/B4 -> 0.8 | C7: =G8*1/B4 -> 0 | D7: =(G6*A6+G7*B6+G8*C6)/SUM(G6:G8) -> 0.488 | F7: Количество замечаний с к=0,5 | G7: =COUNTIFS(G11:G49,"0,5") -> 24
A8: формула | B8: формула | C8: формула | D8: формула | F8: Количество замечаний с к=1 | G8: =COUNTIFS(G11:G49,"1") -> 0
B10: 1190-02-10-09-АР9. 5 Ревизия D | D10: Замечания к оконным блокам ПВХ
A11: 1 | B11: 1190-02-10-09-АР9. 5 Ревизия D | D11: Предоставить эскизы оконных блоков (стандартные эскизы см. стандарт АТР). | F11: АТР Оконные и балконные блоки ПВХ | G11: 0.5 | H11: 15 - Недостаточность информации влияющей на СМР | I11: Шалаева О. | J11: 45036 | K11: снято | M11: 45337 | N11: см.комплект АР4.3 https://docs.google.com/spreadsheets/d/1YuiVJh5g_X5jHE5eOh_2DEvATkVyA1tZkiQMcCOB9Wo/edit#gid=1097608423
A12: 2 | B12: 1190-02-10-09-АР9. 5 Ревизия D | D12: Включить в состав комплекта спецификацию элементов заполнения оконных проемов (предоставленную отдельным файлом). | F12: АТР Оконные и балконные блоки ПВХ | G12: 0.5 | H12: 15 - Недостаточность информации влияющей на СМР | I12: Шалаева О. | J12: 45036 | K12: снято | M12: 45337 | N12: см.комплект АР4.3 https://docs.google.com/spreadsheets/d/1YuiVJh5g_X5jHE5eOh_2DEvATkVyA1tZkiQMcCOB9Wo/edit#gid=1097608423
A13: 3 | B13: 1190-02-10-09-АР9. 5 Ревизия D | D13: В спецификации указать формулу стеклопакета (уточнить! в ПД 1190-01-ЭЭ.ПЗ, находящейся в экспертизе, в предыдущем заходе в МГЭ в разделе ЭЭ для окон был указан СПД 4М1-14-И4-14-И4). | F13: АТР Оконные и балконные блоки ПВХ 1190-01-ЭЭ.ПЗ | G13: 0.5 | H13: 15 - Недостаточность информации влияющей на СМР | I13: Шалаева О. | J13: 45036 | K13: снято | M13: 45337 | N13: см.комплект АР4.3 https://docs.google.com/spreadsheets/d/1YuiVJh5g_X5jHE5eOh_2DEvATkVyA1tZkiQMcCOB9Wo/edit#gid=1097608423
A14: 4 | B14: 1190-02-10-09-АР9. 5 Ревизия D | D14: В спецификации в марке окон к вентклапану добавить VT700 (VT715), см. как указано в инструкции. | F14: Инструкция по назначению клапанов | G14: 0.5 | H14: 15 - Недостаточность информации влияющей на СМР | I14: Шалаева О. | J14: 45036 | K14: снято | M14: 45337 | N14: см.комплект АР4.3 https://docs.google.com/spreadsheets/d/1YuiVJh5g_X5jHE5eOh_2DEvATkVyA1tZkiQMcCOB9Wo/edit#gid=1097608423
A15: 5 | B15: 1190-02-10-09-АР9. 5 Ревизия D | D15: В спецификации в столбце с примечаниями указать оснащение окон москитными сетками (количество москитных сеток - 1 шт. на один блок). Указать, что на оконные блоки ОП-201, ОП-201л, ОПмгн-201; ОПмгн-201л, ОП-202, ОП-202л сетка монтируется снаружи. В оконные блоки с откидывающимися створками ОП-208.1л москитная сетка устанавливается изнутри помещения на металлических кронштейнах (см. указания в стандарте АТР на л.4). | F15: АТР Оконные и балконные блоки ПВХ | G15: 0.5 | H15: 15 - Недостаточность информации влияющей на СМР | I15: Шалаева О. | J15: 45036 | K15: снято | M15: 45337 | N15: см.комплект АР4.3 https://docs.google.com/spreadsheets/d/1YuiVJh5g_X5jHE5eOh_2DEvATkVyA1tZkiQMcCOB9Wo/edit#gid=1097608423
A16: 6 | B16: 1190-02-10-09-АР9. 5 Ревизия D | D16: Предоставить информацию по подоконным доскам и заглушкам к ним. | F16: АТР Оконные и балконные блоки ПВХ л.4 п.10 | G16: 0.5 | H16: 15 - Недостаточность информации влияющей на СМР | I16: Шалаева О. | J16: 45036 | K16: снято | M16: 45337 | N16: см.комплект АР4.3 https://docs.google.com/spreadsheets/d/1YuiVJh5g_X5jHE5eOh_2DEvATkVyA1tZkiQMcCOB9Wo/edit#gid=1097608423
A17: 7 | B17: 1190-02-10-09-АР9. 5 Ревизия D | D17: Добавить в спецификацию окон столбец с указанием количества замков безопасности для каждой марки окна. В примечаниях на листе указать фразу: "Оконные блоки с открывающимися створками комплектуются замками безопасности типа Si-AU ( или аналог), цвет белый (по одному замку на каждую створку окна)". | F17: АТР Оконные и балконные блоки ПВХ | G17: 0.5 | H17: 15 - Недостаточность информации влияющей на СМР | I17: Шалаева О. | J17: 45036 | K17: снято | M17: 45337 | N17: см.комплект АР4.3 https://docs.google.com/spreadsheets/d/1YuiVJh5g_X5jHE5eOh_2DEvATkVyA1tZkiQMcCOB9Wo/edit#gid=1097608423
A18: 8 | D18: В спецификации в столбце с примечаниями указать материал и цвет отливов и откосов оконных блоков. | G18: 0.5 | H18: 15 - Недостаточность информации влияющей на СМР | I18: Шалаева О. | J18: 45036 | K18: снято | M18: 45337 | N18: см.комплект АР4.3 https://docs.google.com/spreadsheets/d/1YuiVJh5g_X5jHE5eOh_2DEvATkVyA1tZkiQMcCOB9Wo/edit#gid=1097608423
A19: 9 | B19: 1190-02-10-09-АР9. 5 Ревизия D | D19: В примечаниях на листе со спецификацией указать фразу: "Вентиляционный клапан Ventec VT700 (VT715) установить в правую створку оконного блока, для балконных блоков - в балконную дверь.” | F19: Инструкция по назначению клапанов | G19: 0.5 | H19: 15 - Недостаточность информации влияющей на СМР | I19: Шалаева О. | J19: 45036 | K19: снято | M19: 45337 | N19: см.комплект АР4.3 https://docs.google.com/spreadsheets/d/1YuiVJh5g_X5jHE5eOh_2DEvATkVyA1tZkiQMcCOB9Wo/edit#gid=1097608423
B20: 1190-02-10-09-АР9. 5 Ревизия D | D20: Замечания к балконным блокам ПВХ
A21: 10 | B21: 1190-02-10-09-АР9. 5 Ревизия D | C21: 7-15 | D21: На планах замаркировать балконные блоки (стандартные марки см. в АТР). | F21: АТР Оконные и балконные блоки ПВХ | G21: 0.5 | H21: 15 - Недостаточность информации влияющей на СМР | I21: Шалаева О. | J21: 45036 | K21: снято | M21: 45337 | N21: см.комплект АР4.3 https://docs.google.com/spreadsheets/d/1YuiVJh5g_X5jHE5eOh_2DEvATkVyA1tZkiQMcCOB9Wo/edit#gid=1097608423
A22: 11 | B22: 1190-02-10-09-АР9. 5 Ревизия D | D22: Предоставить эскизы балконных блоков (стандартные эскизы см. стандарт АТР). | F22: АТР Оконные и балконные блоки ПВХ | G22: 0.5 | H22: 15 - Недостаточность информации влияющей на СМР | I22: Шалаева О. | J22: 45036 | K22: снято | M22: 45337 | N22: см.комплект АР4.3 https://docs.google.com/spreadsheets/d/1YuiVJh5g_X5jHE5eOh_2DEvATkVyA1tZkiQMcCOB9Wo/edit#gid=1097608423
A23: 12 | B23: 1190-02-10-09-АР9. 5 Ревизия D | D23: Предоставить в составе комплекта спецификацию на балконные блоки с указанием марок (см. стандартную маркировку в АТУ) и формулой стеклопакета (в ПД ЭЭ для окон и балконных дверей указан СПД 4М1-14-И4-14-И4). | F23: АТР Оконные и балконные блоки ПВХ 1190-01-ЭЭ.ПЗ л.68 | G23: 0.5 | H23: 15 - Недостаточность информации влияющей на СМР | I23: Шалаева О. | J23: 45036 | K23: снято | M23: 45337 | N23: см.комплект АР4.3 https://docs.google.com/spreadsheets/d/1YuiVJh5g_X5jHE5eOh_2DEvATkVyA1tZkiQMcCOB9Wo/edit#gid=1097608423
A24: 13 | B24: 1190-02-10-09-АР9. 5 Ревизия D | D24: В спецификации в столбце с примечаниями указать материал и цвет отливов и откосов балконных блоков. | F24: АТР Оконные и балконные блоки ПВХ л.4 п.11 | G24: 0.5 | H24: 15 - Недостаточность информации влияющей на СМР | I24: Шалаева О. | J24: 45036 | K24: снято | M24: 45337 | N24: см.комплект АР4.3 https://docs.google.com/spreadsheets/d/1YuiVJh5g_X5jHE5eOh_2DEvATkVyA1tZkiQMcCOB9Wo/edit#gid=1097608423
A25: 14 | B25: 1190-02-10-09-АР9. 5 Ревизия D | D25: В примечаниях на листе со спецификацией указать фразу: "Балконные двери комплектуются ручкой с наружной стороны (1шт. на каждый балконный блок). Одна из створок балконного блока оснащена ограничителем открывания створки "Гребенкой". | F25: АТР Оконные и балконные блоки ПВХ | G25: 0.5 | H25: 15 - Недостаточность информации влияющей на СМР | I25: Шалаева О. | J25: 45036 | K25: снято | M25: 45337 | N25: см.комплект АР4.3 https://docs.google.com/spreadsheets/d/1YuiVJh5g_X5jHE5eOh_2DEvATkVyA1tZkiQMcCOB9Wo/edit#gid=1097608423
B26: 1190-02-10-09-АР9. 5 Ревизия D | D26: Общие замечания
A27: 15 | B27: 1190-02-10-09-АР9. 5 Ревизия D | D27: В примечаниях на листе со спецификацией указать фразу: “Эскизы, ведомость расхода материалов и изделий, описание и технические характеристики к блокам ПВХ см. ЖД-ТАС-РЕН-АР-ОБ «Альбом типовых решений. Оконные и балконные блоки ПВХ Версия 6». | F27: АТР Оконные и балконные блоки ПВХ | G27: 0.5 | H27: 15 - Недостаточность информации влияющей на СМР | I27: Шалаева О. | J27: 45036 | K27: снято | M27: 45337 | N27: см.комплект АР4.3 https://docs.google.com/spreadsheets/d/1YuiVJh5g_X5jHE5eOh_2DEvATkVyA1tZkiQMcCOB9Wo/edit#gid=1097608423
A28: 16 | B28: 1190-02-10-09-АР9. 5 Ревизия D | D28: Замаркировать витражи на фасадах. | G28: 0.5 | H28: 15 - Недостаточность информации влияющей на СМР | I28: Шалаева О. | J28: 45036 | K28: снято | M28: 45337
A29: 17 | B29: 1190-02-10-09-АР9. 5 Ревизия D | D29: Комплект предоставлен без листа общих данных. | G29: 0.2 | H29: 15 - Недостаточность информации влияющей на СМР | I29: Шалаева О. | J29: 45036 | K29: снято | M29: 45337
A30: 18 | B30: 148-0721-ОК-1-0-2-10..19-АР9.5 | C30: 1 | D30: На листе должен быть Расход кирпича на устройство фасадов 1 этажа | G30: 0.5 | H30: 15 - Недостаточность информации влияющей на СМР | I30: Милявская А | J30: 45338 | K30: снято | M30: 45392 | N30: Учтено
A31: 19 | B31: 148-0721-ОК-1-0-2-10..19-АР9.5 | C31: 1 | D31: Общие указания: заменить п.10 Указания по производству работ (ничего из указанного не относится к фасадам) на информацию - об устройстве фасадной кладки (отсутствует в АР2.1, АР4.1) в пределах 1 этажа - марки кирпича цокольной части стен (лицевой полнотелый) и стен выше цоколя (лицевой пустотелый); - цвет кирпича; - указания по устройству кладки - армирование, вент.продухи. - об устройстве утепления наружных стен (отсутствует в АР2.1, АР4.1) в пределах 1 этажа - об отделке кровельных надстроек (материал, цвет); - о характере и цвете отделки стен переходных лоджий | G31: 0.5 | H31: 15 - Недостаточность информации влияющей на СМР | I31: Милявская А | J31: 45338 | K31: под ответственность проектировщика | M31: 45392 | N31: Разработаны нестандартные фасадные решения, которые не подлежат проверке ООПР. Замечание снято под ответственность проектировщика на основании комментария
A32: 20 | B32: 148-0721-ОК-1-0-2-10..19-АР9.5 | C32: 2 - 7 | D32: В комплект должны быть включены полные фасады, начиная с первого этажа, а не частичные со второго этажа и выше - откорректировать | G32: 0.5 | H32: 15 - Недостаточность информации влияющей на СМР | I32: Милявская А | J32: 45338 | K32: повторно | M32: 45392 | N32: Устранить разночтение между АР4.1 и АР9.5 в расположении ламелей решеток форкамер и ниш для размещения оборудования ОВ (в АР4.1 горизонтальные ламели, в АР9.5 вертикальные ламели)
A33: 21 | B33: 148-0721-ОК-1-0-2-10..19-АР9.5 | C33: 2 - 7 | D33: На полных фасадах показать: - маркировку витражей 1 этажа, светопрозрачных козырьков, вентиляционных решеток, лючков; - высотные отметки и отметки земли у входов в здание; - расположение и привязку вертикальных температурно-деформационных швов в облицовке 1 этажа; - расположение и отметку горизонтального температурно-деформационного шва в облицовке 1 этажа | G33: 0.5 | H33: 15 - Недостаточность информации влияющей на СМР | I33: Милявская А | J33: 45338 | K33: снято | M33: 45392 | N33: Учтено
A34: 22 | B34: 148-0721-ОК-1-0-2-10..19-АР9.5 | C34: 2 - 7 | D34: На полных фасадах показать: - расположение вертикальных деформационных швов между секциями; - домовые указатели (привязки, отметки); - отметку цокольной части стены (300 мм выше уровня земли) - условное обозначение облицовочной кладки от ур.земли до 0,3 м от ур.з (выполняется лицевым полнотелый кирпичем); - условное обозначение облицовочной кладки ниже ур.земли на глубину min150 мм (выполняется рядовым полнотелым кирпичем) | G34: 0.5 | H34: 15 - Недостаточность информации влияющей на СМР | I34: Милявская А | J34: 45338 | K34: снято | M34: 45392 | N34: Учтено
A35: 23 | B35: 148-0721-ОК-1-0-2-10..19-АР9.5 | C35: 2 - 7 | D35: На полных фасадах показать: - расположение домофонов на витражах МОП; - контрастную маркировку на дверях МОП, БКТ и лестничных клеток | G35: 0.5 | H35: 15 - Недостаточность информации влияющей на СМР | I35: Милявская А | J35: 45338 | K35: снято | M35: 45392 | N35: Учтено
A36: 24 | B36: 148-0721-ОК-1-0-2-10..19-АР9.5 | C36: 2 - 7 | D36: Условные обозначения: указать цвета фасадной плитки | G36: 0.5 | H36: 15 - Недостаточность информации влияющей на СМР | I36: Милявская А | J36: 45338 | K36: снято | M36: 45392 | N36: Учтено
A37: 25 | B37: 148-0721-ОК-1-0-2-10..19-АР9.5 | C37: 2 - 7 | D37: Условные обозначения: что такое спецификация на фрагменты, в каком комплекте разработана? | G37: 0.5 | H37: 15 - Недостаточность информации влияющей на СМР | I37: Милявская А | J37: 45338 | K37: снято | M37: 45392 | N37: Учтено
A38: 26 | B38: 148-0721-ОК-1-0-2-10..19-АР9.5 | C38: 8 - 15 | D38: Для информации Листы не проверялись на соответствие стандартным решениям. Корзины под кондиционеры, кронштейны под кондиционеры, узлы крепления к навесным панелям разработаны проектировщиком самостоятельно, что является ответственностью проектировщика | I38: Милявская А | J38: 45338

Sheet 3
A1: Номер замечания к комплекту | B1: Обозначение комплекта номер изм. (изм.0, изм.1, изм.2 и т.д. - записывать все изм., которые приходят на проверку) | C1: Номер листа в разделе | D1: Текст замечания | E1: Эскиз к замечанию (при необходимости) | F1: Ссылка на требование (обозначение документа, пункт НД или лист типового проекта и т.д) | G1: Коэффицент замечания | H1: Тип замечания | I1: ФИО проверяющего | J1: Дата выдачи замечаний | K1: Статус замечаия | L1: Ответ от субподрядчика на замечания (при необходимости) - УКАЗАТЬ НА КАКОМ ЛИСТЕ ВНЕСЕНЫ ИЗМЕНЕНИЯ | M1: Дата повторной проверки | N1: Комментарий/ замечание | O1: Ответ от субподрядчика на замечания (при необходимости) - УКАЗАТЬ НА КАКОМ ЛИСТЕ ВНЕСЕНЫ ИЗМЕНЕНИЯ | P1: Дата повторной проверки | Q1: Комментарий/ замечание | R1: Ответ от субподрядчика на замечания (при необходимости) - УКАЗАТЬ НА КАКОМ ЛИСТЕ ВНЕСЕНЫ ИЗМЕНЕНИЯ | S1: Дата повторной проверки | T1: Комментарий/ замечание | U1: Ответ субподрядчика на замечания (при необхродимости) | V1: Дата повторной проверки | W1: Комментарий/ замечание | X1: Ответ субподрядчика на замечания (при необхродимости) | Y1: Дата повторной проверки | Z1: Комментарий/ замечание | AA1: Ответ субподрядчика на замечания (при необхродимости)
B2: Заполнить вручную | C2: Заполнить вручную | D2: формула | H2: 1 - Несоответствие продуктовым требованиям ПИК-Стандарт | I2: 2 - Несоответствие Бренд-листам ПИК | J2: 3 - Несоответствие Каталогу отделки | K2: 5 - Ошибка в применении СТМ | L2: 4 - Несоответствие Каталогу оборудования | M2: 6 - Ошибка в применении сборных ЛМ | N2: 7 - Ошибка в применении шкаф-пакетов | O2: 8 - Ошибка в применении шахт-пакетов | S2: 9 - Несоответствие типологическим требованиям ПИК-Стандарт | T2: 10 - Несоответствие НТД РФ | U2: 11 - Несоответствие ИРД (кроме ТУ, СТУ), АПР, ПД | V2: 12 - Несоответствие требованиям ТУ, СТУ | W2: 13 - Ошибка в технических решениях | X2: 14 - Неувязка м/у собой комплектов РД | Y2: 15 - Недостаточность информации влияющей на СМР | Z2: 16 - Нерациональное решение | AA2: 17 - Оформление
B3: общее количество листов (по ведомости рабочих чертежей) | C3: количество листов с замечаниями | D3: коэффициент возврата Кв | H3: =COUNTIF($H10:$H154,"1 - Несоответствие продуктовым требованиям ПИК-Стандарт") -> 4 | I3: =COUNTIF($H10:$H154,"2 - Несоответствие Бренд-листам ПИК") -> 0 | J3: =COUNTIF($H10:$H154,"3 - Несоответствие Каталогу отделки") -> 0 | K3: =COUNTIF($H10:$H154,"5 - Ошибка в применении СТМ") -> 0 | L3: =COUNTIF($H10:$H154,"4 - Несоответствие Каталогу оборудования") -> 0 | M3: =COUNTIF($H10:$H154,"6 - Ошибка в применении сборных ЛМ") -> 0 | N3: =COUNTIF($H10:$H154,"7 - Ошибка в применении шкаф-пакетов") -> 0 | O3: =COUNTIF($H10:$H154,"8 - Ошибка в применении шахт-пакетов") -> 0 | S3: =COUNTIF($H10:$H154,"9 - Несоответствие типологическим требованиям ПИК-Стандарт") -> 1 | T3: =COUNTIF($H10:$H154,"10 - Несоответствие НТД РФ") -> 1 | U3: =COUNTIF($H10:$H154,"11 - Несоответствие ИРД (кроме ТУ, СТУ), АПР, ПД") -> 0 | V3: =COUNTIF($H10:$H154,"12 - Несоответствие требованиям ТУ, СТУ") -> 0 | W3: =COUNTIF($H10:$H154,"13 - Ошибка в технических решениях") -> 0 | X3: =COUNTIF($H10:$H154,"14 - Неувязка м/у собой комплектов РД") -> 3 | Y3: =COUNTIF($H10:$H154,"15 - Недостаточность информации влияющей на СМР") -> 5 | Z3: =COUNTIF($H10:$H154,"16 - Нерациональное решение") -> 0 | AA3: =COUNTIF($H10:$H154,"17 - Оформление") -> 0
A4: Заполнить вручную | B4: 19 | C4: 19 | D4: =C4/B4 -> 1 | H4: формула | I4: формула | J4: формула | K4: формула | L4: формула | M4: формула | N4: формула | O4: формула | S4: формула | T4: формула | U4: формула | V4: формула | W4: формула | X4: формула | Y4: формула | Z4: формула | AA4: формула
G5: формула
A6: 0.2 | B6: 0.5 | C6: 1 | D6: общий коэф критичности замечаний | F6: Количество замечаний с к=0,2 | G6: =COUNTIFS(G10:G121,"0,2") -> 2
A7: =G6*0.2/B4 -> 0.021052632 | B7: =G7*0.5/B4 -> 0.26315789 | C7: =G8*1/B4 -> 0.10526316 | D7: =(G6*A6+G7*B6+G8*C6)/SUM(G6:G8) -> 0.52857143 | F7: Количество замечаний с к=0,5 | G7: =COUNTIFS(G10:G121,"0,5") -> 10
A8: формула | B8: формула | C8: формула | D8: формула | F8: Количество замечаний с к=1 | G8: =COUNTIFS(G10:G121,"1") -> 2
A10: 1 | B10: 1190-01-1-9-АР4.2 рев.А, рев.В | C10: 1 | D10: Исключить указанную в п."Цвет" оклейку стекла тонирующей пленкой RAL7040 с внутренней стороны витражных конструкций лоджий в уровне второго этажа. В стандарте нет таких решений. | F10: Витражные конструкции квартирных лоджий. Версия 3. | G10: 0.5 | H10: 1 - Несоответствие продуктовым требованиям ПИК-Стандарт | I10: Шалаева О. Милявская А. | J10: 45042 | K10: снято | L10: Принято | M10: 45141 | N10: Оклейка стекла тонирующей пленкой исправлена на стемалит
A11: 2 | B11: 1190-01-1-9-АР4.2 рев.А, рев.В | C11: 4-18 | D11: На разрезах по лоджиям показаны отдельностоящие металлические ограждения перед витражами. Согласно адресной программе, на объекте должны применяться витражные конструкции с интегрированным в них ограждением. Исправить на разрезах, Учесть при разработке узлов крепления витражей. Согласовать с ПРЕФАБ. | F11: Витражные конструкции квартирных лоджий. Версия 3. | G11: 0.5 | H11: 1 - Несоответствие продуктовым требованиям ПИК-Стандарт | I11: Шалаева О. Милявская А. | J11: 45042 | K11: снято | L11: Не принято, ограждение интегрированное см. общие данные п.10, л.19 п.2 примечаний. На разрезах показано условно, детальные чертежи разрабатывает КМ | M11: 45141 | N11: Интегрированное ограждение показано на узлах (л.28)
A12: 3 | B12: 1190-01-1-9-АР4.2 рев.А, рев.В | C12: 5 | D12: На разрезе по лоджии с витражем В-2 (в плане в осях 1.37 /1.У-!.Ш секц.9) для всех типовых этажей показана толщина пола лоджии 100мм. По стандарту только в квартирах для МГН (3-7эт.) пол лоджий 100мм, а в обычных квартирах на типовых этажах должен быть 60мм. Привести на разрезе толщину полов лоджий к стандарту. Показать на разрезе лоджии для 2-го, 3-7, 8-15, 16 этажей. Учесть разную толщину полов при разработке узлов крепления витражей. | F12: Полы | G12: 1 | H12: 9 - Несоответствие типологическим требованиям ПИК-Стандарт | I12: Шалаева О. Милявская А. | J12: 45042 | K12: снято | L12: Принято | M12: 45141 | N12: Исправлено
A13: 4 | B13: 1190-01-1-9-АР4.2 рев.А, рев.В | C13: 4-18 | D13: При разработке эскизов витражей лоджий и узлов их крепления учесть требование СП1 к обеспечению расстояния от пола до низа профиля при открытом положении створки витража (не до низа балки) не менее 2.5м. Сейчас на разрезах видно, что это требование не выполняется. | F13: СП 1.13130_2020 п.4.2.4 | G13: 1 | H13: 10 - Несоответствие НТД РФ | I13: Шалаева О. Милявская А. | J13: 45042 | K13: снято | L13: Принято | M13: 45141 | N13: Исправлено, в том числе и в КЖ2.2
A14: 5 | B14: 1190-01-1-9-АР4.2 рев.А, рев.В | C14: 4-18 | D14: На эскизах витражей 2-го этажа показаны вставки из стемалита в нижней части витражей, а на фасадах в АР9.5 стемалита нет. Привести разделы в соответствие между собой. | F14: 1190-01-1-9-АР9.5 Ревизия С | G14: 0.5 | H14: 14 - Неувязка м/у собой комплектов РД | I14: Шалаева О. Милявская А. | J14: 45042 | K14: снято | L14: Принято | M14: 45141 | N14: Замечание будет снято после проверки откорректированного 1190-01-1-9-АР9.5 | S14: 45337 | T14: Показано
A15: 6 | B15: 1190-01-1-9-АР4.2 рев.А, рев.В | C15: 15-18 | D15: Привести в соответствие эскизы угловых витражей и их изображение на фасадах в АР9.5 - на эскизах показаны широкие вертикальные стойки на углу, а на фасадах их нет. | F15: 1190-01-1-9-АР9.5 Ревизия С | G15: 0.5 | H15: 14 - Неувязка м/у собой комплектов РД | I15: Шалаева О. Милявская А. | J15: 45042 | K15: снято | L15: Принято, будут приведено в соответствие в следующей ревизии альбома "Фасады" | M15: 45141 | N15: Замечание будет снято после проверки откорректированного 1190-01-1-9-АР9.5 | S15: 45337 | T15: Показано
A16: 7 | B16: 1190-01-1-9-АР4.2 рев.А, рев.В | D16: Предоставить узлы примыкания и крепления угловых витражей квартирных лоджий к облицовке фасадов и к плитам перекрытия н(в т.ч.на углу.) | G16: 0.5 | H16: 15 - Недостаточность информации влияющей на СМР | I16: Шалаева О. Милявская А. | J16: 45042 | K16: снято с условием | L16: Принято | M16: 45141 | N16: Узлы предоставлены, но не согласованы. Необходимо согласование Префаб, так как предлагаются нестандартные решения. учесть Замечание ниже
A17: 8 | B17: 1190-01-1-9-АР4.2 рев.А, рев.В | D17: Предоставить узлы верхнего, нижнего и бокового примыкания и крепления прямых витражей к навесным панелям и монолитным пилонам с облицовкой, к плитам перекрытия или указать ссылку на комплект, где эти узлы разработаны. | G17: 0.5 | H17: 15 - Недостаточность информации влияющей на СМР | I17: Шалаева О. Милявская А. | J17: 45042 | K17: снято с условием | L17: Принято | M17: 45141 | N17: Узлы предоставлены, но не согласованы. Необходимо согласование Префаб, так как предлагаются нестандартные решения. учесть Замечание ниже
A18: 9 | B18: 1190-01-1-9-АР4.2 рев.А, рев.В | C18: 4-18 | D18: На фрагментах планов лоджий контур плиты перекрытия не совпадает с разрезами по лоджиям - на разрезах на торце плиты перекрытия показана монолитная балка, на планах ее нет. Привести плиту в соответствие с КЖ. | G18: 0.5 | H18: 14 - Неувязка м/у собой комплектов РД | I18: Шалаева О. Милявская А. | J18: 45042 | K18: снято | L18: Не принято, на скриншоте план второго этажа, балка 1-го этажа на разрезах заглублена для организации термовкладышей. Контур плит соответствует КЖ. Для облегчения проверки добавлено обозначение балок | M18: 45141 | N18: Контур плит соответствует КЖ
A19: 10 | B19: 1190-01-1-9-АР4.2 рев.А, рев.В | C19: 4-18 | D19: Принять утепление монолитного пилона на лоджиях по стандарту толщиной 230мм. | F19: Наружные конструкции. Стены | G19: 0.5 | H19: 15 - Недостаточность информации влияющей на СМР | I19: Шалаева О. Милявская А. | J19: 45042 | K19: снято | L19: Принято | M19: 45141 | N19: Выполнено
A20: 11 | B20: 1190-01-1-9-АР4.2 рев.А, рев.В | D20: Замаркировать на планах, фасадах, предоставить эскизы и спецификацию витражных дверей переходных балконов, разработанных согласно стандарта. | F20: Витражные конструкции переходных балконов | G20: 0.5 | H20: 15 - Недостаточность информации влияющей на СМР | I20: Шалаева О. Милявская А. | J20: 45042 | K20: снято | L20: Принято | M20: 45141 | N20: Выполнено
A21: 12 | B21: 1190-01-1-9-АР4.2 рев.А, рев.В | D21: Замаркировать витражные конструкции на фасадах. | I21: Шалаева О. Милявская А. | J21: 45042 | K21: снято | L21: Принято. Марки добавлены, будут предоставлены в следующей ревизии альбома "Фасады" | M21: 45141 | N21: Замечание будет снято после проверки откорректированного 1190-01-1-9-АР9.5 | S21: 45337 | T21: Показано
A22: 13 | B22: 1190-01-1-9-АР4.2 рев.В рев.А от 15.12.23 | C22: 1 | D22: Общие указания, п.10: Цвет - обратить внимание/обосновать принятое решение о том, что заполнение из стемалита в уровне второго этажа отличается по цвету (RAL 7040) от алюминиевых профилей, нащельников и отливов (RAL 7016) | G22: 0.2 | H22: 1 - Несоответствие продуктовым требованиям ПИК-Стандарт | I22: Милявская А. | J22: 45141 | K22: снято | O22: Не принято, RAL стемалита указан на основании АГР | P22: 45275 | Q22: цвет согласно АГР
A23: 14 | B23: 1190-01-1-9-АР4.2 рев.В рев.А от 15.12.23 | C23: 2 - 10 | D23: На маркировочных схемах указать марку наружной двери тех.пространства. В Примечаниях указать, в каком комплекте учтены наружные двери тех.пространства | G23: 0.2 | H23: 15 - Недостаточность информации влияющей на СМР | I23: Милявская А. | J23: 45141 | K23: требует изм. в смежном комплекте | O23: Не принято, как следует из названия альбома "Корпус 1. Секции 1-9. Элементы заполнения проемов типового этажа. Светопрозрачные конструкции" данный альбом содержит рабочую документацию в т.ч. указания только на светопрозрачные конструкции. На схемак и в примечаниях не указываются и не маркируются металлические двери, как и деревянные, ни внутренние ни наружные. Маркировка данных дверей на схемах будет некорректно повторяться в рабочих чертежах на витражи марки КМ, т.к. данные схемы являются заданием | P23: 45275 | Q23: в Замечании спрашивалось, в каком разделе учтены эти двери с переходного балкона в тех.пространство. Их нет ни в АР4.3, ни в АР3.2. Будет учтено в АР3.2 (см. ответ в письме от 15.12.23)
A24: 15 | B24: 1190-01-1-9-АР4.2 рев.В | C24: 27, 28 | D24: Согласовать узлы непосредственно в Префаб, так как предлагаются нестандартные решения | I24: Милявская А. | J24: 45141 | K24: предварительно согласовано Префаб 11.10.23 письмом | O24: Будет согласовано
A25: 16 | B25: 1190-01-1-9-АР4.2 рев.В рев.А от 15.12.23 | C25: 29 | D25: Примечания, п.9: указать оборудование дверей ручками-штангами длиной 800 мм с тремя точками крепления, взамен ручек длиной 500 мм, указанных в стандартах (в связи с негативными рекламациями их эксплуатации) | G25: 0.5 | H25: 1 - Несоответствие продуктовым требованиям ПИК-Стандарт | I25: Милявская А. | J25: 45141 | K25: снято | O25: Учтено | P25: 45275
D26: Чек- лист предварительной приемки РД АР под выполнение работ ООО “ПРЕФАБ ТЕХНОЛОГИИ” от 07.04.23
A27: 1 | B27: 1190-01-1-9-АР4.2 рев.А, рев.В | D27: Предоставить документациюв формате pdf и dwg : 1. 1190-01-02-АР2 (Узлы и детали) 2. 1190-01-1-9-АР11 (Металлические изделия) | I27: ПРЕФАБ ТЕХНОЛОГИИ | J27: 45023 | L27: Будет предоставлен | M27: 45141
A28: 2 | B28: 1190-01-1-9-АР4.2 рев.А, рев.В | D28: Предоставить документацию: 1190-01-1-9 АР9.5 (Фасады) | I28: ПРЕФАБ ТЕХНОЛОГИИ | J28: 45023 | L28: Будет предоставлен | M28: 45141
A29: 3 | B29: 1190-01-1-9-АР4.2 рев.А, рев.В | D29: Требуется переработка АР4.2.: В качестве заполнения межэтажных перекрытий используется стемалит (стекло закаленное окрашенное в цвет RAL). Оклейка стекла тонирующей пленкой не предусматривается. Требуется внести изменение в маркировку этого заполнения. | I29: ПРЕФАБ ТЕХНОЛОГИИ | J29: 45023 | K29: снято | L29: Частично принято, заменена тонирующая пленка витражей второго этажа, отсальные межэтажные перекрытия предусмотрены в системе вентфасада | M29: 45141 | N29: Исправлено
A30: 4 | B30: 1190-01-1-9-АР4.2 рев.А, рев.В | D30: Предоставить документациюв формате pdf и dwg : 1190-01-1-9 АР7 (Разрезы) | I30: ПРЕФАБ ТЕХНОЛОГИИ | J30: 45023 | L30: Будет предоставлен | M30: 45141
A31: 5 | B31: 1190-01-1-9-АР4.2 рев.А, рев.В | D31: 1. Обращаем внимание, что минимально необходимый размер от края проема до края габарита стойки - 50 мм. Данный параметр закреплен Решением №2 (ГП МФС, ПИК-профиль, ПИК-проект). 2. При построение конструкции в проеме с учетом монтажного зазора разбивку витража необходимо делить на равные части с округлением до челых значений. Осевые размеры витража сделать целыми значениями, остальные размеры можно добавить в монтажные зазоры. | I31: ПРЕФАБ ТЕХНОЛОГИИ | J31: 45023 | K31: снято | L31: Принято | M31: 45141 | N31: Исправлено
A32: 6 | B32: 1190-01-1-9-АР4.2 рев.А, рев.В | D32: 3. Габариты витражей должны быть указаны по проему в фасаде (для витража, начиная со стартового этажа и заканчивая верхним этажом) Конструктивно витраж имеет в своем составе: - модуль стартового этажа - модуль типового этажа - модуль верхнего этажа данный набор модулей является одной единицей по проекту, к примеру В-1, в которую в свою очередь входят различные номенклатуры модулей | I32: ПРЕФАБ ТЕХНОЛОГИИ | J32: 45023 | K32: повторно | L32: Не принято, витражные конструкции индивидуальные, имеют пояса из вентфасада и не представляют собой единую светопрозрачную конструкцию, состоящую из модулей | M32: 45141 | N32: Решение требует согласования Префаб | O32: Будет согласовано
A33: 7 | B33: 1190-01-1-9-АР4.2 рев.А, рев.В | D33: Обозначение витражей можно выполнить по принципу ВИТРАЖ/МОДУЛЬ | I33: ПРЕФАБ ТЕХНОЛОГИИ | J33: 45023 | K33: повторно | L33: Не принято, витражные конструкции индивидуальные, имеют пояса из вентфасада и не представляют собой единую светопрозрачную конструкцию, состоящую из модулей | M33: 45141 | N33: Решение требует согласования Префаб | O33: Будет согласовано
A34: 8 | B34: 1190-01-1-9-АР4.2 рев.А, рев.В | D34: Необхъодимо указать альбом типовых узлов по которому будет выполняется проектирование. Альбом типовых узлов. Типовые этажи. ЖД-ТА-РЕН-АР-АР4.2 | I34: ПРЕФАБ ТЕХНОЛОГИИ | J34: 45023 | K34: снято | L34: Добавлен в ведомость ссылочных и прилагаемых документов | M34: 45141 | N34: Выполнено
A35: 9 | B35: 1190-01-1-9-АР4.2 рев.А, рев.В | D35: Маркировочный план витражных конструкций лоджий, по возможности, выполнить по секциям. | I35: ПРЕФАБ ТЕХНОЛОГИИ | J35: 45023 | K35: снято | L35: Учтено | M35: 45141 | N35: Выполнено

Sheet 4
A1: Номер замечания к комплекту | B1: Обозначение комплекта номер изм. (изм.0, изм.1, изм.2 и т.д. - записывать все изм., которые приходят на проверку) | C1: Номер листа в разделе | D1: Текст замечания | E1: Эскиз к замечанию (при необходимости) | F1: Ссылка на требование (обозначение документа, пункт НД или лист типового проекта и т.д) | G1: Коэффицент замечания | H1: Тип замечания | I1: ФИО проверяющего | J1: Дата выдачи замечаний | K1: Статус замечаия | L1: Ответ от субподрядчика на замечания (при необходимости) - УКАЗАТЬ НА КАКОМ ЛИСТЕ ВНЕСЕНЫ ИЗМЕНЕНИЯ | M1: Дата повторной проверки | N1: Комментарий/ замечание | O1: Эскиз к замечанию | P1: Ответ от субподрядчика на замечания (при необходимости) - УКАЗАТЬ НА КАКОМ ЛИСТЕ ВНЕСЕНЫ ИЗМЕНЕНИЯ | Q1: Дата повторной проверки | R1: Комментарий/ замечание | S1: Ответ субподрядчика на замечания (при необхродимости) | T1: Дата повторной проверки | U1: Комментарий/ замечание | V1: Ответ субподрядчика на замечания (при необхродимости) | W1: Дата повторной проверки | X1: Комментарий/ замечание | Y1: Ответ субподрядчика на замечания (при необхродимости) | Z1: Дата повторной проверки | AA1: Комментарий/ замечание | AB1: Эскиз к замечанию | AC1: Ответ субподрядчика на замечания (при необхродимости) | AD1: Дата повторной проверки | AE1: Комментарий/ замечание | AF1: Эскиз к замечанию | AG1: Ответ субподрядчика на замечания (при необхродимости) | AH1: Дата повторной проверки | AI1: Комментарий/ замечание | AJ1: Эскиз к замечанию | AK1: Ответ субподрядчика на замечания (при необхродимости) | AL1: Дата повторной проверки | AM1: Комментарий/ замечание | AN1: Ответ субподрядчика на замечания (при необхродимости)
B2: Заполнить вручную | C2: Заполнить вручную | D2: формула | H2: 1 - Несоответствие продуктовым требованиям ПИК-Стандарт | I2: 2 - Несоответствие Бренд-листам ПИК | J2: 3 - Несоответствие Каталогу отделки | K2: 5 - Ошибка в применении СТМ | L2: 4 - Несоответствие Каталогу оборудования | M2: 6 - Ошибка в применении сборных ЛМ | O2: 7 - Ошибка в применении шкаф-пакетов | P2: 8 - Ошибка в применении шахт-пакетов | Q2: 9 - Несоответствие типологическим требованиям ПИК-Стандарт | R2: 10 - Несоответствие НТД РФ | S2: 11 - Несоответствие ИРД (кроме ТУ, СТУ), АПР, ПД | T2: 12 - Несоответствие требованиям ТУ, СТУ | U2: 13 - Ошибка в технических решениях | V2: 14 - Неувязка м/у собой комплектов РД | W2: 15 - Недостаточность информации влияющей на СМР | X2: 16 - Нерациональное решение | Y2: 17 - Оформление
B3: общее количество листов (по ведомости рабочих чертежей) | C3: количество листов с замечаниями | D3: коэффициент возврата Кв | H3: =COUNTIF($H10:$H179,"1 - Несоответствие продуктовым требованиям ПИК-Стандарт") -> 4 | I3: =COUNTIF($H10:$H179,"2 - Несоответствие Бренд-листам ПИК") -> 0 | J3: =COUNTIF($H10:$H179,"3 - Несоответствие Каталогу отделки") -> 0 | K3: =COUNTIF($H10:$H179,"5 - Ошибка в применении СТМ") -> 0 | L3: =COUNTIF($H10:$H179,"4 - Несоответствие Каталогу оборудования") -> 0 | M3: =COUNTIF($H10:$H179,"6 - Ошибка в применении сборных ЛМ") -> 0 | O3: =COUNTIF($H10:$H179,"7 - Ошибка в применении шкаф-пакетов") -> 0 | P3: =COUNTIF($H10:$H179,"8 - Ошибка в применении шахт-пакетов") -> 0 | Q3: =COUNTIF($H10:$H179,"9 - Несоответствие типологическим требованиям ПИК-Стандарт") -> 7 | R3: =COUNTIF($H10:$H179,"10 - Несоответствие НТД РФ") -> 1 | S3: =COUNTIF($H10:$H179,"11 - Несоответствие ИРД (кроме ТУ, СТУ), АПР, ПД") -> 2 | T3: =COUNTIF($H10:$H179,"12 - Несоответствие требованиям ТУ, СТУ") -> 0 | U3: =COUNTIF($H10:$H179,"13 - Ошибка в технических решениях") -> 0 | V3: =COUNTIF($H10:$H179,"14 - Неувязка м/у собой комплектов РД") -> 2 | W3: =COUNTIF($H10:$H179,"15 - Недостаточность информации влияющей на СМР") -> 13 | X3: =COUNTIF($H10:$H179,"16 - Нерациональное решение") -> 0 | Y3: =COUNTIF($H10:$H179,"17 - Оформление") -> 0
A4: Заполнить вручную | B4: 52 | C4: 52 | D4: =C4/B4 -> 1 | H4: формула | I4: формула | J4: формула | K4: формула | L4: формула | M4: формула | O4: формула | P4: формула | Q4: формула | R4: формула | S4: формула | T4: формула | U4: формула | V4: формула | W4: формула | X4: формула | Y4: формула
G5: формула
A6: 0.2 | B6: 0.5 | C6: 1 | D6: общий коэф критичности замечаний | F6: Количество замечаний с к=0,2 | G6: =COUNTIFS(G10:G146,"0,2") -> 0
A7: =G6*0.2/B4 -> 0 | B7: =G7*0.5/B4 -> 0.13461538 | C7: =G8*1/B4 -> 0.28846154 | D7: =(G6*A6+G7*B6+G8*C6)/SUM(G6:G8) -> 0.75862069 | F7: Количество замечаний с к=0,5 | G7: =COUNTIFS(G10:G146,"0,5") -> 14
A8: формула | B8: формула | C8: формула | D8: формула | F8: Количество замечаний с к=1 | G8: =COUNTIFS(G10:G146,"1") -> 15
A10: 1 | B10: 1190-01-1-9-АР4.1 Ревизия А рев.С от 05.06.23 | D10: В комплекте предоставлены маркировочные планы, спецификации и эскизы витражей только для секц.4-6. Предоставить комплект в полном объеме на все 1-9 секций. | G10: 0.5 | H10: 15 - Недостаточность информации влияющей на СМР | I10: Шалаева О. | J10: 45042 | K10: снято | L10: Принято, будет предоставлен | M10: 45107
A11: 2 | B11: 1190-01-1-9-АР4.1 Ревизия А рев.С от 05.06.23 | D11: Предоставить фасады в уровне 1 этажа с замаркированными на них витражами, отметками низа, верха витражей, отметками перед входами и на углах фасадов. | G11: 0.5 | H11: 15 - Недостаточность информации влияющей на СМР | I11: Шалаева О. | J11: 45042 | K11: снято | L11: Принято | M11: 45107
A12: 3 | B12: 1190-01-1-9-АР4.1 Ревизия А рев.С от 05.06.23 | C12: 2 | D12: На маркировочном плане : - указать марки всех витражных дверей - графическое изображение створок всех витражных дверей. | G12: 0.5 | H12: 15 - Недостаточность информации влияющей на СМР | I12: Шалаева О. | J12: 45042 | K12: снято | L12: Принято | M12: 45107
A13: 4 | B13: 1190-01-1-9-АР4.1 Ревизия А рев.С от 05.06.23 | C13: 7, 8 | D13: Информацию, касающуюся одной входной группы, разместить на одном листе. На л.8 показаны планы для ВГ № 5.2 и 5.4, эскизы для № 5.1 и 5.2, фрагменты фасадов для ВГ № 5.1 и 5.5. На л.7 на Разрезе 2-2 указать номер входн.группы ЛК. | G13: 0.5 | H13: 15 - Недостаточность информации влияющей на СМР | I13: Шалаева О. | J13: 45042 | K13: снято | L13: Принято | M13: 45107
A14: 5 | B14: 1190-01-1-9-АР4.1 Ревизия А рев.С от 05.06.23 рев.D от 19.07.23 | C14: 3, 6, 9 | D14: Согласно ЗнП высота помещений 1-го этажа от уровня пола до низа потолка в чистовой отделке должна быть не менее 3,3 м. На сечениях по входн.группам в МОП № 4 .1 , 4.2, 5.1, 6.1, 6.2 высота от пола до подвесного потолка =3160мм. Принять высоту помещений МОП "в свету" не менее 3.3м от пола до потолка, учесть корректировки на эскизах витражей (с учетом примыкания потолка к ригелю витража) и на фасадах. | F14: ЗнП п.2.2 | G14: 1 | H14: 11 - Несоответствие ИРД (кроме ТУ, СТУ), АПР, ПД | I14: Шалаева О. | J14: 45042 | K14: снято | L14: Частично принято, без примыкания к наружному ригелю, с организацией нащельника между ригелем и потолком | M14: 45107 | N14: Нужно в таких витражах показать дополнительный горизонтальный ригель и предоставить узел, где будет видно, что потолок в тамбуре примыкает к этому ригелю над частью витража с глухим заполнением. На эскизах это тоже нужно указать (можно шрихпунктиром и сделать выноску в примечания, что предусмотрен еще один ригель, который не видно со стороны фасада) | P14: Не принято, данный импост даже без декоративной крышки будет сечь решетку. Потолок подвесной, примыкание обеспечивается нащельником из оцинкованной стали, прошу пояснить необходимость дополнительного импоста (узел 13.1) | Q14: 45139 | R14: Витражи и решение по примыканию не стандартное.
A15: 6 | B15: 1190-01-1-9-АР4.1 Ревизия А рев.С от 05.06.23 | C15: 3-12 | D15: На сечениях по входным группам МОП и БКТ/ЦИН показать согласно стандарта в тамбурах утепление потолка толщиной по теплотехническому рассчету в ЭЭ. | F15: Отделка помещений | G15: 0.5 | H15: 9 - Несоответствие типологическим требованиям ПИК-Стандарт | I15: Шалаева О. | J15: 45042 | K15: снято | L15: Принято | M15: 45107
A16: 7 | B16: 1190-01-1-9-АР4.1 Ревизия А рев.С от 05.06.23 рев.D от 19.07.23 | C16: 4 | D16: Откорректировать витражи на выходе из ЛК согласно стандартным решениям (см. в тип.альбоме дверь для ЛК ДВН-2), указать конкретную величину размера "в свету". Учесть, что остекленные части витража могут быть выполнены с минимальной шириной от 475мм (меньшего размера производством остекленные не изготавливаются, только глухие). По вашему вопросу на совещании уточнено: Витражную дверь выхода из ЛК из подземного этажа запроектировать как индивидуальную, однопольную, на основе стандартной ДВН-2, с обеспечением проема "в свету" 1200мм (с учетом всех элементов дверной коробки) | F16: Витражные конструкции 1 этажа Альбом типовых решений ЖД_ТА_РЕН_АР_В_ПЭ | G16: 1 | H16: 1 - Несоответствие продуктовым требованиям ПИК-Стандарт | I16: Шалаева О. | J16: 45042 | K16: снято | L16: Принято | M16: 45107 | N16: Двери на выходах их ЛК подземного этажа показаны двупольными. Обосновать принятое решение, отличное от указанного в замечании. | P16: Принято | Q16: 45139
A17: 8 | B17: 1190-01-1-9-АР4.1 Ревизия А рев.С от 05.06.23 рев.D от 19.07.23 рев.Е от 21.08.23 | D17: На эскизах показаны ветн.решетки на витражах, за решетками указан стемалит. Предоставить узлы, как будет проходить венткороб чарез стемалит и крепиться вент.решетка. По стандарту за вент.решеткой размещается сендвич панель, в которой по месту вырезается отверстие с габаритами, необходимыми для подключения вент. короба. Стандартный узел можно посмотреть в АТУ_часть 1 _л.17. Если это решетки как декоративные элементы фасада (а не вентиляционные), то указать это в усл. обозначениях и предоставить узлы их крепления к витражу. Разработать эскизы этих решеток. Стандартных таких решений нет. Требуется согласование с РП. | F17: АТУ_Подземный и 1 этаж часть 1 | G17: 1 | H17: 1 - Несоответствие продуктовым требованиям ПИК-Стандарт | I17: Шалаева О. | J17: 45042 | K17: Повторно до прохождения МГЭ | M17: 45107 | N17: Требуется соласование с РП и ПРЕФАБ возможности изготовления нестандартных витражных конструкций с решетками. | P17: Ответ будет предоставлен после уточнения возможности исполнения | Q17: 45139 | R17: Требуется соласование с РП и ПРЕФАБ возможности изготовления нестандартных витражных конструкций с решетками. | S17: В ПРЕФАБ не согласовано, решетки заменены на горизонтальные | T17: 45159 | U17: Требуется корректировка ПД | AC17: Выполнено ранее. В узле (1) нет стемалита. Указан сендвич | AG17: Выполнено ранее. В узле (1) нет стемалита. Указан сендвич
A18: 9 | B18: 1190-01-1-9-АР4.1 Ревизия А рев.С от 05.06.23 | D18: На эскизах показаны стеклянные козырьки, отличающиеся от стандартных. Предоставить экскизы и спецификацию на эти козырьки, узлы их крепления (или указать, где они разработаны). Стандартные решения по креплению козырьков можно посмотреть в АТУ. | F18: АТУ_Подземный и 1 этаж часть 1 | G18: 0.5 | H18: 15 - Недостаточность информации влияющей на СМР | I18: Шалаева О. | J18: 45042 | K18: снято | L18: Принято | M18: 45107
A19: 10 | B19: 1190-01-1-9-АР4.1 Ревизия А рев.С от 05.06.23 рев.D от 19.07.23 рев.Е от 21.08.23 рев.F от 04.09.23 | D19: В спецификациях указать огнестойкость витражных конструкций на входах в МОП (см.у казано на эскизах в стандарте). | F19: Витражные конструкции 1 этажа Альбом типовых решений ЖД_ТА_РЕН_АР_В_ПЭ | G19: 0.5 | H19: 15 - Недостаточность информации влияющей на СМР | I19: Шалаева О. | J19: 45042 | K19: снято | L19: Принято | M19: 45107 | N19: Согласно стандарта витражи в противопожарном исполнении применяются только на входах в МОП (наружные), в БКТ это указывать не нужно. Принять степень огнестойкости витражей в соответствии с высотой здания, см. указано в стандартном альбоме на эскизах витражей. | P19: Не принято, СП 2. п.5.4.18 "Предел огнестойкости конструкций наружных светопрозрачных стен должен соответствовать требованиям, предъявляемым к наружным ненесущим стенам.", МОПБ "Наружные ненесущие стены - EI15" | Q19: 45139 | R19: Принять огнестойкость витражей согласно стандарта Витражные конструкции 1 этажа . Для выходов из ЛК, БКТ противопожарные витражи не требуются. | S19: На основании письма по вопросу огнестойкости внесены следующие корректировки: 1)в ОД и примечаниях уточнено что глухие участки наружных светопрозрачных конструкций выполнить E15, марки оставлены без изменений. 2) Не принято, заполнение дверей EI15 при расстоянии менее 4м в соответствии с пунктом 5.4.16 е) предусматривается только при условии примыкания одной части здания к другой с внутренним угол менее 135°, прошу пояснить в связи с чем в письме требуется мерить по прямой при отсутствии угла и проема на противоположенной стене 3) Не принято замечание по расстоянию 1,2 м между проемами ЛК и соседними проемами т.к. указан проем в кладке, а не в наружной стене, а также на основании того, что витражная конструкция приравнивается к наружной ненесущей стене с соответствующим пределом огнестойкости и проем под ее установку не является проемом лк, проем в лк это дверной проем "При этом под глухим участком наружной стены понимается участок стены, имеющий нормируемый предел огнестойкости (Е30 в зданиях I степени огнестойкости и Е15 в зданиях II-IV cтепени огнестойкости) без проемов. Если данный участок стены предусмотрен светопрозрачным, то его предел огнестойкости также должен иметь указанное выше нормативное значение." | T19: 45159 | U19: Скорректировать (по возможности) огнестойкость наружных витражных конструкций с учетом договоренности по итогам совещания от 21.08.23. Стандартные решения см.по ссылке Витражные конструкции 1 эт | V19: Откорректировано с учетом договоренности по итогам совещания | W19: 45174
A20: 11 | B20: 1190-01-1-9-АР4.1 Ревизия А рев.С от 05.06.23 | D20: Указать эксплуатационные характеристики витражных окон и дверей - сопротивление теплопередаче R для заполнения витража, формулы стеклопакетов (см. как указано в стандартных альбомах в общ.данных) | F20: Витражные конструкции 1 этажа Альбом типовых решений ЖД_ТА_РЕН_АР_В_ПЭ | G20: 0.5 | H20: 15 - Недостаточность информации влияющей на СМР | I20: Шалаева О. | J20: 45042 | K20: снято | L20: Принято | M20: 45107
A21: 12 | B21: 1190-01-1-9-АР4.1 Ревизия А рев.С от 05.06.23 рев.D от 19.07.23 рев.Е от 21.08.23 | C21: 40 | D21: Принять на входах в колясочные согласно стандарта остекленные двери в составе витража высотой от плиты перекрытия до плиты. Замаркировать на плане, предоставить в спецификации. Уточнение по вашему вопросу на совещании: двери в колясочные принять двупольные остекленные, с отбойной полосой 300мм внизу полотен (остекление аналогично входным витражам). Высоту принять в соответствии с выполнеными СМР, по согласованию с РП . | F21: Витражные конструкции 1 этажа Альбом типовых решений ЖД_ТА_РЕН_АР_В_ПЭ | G21: 1 | H21: 1 - Несоответствие продуктовым требованиям ПИК-Стандарт | I21: Шалаева О. | J21: 45042 | K21: снято | M21: 45107 | N21: Согласно действующим стандартам в колясочной применяется витражная дверь по типу стандартного витража ДВВ-16 (см. л.57). Такая возможность на объекте имеется. Обоснуйте необходимость устройства глухих двупольных металлических дверей. Прилагаемый в ответе скрин из неактуальных рекомендаций фонда. | P21: Предусмотрена алюминиевая остекленная дверь с габаритами 1400х2100 в соответствии с выполненными СМР | Q21: 45139 | R21: Дверь в колясочную принять витражной (габаритами согласно выполоненым СМР), в противопожарном исполнении (помещение категорийное). | S21: Принято, указано | T21: 45159
A22: 13 | B22: 1190-01-1-9-АР4.1 Ревизия А рев.С от 05.06.23 рев.D от 19.07.23 | D22: Открывание дверей из колясочных показать по ходу эвакуации из помещения. | G22: 1 | H22: 10 - Несоответствие НТД РФ | I22: Шалаева О. | J22: 45042 | K22: снято | L22: Не принято, в соответствии с рекомендациями фонда двери металлические, не разрабатываются в данном альбоме | M22: 45107 | P22: Не принято, двери в ревизии С открываются из колясочной | Q22: 45139
A23: 14 | B23: 1190-01-1-9-АР4.1 Ревизия А рев.С от 05.06.23 | D23: На эскизах двупольных дверей показать ширину рабочей створки (не менее 0,9м в чистоте). При определении ширины дверей выхода из БКТ, ЦИН принимать ширину выхода не менее 1,2м в чистоте. | F23: Витражные конструкции 1 этажа Альбом типовых решений ЖД_ТА_РЕН_АР_В_ПЭ | G23: 0.5 | H23: 15 - Недостаточность информации влияющей на СМР | I23: Шалаева О. | J23: 45042 | K23: снято | L23: Принято | M23: 45107
A24: 15 | B24: 1190-01-1-9-АР4.1 Ревизия А рев.С от 05.06.23 рев.D от 19.07.23 | C24: 3-11 | D24: На эскизах витражных дверей показать ручки по стандарту - тип ручки ручка-штанга длиной 500мм, окраска в цвет конструкции. В двупольных дверях ручка устанавливается только на рабочей створке (описание см. в стандарте). | F24: Витражные конструкции 1 этажа Альбом типовых решений ЖД_ТА_РЕН_АР_В_ПЭ | G24: 1 | H24: 9 - Несоответствие типологическим требованиям ПИК-Стандарт | I24: Шалаева О. | J24: 45042 | K24: снято | L24: Частично принято, за исключением дверей выходов из ЛК подземного этажа | M24: 45107 | N24: Откорректировать с учетом Замечания выше. | P24: Принято | Q24: 45139
A25: 16 | B25: 1190-01-1-9-АР4.1 Ревизия А рев.С от 05.06.23 рев.D от 19.07.23 рев.Е от 21.08.23 | C25: 12 | D25: На эскизах наружных витражей в БКТ и помещении консьержа показать открывающуюся фрамугу . Указать ручку с дистанционным управлением открывания на отм. +0,900 от уп. ч.п. | F25: Витражные конструкции 1 этажа Альбом типовых решений ЖД_ТА_РЕН_АР_В_ПЭ | G25: 1 | H25: 9 - Несоответствие типологическим требованиям ПИК-Стандарт | I25: Шалаева О. | J25: 45042 | K25: снято | L25: Не принято, в соответствии с решениями ИОС устанавливаются клапаны в верхней части витражей | M25: 45107 | N25: Замечание будет снято после подтверждения правильности решений ИОС специалистом ОВ МФС. | Q25: 45139 | R25: Замечание будет снято после подтверждения правильности решений ИОС специалистом ОВ МФС. | S25: Добавлены фрамуги (искл. БКТ секции 5 1.Н-1.Л/1.1-1.7) | T25: 45159 | U25: согласовать с ОВ.
A26: 17 | B26: 1190-01-1-9-АР4.1 Ревизия А рев.С от 05.06.23 | C26: 13 | D26: Для помещения консьержа показано окно из алюминиевого профиля габаритами 1200х1500. Согласно стандарта применяется витраж от плиты до плиты с остеклением от ур.ч.пола до подвесного потолка (см. в стандарте ВВ-1) | F26: Витражные конструкции 1 этажа Альбом типовых решений ЖД_ТА_РЕН_АР_В_ПЭ | G26: 1 | H26: 1 - Несоответствие продуктовым требованиям ПИК-Стандарт | I26: Шалаева О. | J26: 45042 | K26: снято | L26: Не принято, в секциях 3, 6, 8 отверстия 1200х1500 уже выполнены на стройке в монолите. Решение унифицировано для всех секций | M26: 45107 | N26: принято по выполненым СМР
A27: 18 | B27: 1190-01-1-9-АР4.1 Ревизия А рев.С от 05.06.23 рев.D от 19.07.23 | D27: На листах со спецификациями витражных дверей в примечании включить пункт "Все двери витражных конструкций оборудовать доводчиком. В двупольной двери доводчик устанавливается только на рабочую створку". | G27: 0.5 | H27: 15 - Недостаточность информации влияющей на СМР | I27: Шалаева О. | J27: 45042 | K27: снято | L27: Частично принято, за исключением дверей выходов из ЛК подземного этажа | M27: 45107 | N27: Откорректировать с учетом Замечания выше. | P27: Принято | Q27: 45139
A28: 19 | B28: 1190-01-1-9-АР4.1 Ревизия А рев.С от 05.06.23 | C28: 14 | D28: На узлах показана облицовка фасада керамической плиткой. В 1190-01-1-9-АР1 Ревизия А(л.1) указана облицовка пиленым кирпичом в составе сертифицированной фасадной системы. Привести узлы и конструкцию наружных стен 1-го этажа к единому решению. Стандартные узлы примыкания витражей можно посмотреть в АТУ часть 1. | F28: АТУ_Подземный и 1 этаж часть 1 | G28: 1 | H28: 14 - Неувязка м/у собой комплектов РД | I28: Шалаева О. | J28: 45042 | K28: требует изм. в смежном комплекте | L28: Принято | M28: 45107 | N28: На узлах показана облицовка фасада бетонной плиткой. В 1190-01-1-9-АР1 Ревизия А(л.1) указана облицовка пиленым кирпичом. Привести к единому решению.
A29: 20 | B29: 1190-01-1-9-АР4.1 Ревизия А рев.С от 05.06.23 рев.D от 19.07.23 рев.Е от 21.08.23 | D29: Учесть при проектировании эскизов витражей ДВН-45Л, ДВН-5.4Л, ДВН-6.4Л Замечание к АР2.3 к толщине части газобетонной стены (увеличение толщины до 200мм). | G29: 1 | H29: 14 - Неувязка м/у собой комплектов РД | I29: Шалаева О. | J29: 45042 | K29: снято | M29: 45107 | N29: Замечание будет снято после согласования кладочных планов. | P29: Не принято, изменения будут внесены при условии корректировки стен | Q29: 45139 | R29: Замечание будет снято после согласования кладочных планов. | S29: Не принято, изменения будут внесены при условии корректировки стен | T29: 45159
A30: 21 | B30: 1190-01-1-9-АР4.1 Ревизия А рев.С от 05.06.23 рев.D от 19.07.23 | C30: 19 | D30: Принять на входе в БКТ (входная гр.5.4) витражную дверь двупольную, аналогично как в тамбуре. Для правильного определения ширины проема для нее см. узлы по установке витражей в стандарте, л.14-15. | F30: АТУ_Подземный и 1 этаж часть 1 | G30: 1 | H30: 9 - Несоответствие типологическим требованиям ПИК-Стандарт | I30: Шалаева О. | J30: 45042 | K30: снято | M30: 45107 | N30: Витражные двери на входе в БКТ принять однотипные. Витражные двери устанавливаются от стены до стены (см. узлы в стандарте). Учесть замечания к толщине примыкающих наружных стен в кладочных. | P30: Не принято, на эскизе наружный витраж ДВН-6.4Л также 1900 , размеры оканчивающиеся на 2мм имеют только внутренние угловые витражи (см. узел 6) | Q30: 45139 | R30: Витражные двери в тамбурах на входах в БКТ в ПД были все одинаковые - двупольные. Обосновать применение в РД однопольных наружных дверей. | S30: Однополная дверь вместо двупольной с теми же габаритами принята на основании предположения, что при двупольной двери с большим полотном min 900 малое будет выполнено с сэндвич-панелью, а не остекленным | T30: 45159
A31: 22 | B31: 1190-01-1-9-АР4.1 Ревизия А рев.С от 05.06.23 рев.D от 19.07.23 | C31: 23 | D31: Поправить размер витража ВВ-6.4. | I31: Шалаева О. | J31: 45042 | K31: снято | M31: 45107 | N31: На плане ширина проема =1900мм. Привести в соответствие эскиз и план. Учесть замечания к кладочным в части толщины примыкающей наружной стены. | P31: Не принято, на эскизе наружный витраж ДВН-6.4Л также 1900 | Q31: 45139
A32: 23 | B32: 1190-01-1-9-АР4.1 рев.D от 19.07.23 рев.Е от 21.08.23 | C32: 48-49 | D32: На фасадах указать отметки по вентрешеткам, согласовать с ОВ. Учесть, что согласно СП 60 п.7.3.3 низ отверстия для приемного устройства наружного воздуха следует размещать на высоте более 1 м от уровня устойчивого снегового покрова, но не ниже 2 м от уровня земли. | G32: 0.5 | H32: 15 - Недостаточность информации влияющей на СМР | I32: Шалаева О. | J32: 45139 | K32: снято | S32: Принято, отметки добавлены, Также указаны отметки ур.зем. для подтверждения выполнения требования 2м от ур.зем. | T32: 45159
A33: 24 | B33: 1190-01-1-9-АР4.1 рев.Е от 21.08.23 рев.F от 04.09.23 | C33: 37, 39 | D33: Противопожарные витражи в БКТ 5 (на углу секции) приняты с разным пределом огнестойкости - ВН-2Р.31.1 E15 и ВН-4Р.51.1 Е30. Уточнить правильность. | G33: 0.5 | H33: 15 - Недостаточность информации влияющей на СМР | I33: Шалаева О. | K33: снято | T33: 45159 | V33: Не принято. Правильность проверена. 5.4.14. Если при размещении противопожарных стен или противопожарных перегородок 1-го типа в местах примыкания одной части здания к другой образуется внутренний угол менее 135° необходимо принять следующие меры: - участок наружной стены одной из частей здания, примыкающих к противопожарной стене или перегородке, длиной не менее 4 м от вершины угла должен быть класса пожарной опасности К0 и иметь предел огнестойкости, равный пределу огнестойкости противопожарной стены или противопожарной перегородки 6.37 Размещение встроенных помещений другого назначения в зданиях класса Ф1.3 предусмотрено на первом этаже жилого здания, при этом помещения жилой части от общественных помещений отделены противопожарными перегородками не ниже 1-го типа и перекрытиями не ниже 3-го типа без проемов (п. 5.2.7 СП 4.13130.2013) перегородки 1-го типа E45 заполнение 2-го типа E30 5.3.6. Противопожарные стены 2-го типа и перегородки 1-го типа должны примыкать к глухим участкам наружных стен с нормируемым пределом огнестойкости шириной не менее 1,0 м, - глухое окно E15 . | W33: 45174
A34: 25 | B34: 1190-01-1-9-АР4.1 рев.Е от 21.08.23 рев.F от 04.09.23 | C34: 37 | D34: Марка ВН-2Р.31.1 принята и для противопожарного витража, и для обычных. Указать разные марки. Учесть, что в помещение консьержа в наружном витраже должна быть открывающаяся фрамуга. | G34: 1 | H34: 9 - Несоответствие типологическим требованиям ПИК-Стандарт | I34: Шалаева О. | K34: снято | T34: 45159 | V34: Частично принято. В марке противопожарного витража отражен показатель огнестойкости. Добавлен в расшифровку марки. Окно в помещение консьержа заменено. | W34: 45174 | X34: Снято с условием. что Префаб устроит принятая маркировка. Рекомендуется во избежание путаницы применить в марке доп. знак (например *) для выделения витражей в противопожарном исполнении.
A35: 26 | B35: 1190-01-1-9-АР4.1 рев.F от 04.09.23 без рев. от 07.12.23 рев.А от 13.12.23 от 18.12.23 | C35: 25 | D35: В секц.7 на входной группе 7.1 в МОП принять витражные двери по стандарту двупольными (как было принято в ПД) | G35: 1 | H35: 11 - Несоответствие ИРД (кроме ТУ, СТУ), АПР, ПД | I35: Шалаева О. | K35: требует изм. в смежном комплекте | W35: 45174 | Z35: 45267 | AA35: Внутренняя витражная дверь в тамбуре в МОП секц.7 принята не по стандарту однопольной, и не соответствует ПД, где была двупольная. | AD35: 45274 | AE35: Данное замечание будет снято после согласования с МФР принятого решения с однопольной витражной дверью или установкой двупольной, но с частичной подвижкой зашивки (как вариант, если это возможно - непонятно назначение ниши (радиатор?). | AG35: Выполнено | AH35: 45278 | AI35: Замечание снято с условием согласования с МФР. Требуется учесть данное изменение в смежных комплектах АР (кладочных, отделочных). Уточнить назначение указанного отверстия.
A36: 27 | B36: 1190-01-1-9-АР4.1 рев.F от 04.09.23 без рев. от 07.12.23 рев.А от 13.12.23 от 18.12.23 от 29.12.23 | D36: Показать все вентрешетки, указать отметки низа решеток. Учесть Замечание к ОВ, привести разделы в соответствие. | G36: 0.5 | H36: 15 - Недостаточность информации влияющей на СМР | I36: Шалаева О. | K36: снято | Z36: 45267 | AA36: Замечание будет снято после согласования решеток с ОВ Замечание | AD36: 45274 | AE36: Замечание будет снято после согласования решеток с ОВ Замечание | AG36: Принято | AH36: 45278 | AI36: Замечание будет снято после согласования ниш и решеток с ОВ Замечание | AL36: 21.12.23 29.12.23 | AM36: Требуется согласование решеток с ОВ Замечание Эскизы решеток показать согласно утвержденному живому сечению. листы с нестандартными решетками исключены из комплекта.
A37: 28 | B37: 1190-01-1-9-АР4.1 рев.F от 04.09.23 без рев. от 07.12.23 | C37: 42-44 | D37: Конструкция вентрешеток решеток принята нестандартная, с вставками и по периметру с сендвич панелью Привести к стандартным решениям. Узел на л.50 предоставлен для крепления стандартной металлической решетки. | G37: 1 | H37: 9 - Несоответствие типологическим требованиям ПИК-Стандарт | I37: Шалаева О. | K37: снято | Z37: 45267
A38: 29 | B38: 1190-01-1-9-АР4.1 рев.F от 04.09.23 без рев. от 07.12.23 рев.А от 13.12.23 от 18.12.23 | C38: 47 | D38: Узлы примыкания отмостки показать по стандарту, см. ссылку. Узел примыкания отмостки при толщине пола более 130 мм принят нестандартный, с кирпичной кладкой под витражем. Принять стандартный узел, с монолитным бортиком, см. в АТУ часть 2 л.28. | F38: АТУ Подземный и первый этаж часть 1, л.28 | G38: 1 | H38: 9 - Несоответствие типологическим требованиям ПИК-Стандарт | K38: снято | Z38: 45267 | AA38: узел примыкания отмостки показан не по стандарту - с кирпичнам бортиком, а не монолитным. | AD38: 45274 | AE38: Замечание не снято. Исправления, внесенные в узел не соответствуют стандарту. Показать узел по стандарту - с монолитным бортиком. | AG38: Скорректировано в узле 11 | AH38: 45278 | AI38: Узел показан не стандартный - по стандарту монолитный бортик возводится на высоту засыпки керамзита, в РД он показан ниже, высота его не указана. Показать высоту бортика, учесть бортик в КЖ. Требуется подтверждение от ПРЕФАБ возможности такого крепления наружных витражей на входах. | AK38: Замечание рассмотрено. Выполнен нестандартный узел в виду высокой готовности СМР. Бетонного бортика не будет. Будет бортик из кирпича вдоль витража до верха засыпки. Крепление же витража будет к КЖ. Витраж имеет высоту от плиты до балки. 20.12.23 | AL38: 21.12.23 28.12.23 | AM38: Требуется согласование данного нестандартного узла с ПРЕФАБ. 28.12.23 узел солгласован с ПРЕФАБ, см. письмо
A39: 30 | B39: 1190-01-1-9-АР4.1 рев.F от 04.09.23 без рев. от 07.12.23 | D39: Показать на эскизах витражней в МОП уровень подвесного потолка. Учесть, что согласно стандарта высота от ур.ч.пола до низа подвесного потолка должна быть не менее 3300мм. | G39: 0.5 | H39: 15 - Недостаточность информации влияющей на СМР | I39: Шалаева О.В. | J39: 45230 | K39: снято | Z39: 45267
A40: 31 | B40: 1190-01-1-9-АР4.1 от 18.12.23 | D40: Учесть на эскизах наружных витражных дверей высоту монолитного бортика, согласно узлу на л.47 (для установки витражей при толщине пола более 130мм), указать соответствующие отметки. см. Замечание к узлу выше. | I40: Шалаева О.В. | J40: 45278 | K40: снято | L40: Замечание рассмотрено. Выполнен нестандартный узел в виду высокой готовности СМР. Бетонного бортика не будет. Будет бортик из кирпича вдоль витража до верха засыпки. Крепление же витража будет к КЖ. Витраж имеет высоту от плиты до балки. 20.12.23 | AL40: 21.12.23 28.12.23 | AM40: Эскизы витражей предварительно согласованы при условии согласования нестандартного узла, см. Замечание выше. 28.12.23 узел солгласован с ПРЕФАБ.
D41: Замечания из чек- листа предварительной приемки РД АР под выполнение работ ООО “ПРЕФАБ ТЕХНОЛОГИИ” от 07.04.23
D42: Предоставить документациюв формате pdf и dwg : 1. 1190-01-1-9 АР1 (Архитектурные планы) 2. 1190-01-1-3-АР2.1; -АР2.3; -АР2.5 (Кладочные планы 1-го этажа) 3. 1190-01-1-9-АР8 (Входные группы) | J42: 45023 | K42: Устранение данного замечания может подтвердить только ПРЕФАБ | M42: 45107 | N42: предоставить в МФР требуемую документацию
D43: Предоставить документацию в формате pdf и dwg : 1190-01-1-9 АР4.1 (Заполнение проемов 1-го эт.) | J43: 45023 | K43: Устранение данного замечания может подтвердить только ПРЕФАБ | M43: 45107 | N43: предоставить в МФР требуемую документацию
D44: Предоставить документациюв формате pdf и dwg : 1. 1190-01-02-АР2 (Узлы и детали) 2. 1190-01-1-9-АР11 (Металлические изделия) | J44: 45023 | K44: Устранение данного замечания может подтвердить только ПРЕФАБ | M44: 45107 | N44: предоставить в МФР требуемую документацию
D45: Предоставить документацию: 1190-01-1-9 АР9.5 (Фасады) | J45: 45023 | K45: Устранение данного замечания может подтвердить только ПРЕФАБ | M45: 45107 | N45: предоставить в МФР требуемую документацию
D46: Предоставить документациюв формате pdf и dwg : 1190-01-1-9 АР7 (Разрезы) | J46: 45023 | K46: Устранение данного замечания может подтвердить только ПРЕФАБ | M46: 45107 | N46: предоставить в МФР требуемую документацию
D47: Замечания из чек- листа предварительной приемки РД АР под выполнение работ ООО “ПРЕФАБ ТЕХНОЛОГИИ” от 03.11.23
D48: Размеры округлить до целых значений. | J48: 45233 | K48: снято | Z48: 45267
D49: Для вент. решеток указать требуемый коэффициент живого сечения. Вент. решетки секции 1-9, Р-1.1-1.15, секции 1-10 Р-1.1- 1.12, разделить доп. гор. ригелем. Р-3.2 разделить доп. верт. стойкой. | J49: 45233 | K49: Устранение данного замечания может подтвердить только ПРЕФАБ | Z49: 45267 | AA49: доп. горизонтальные ригели в указанных решетках Р-1.1-1.15 и доп вертикальная стойка в Р-3.2 не показаны | AD49: 45274 | AE49: доп. горизонтальные ригели в указанных решетках Р-1.1-1.15 показаны. сама доп. вертикальная стойка в Р-3.2 не читается на графике, указана только ширина частей. | AG49: Принято, указан
D50: Электромагнитные замки устанавливаются на объекте после монтажа конструкций силами заказчика. | J50: 45233 | K50: снято | Z50: 45267 | AA50: указано на л.1
D51: ДВН-2.3 в спецификации нет маркировки витража. | J51: 45233 | K51: снято | Z51: 45267
D52: ДВН-2.3, ДВН-8.4, ДВН-12.3 витражи могут быть выполнены либо на стоечно-ригельной системе RF50 c встроенными окнами, дверями, либо только на оконно-дверной RW64. | J52: 45233 | K52: Устранение данного замечания может подтвердить только ПРЕФАБ | Z52: 45267 | AG52: Принято
D53: Для требуемого проема в свету 1050мм, при ширине проема 1300мм, виражи будут выполнены на полностью на оконно-дверной системе RW64. Исправить узел 15 . | J53: 45233 | K53: Устранение данного замечания может подтвердить только ПРЕФАБ | Z53: 45267 | AG53: Принято
D54: Заполнение для глухой части в RW64 СПД 44мм 6зак-14-И4-14-И6зак. | J54: 45233 | K54: Устранение данного замечания может подтвердить только ПРЕФАБ | Z54: 45267 | AA54: не исправлено | AG54: Не принято. Формула стеклопакета не указана по результатам решений, принятых на совещании совместно с Префаб | AK54: Принято решение на совещании с Префаб исключить формулу из РД в АР. Однако есть требование к соблюдению СП и ГОСТ к материалам в примечаниях на листах.
D55: ДВВ-4.1/1Л на эскизе нет отм. ч.п. ДВВ-4.5Л на эскизе нет отм. ч.п. ДВВ-7.2/2 эскиз зеркально. ДВВ-7.3 на эскизе нет отм. ч.п. | J55: 45233 | K55: снято | Z55: 45267
D56: Окна ОА-1, ОА-2, эскизы без высотных отметок, нет сечений проемов, не указаны требуемые характеристики. Толщина профиля рамы для глухой части Realit RW64, 64мм. | J56: 45233 | K56: снято | Z56: 45267 | AA56: В спецификации указаны отметки верха и низа проемов. Разница =1460мм. На эскизе высота проема показана 1500мм. | AD56: 45274

Sheet 5
A1: Номер замечания к комплекту | B1: Обозначение комплекта номер изм. (изм.0, изм.1, изм.2 и т.д. - записывать все изм., которые приходят на проверку) | C1: Номер листа в разделе | D1: Текст замечания | E1: Эскиз к замечанию (при необходимости) | F1: Ссылка на требование (обозначение документа, пункт НД или лист типового проекта и т.д) | G1: Коэффицент замечания | H1: Тип замечания | I1: ФИО проверяющего | J1: Дата выдачи замечаний | K1: Статус замечаия | L1: Ответ от субподрядчика на замечания (при необходимости) - УКАЗАТЬ НА КАКОМ ЛИСТЕ ВНЕСЕНЫ ИЗМЕНЕНИЯ | M1: Дата повторной проверки | N1: Комментарий/ замечание | O1: Ответ от субподрядчика на замечания (при необходимости) - УКАЗАТЬ НА КАКОМ ЛИСТЕ ВНЕСЕНЫ ИЗМЕНЕНИЯ | P1: Дата повторной проверки | Q1: Комментарий/ замечание | R1: Ответ субподрядчика на замечания (при необхродимости) | S1: Дата повторной проверки | T1: Комментарий/ замечание | U1: Ответ субподрядчика на замечания (при необхродимости) | V1: Дата повторной проверки | W1: Комментарий/ замечание | X1: Ответ субподрядчика на замечания (при необхродимости)
B2: Заполнить вручную | C2: Заполнить вручную | D2: формула | H2: 1 - Несоответствие продуктовым требованиям ПИК-Стандарт | I2: 2 - Несоответствие Бренд-листам ПИК | J2: 3 - Несоответствие Каталогу отделки | K2: 5 - Ошибка в применении СТМ | L2: 4 - Несоответствие Каталогу оборудования | M2: 6 - Ошибка в применении сборных ЛМ | N2: 7 - Ошибка в применении шкаф-пакетов | O2: 8 - Ошибка в применении шахт-пакетов | P2: 9 - Несоответствие типологическим требованиям ПИК-Стандарт | Q2: 10 - Несоответствие НТД РФ | R2: 11 - Несоответствие ИРД (кроме ТУ, СТУ), АПР, ПД | S2: 12 - Несоответствие требованиям ТУ, СТУ | T2: 13 - Ошибка в технических решениях | U2: 14 - Неувязка м/у собой комплектов РД | V2: 15 - Недостаточность информации влияющей на СМР | W2: 16 - Нерациональное решение | X2: 17 - Оформление
B3: общее количество листов (по ведомости рабочих чертежей) | C3: количество листов с замечаниями | D3: коэффициент возврата Кв | H3: =COUNTIF($H11:$H19,"1 - Несоответствие продуктовым требованиям ПИК-Стандарт") -> 2 | I3: =COUNTIF($H10:$H19,"2 - Несоответствие Бренд-листам ПИК") -> 0 | J3: =COUNTIF($H10:$H19,"3 - Несоответствие Каталогу отделки") -> 0 | K3: =COUNTIF($H10:$H19,"5 - Ошибка в применении СТМ") -> 0 | L3: =COUNTIF($H10:$H19,"4 - Несоответствие Каталогу оборудования") -> 0 | M3: =COUNTIF($H10:$H19,"6 - Ошибка в применении сборных ЛМ") -> 0 | N3: =COUNTIF($H10:$H19,"7 - Ошибка в применении шкаф-пакетов") -> 0 | O3: =COUNTIF($H10:$H19,"8 - Ошибка в применении шахт-пакетов") -> 0 | P3: =COUNTIF($H10:$H19,"9 - Несоответствие типологическим требованиям ПИК-Стандарт") -> 0 | Q3: =COUNTIF($H10:$H19,"10 - Несоответствие НТД РФ") -> 1 | R3: =COUNTIF($H10:$H19,"11 - Несоответствие ИРД (кроме ТУ, СТУ), АПР, ПД") -> 0 | S3: =COUNTIF($H10:$H24,"12 - Несоответствие требованиям ТУ, СТУ") -> 0 | T3: =COUNTIF($H10:$H24,"13 - Ошибка в технических решениях") -> 0 | U3: =COUNTIF($H10:$H24,"14 - Неувязка м/у собой комплектов РД") -> 1 | V3: =COUNTIF($H10:$H24,"15 - Недостаточность информации влияющей на СМР") -> 7 | W3: =COUNTIF($H10:$H24,"16 - Нерациональное решение") -> 0 | X3: =COUNTIF($H10:$H24,"17 - Оформление") -> 1
A4: Заполнить вручную | B4: 9 | C4: 9 | D4: =C4/B4 -> 1 | H4: формула | I4: формула | J4: формула | K4: формула | L4: формула | M4: формула | N4: формула | O4: формула | P4: формула | Q4: формула | R4: формула | S4: формула | T4: формула | U4: формула | V4: формула | W4: формула | X4: формула
G5: формула
A6: 0.2 | B6: 0.5 | C6: 1 | D6: общий коэф критичности замечаний | F6: Количество замечаний с к=0,2 | G6: =COUNTIFS(G10:G24,"0,2") -> 1
A7: =G6*0.2/B4 -> 0.022222222 | B7: =G7*0.5/B4 -> 0.44444444 | C7: =G8*1/B4 -> 0.33333333 | D7: =(G6*A6+G7*B6+G8*C6)/SUM(G6:G8) -> 0.6 | F7: Количество замечаний с к=0,5 | G7: =COUNTIFS(G10:G24,"0,5") -> 8
A8: формула | B8: формула | C8: формула | D8: формула | F8: Количество замечаний с к=1 | G8: =COUNTIFS(G10:G24,"1") -> 3
A10: 1 | B10: 1190-01-02-АР0.1 Ревизия В 148-0721-ОК-1-0-1,2-1..19-АР0.1 | C10: 1 | D10: Ведомость основных комплектов рабочих чертежей: включить 1190-01-02-АР0.7 Устройство рампы (по аналогии с АР0.2 - АР0.4, в которых комплект учтен) | G10: 0.2 | H10: 17 - Оформление | I10: Милявская А. | J10: 45049 | K10: снято | L10: Принято. Комплект добавлен | M10: 45233 | N10: Иправлено
A11: 2 | B11: 1190-01-02-АР0.1 Ревизия В 148-0721-ОК-1-0-1,2-1..19-АР0.1 | C11: 2 - 8 | D11: План: - показать / замаркировать воздухозаборные шахты в венткамерах; - замаркировать все технические помещения рядом с лифтовыми шахтами | G11: 0.5 | H11: 15 - Недостаточность информации влияющей на СМР | I11: Милявская А. | J11: 45049 | K11: снято | L11: Принято. Воздухозаборные шахты и тех. помещения около лифтов замаркированы | M11: 45233 | N11: Иправлено
A12: 3 | B12: 1190-01-02-АР0.1 Ревизия В 148-0721-ОК-1-0-1,2-1..19-АР0.1 | C12: 2 | D12: Экспликация помещений: включить воздухозаборные камеры | G12: 0.5 | H12: 15 - Недостаточность информации влияющей на СМР | I12: Милявская А. | J12: 45049 | K12: снято | L12: Принято. Экспликация добавлена | M12: 45233 | N12: Иправлено
A13: 4 | B13: 1190-01-02-АР0.1 Ревизия В 148-0721-ОК-1-0-1,2-1..19-АР0.1 | C13: 2 | D13: Замаркировать помещения, расположенные рядом с лифтовыми шахтами | G13: 0.5 | H13: 15 - Недостаточность информации влияющей на СМР | I13: Милявская А. | J13: 45049 | K13: снято | L13: Принято, помещения будут замаркированы | M13: 45233 | N13: Иправлено
A14: 5 | B14: 1190-01-02-АР0.1 Ревизия В 148-0721-ОК-1-0-1,2-1..19-АР0.1 | C14: 2 - 8 | D14: Предусмотреть лотки вдоль проездов для отвода воды в случае тушения пожара для отвода воды при тушении пожара. Выполнить разуклонку к лоткам. Уклоны к лоткам должны быть в пределах 0,5-1%, уклоны лотков - не менее 0,6%. | F14: СП 30.13330.2020, п.20.14 СП 29.13330.2011 п.4.5 | G14: 1 | H14: 10 - Несоответствие НТД РФ | I14: Милявская А. | J14: 45049 | K14: снято | L14: Принято. Лотки предусмотрены | M14: 45233 | N14: Иправлено
A15: 6 | B15: 1190-01-02-АР0.1 Ревизия В 148-0721-ОК-1-0-1,2-1..19-АР0.1 | C15: 9 | D15: Замаркировать технические пространства - для возможности идентификации, маркирования внутренней отделки и подсчета объемов материалов Выполнить Экспликацию тех.пространств | G15: 0.5 | H15: 15 - Недостаточность информации влияющей на СМР | I15: Милявская А. | J15: 45049 | K15: снято | L15: Принято. Тех. пространства замаркированы на листе 9. Добавлена экспликация | M15: 45233 | N15: Иправлено
A16: 7 | B16: 1190-01-02-АР0.1 Ревизия В 148-0721-ОК-1-0-1,2-1..19-АР0.1 | C16: 11 | D16: Разработать план покрытия автостоянки с обозначением типов покрытий - под тротуары/газоны, - под пожарные проезды | G16: 1 | H16: 15 - Недостаточность информации влияющей на СМР | I16: Милявская А. | J16: 45049 | K16: снято | L16: Не принято. Данная информация в разделе ГП "Генплан", а также в разделе ДР/ГИ "Защита плиты покрытия стилобата от подтопления" | M16: 03.11.23 23.11.23 | N16: Включить в комплект лист с планом покрытия автостоянки с обозначением - деформационных узлов в местах примыкания плиты покрытия паркинга к стенам секций; - подпорных кирпичных стен в местах примыкания плиты покрытия паркинга к выступающим входным группам; - подпорных кирпичных стен в местах примыкания к плите покрытия паркинга проездов или озелениения; - типов покрытий под пожарные проезды, тротуары с возможностью проезда пожарной техники и пр.; - типовых и индивидуальных узлов, вошедших в комплект АР0.6; - типовых и индивидуальных узлов, не учтенных в комплекте АР0.6 Разместить на листе типовые и индивидуальные узлы, не учтенные в АР0.6 | O16: Принято. Лист с планом покрытия включен. Обозначены места примыкания плиты покрытия паркинга к стенам секций. Узлы добавлены в раздел АР0.6 на листе 11 | P16: 45286 | Q16: План: замаркировать типы покрытий под пожарные проезды, под тротуары и озеленение, под площадки входных групп. Типы покрытий: - исправить состав того, который учтен (под тротуары и озеленение) в соответствии со Стандартом 11. Слои благоустройства см. раздел ГП; 10. Профилированная дренажная мембрана (Технониколь - PLANTER GEO) - 9,1 мм; 9. Геотекстиль иглопробивной термообработанный (Технониколь) 300 г/м² - 1 слой; 8. Экструдированный пенополистирол (Технониколь - CARBON SOLID 500), прочность на сжатие при 10% линейной деформации ≥0,5 Мпа, λ=0,031 Вт/мК -100 мм; 7. Геотекстиль иглопробивной термообработанный (Технониколь) 300 г/м² - 1 слой; 6. Гидроизоляция 2-ой слой (Технониколь - Техноэласт ГРИН П) - 4 мм; 5. Гидроизоляция 1-ый слой (Технониколь - Техноэласт ЭПП) - 4 мм; 4. Праймер битумный (Технониколь №1) - 1 слой; 3. Цементно-песчаная стяжка М200, армированная сеткой 5Вр1 с ячейкой 100х100 - 50 мм; 2. Керамзитобетон B12.5 (керамзитовый гравий фр. 20-40мм, П35, М250) по уклону - min 40 мм; 1. Ж/б плита по проекту - включить состав покрытия под пожарные проезды, см Стандарт 12. Слои благоустройства см. раздел ГП; 11. Распределительная ж/б плита В22.5, F200, W-6, армированная в 1 слой сеткой Ø5 В500С с ячейкой 100х100 - 100 мм; 10. Профилированная дренажная мембрана (Технониколь - PLANTER GEO) - 9,1 мм; 9. Геотекстиль иглопробивной термообработанный (Технониколь) 300 г/м² - 1 слой; 8. Экструдированный пенополистирол (Технониколь - CARBON SOLID 500), прочность на сжатие при 10% линейной деформации ≥0,5 Мпа, λ=0,031 Вт/мК -100 мм; 7. Геотекстиль иглопробивной термообработанный (Технониколь) 300 г/м² - 1 слой; 6. Гидроизоляция 2-ой слой (Технониколь - Техноэласт ГРИН П) - 4 мм; 5. Гидроизоляция 1-ый слой (Технониколь - Техноэласт ЭПП) - 4 мм; 4. Праймер битумный (Технониколь №1) - 1 слой; 3. Цементно-песчаная стяжка М200, армированная сеткой 5Вр1 с ячейкой 100х100 - 50 мм; 2. Керамзитобетон B12.5 (керамзитовый гравий фр. 20-40мм, П35, М250) по уклону - min 40 мм; 1. Ж/б плита по проекту - указать площадь каждого типа покрытия | R16: Принято. Типы покрытий замаркированы. Состав покрытий исправлен. Площадь каждого типа покрытия указана. | S16: 45289 | T16: В К1 и К2 указана пароизоляция по жб плите покрытия автостоянки, не предусмотренная Стандартом. Избыточное решение - ответственность проектировщика
A17: 8 | B17: 1190-01-02-АР0.1 Ревизия В 148-0721-ОК-1-0-1,2-1..19-АР0.1 | C17: 2 | D17: См. замечание к ТХ1 от 23.11.23 https://docs.google.com/spreadsheets/d/1YuiVJh5g_X5jHE5eOh_2DEvATkVyA1tZkiQMcCOB9Wo/edit#gid=84153896&range=11:11 | G17: 0.5 | H17: 14 - Неувязка м/у собой комплектов РД | I17: Милявская А. | J17: 45253 | K17: снято | P17: 45286 | Q17: Исправлено
A18: 9 | B18: 1190-01-02-АР0.1 Ревизия В 148-0721-ОК-1-0-1,2-1..19-АР0.1 | C18: 11 | D18: План покрытия: - удалить проезды и тротуары, выходящие за пределы наружных стен паркинга; - замаркировать тип покрытия в местах западающих входных групп и площадок при входах в мусорокамеры Включить тип указанного покрытия в Типы покрытий, указать общую площадь 8. Бетонная тротуарная плитка (см. раздел ГП)- 80 мм 7. Сухая цементно-песчаная смесь М100 (см. раздел ГП) - 40 мм 6. Цементно-песчаная стяжка М200, армированная сеткой 5Вр1 с ячейкой 100х100, по уклону - 30-50 мм 5. Экструдированный пенополистирол (Технониколь - CARBON PROF), прочность на сжатие при 10% линейной деформации ≥0,2 Мпа, λ=0,032 Вт/мК - 100 мм 4. Мастика битумная приклеивающая (Технониколь №27) - 1 слой 3. Гидроизоляция (Технониколь - Техноэласт ЭПП) - 2 слоя 2. Праймер битумный (Технониколь №1) - 1 слой 1. Монолитная ж/б плита - по проекту | G18: 0.5 | H18: 1 - Несоответствие продуктовым требованиям ПИК-Стандарт | I18: Милявская А. | J18: 45286 | K18: снято | R18: Принято. План покрытий автостоянки приведен в соот-вующий вид | S18: 45289 | T18: Выполнено
A19: 10 | B19: 1190-01-02-АР0.1 Ревизия В 148-0721-ОК-1-0-1,2-1..19-АР0.1 | C19: 11 | D19: План покрытий: не могут быть одинаково замаркированы узлы с разными типами покрытий - отличаются решения примыкания покрытия под пожарные проезды и под входные площадки. Исправить маркировку узлов, включить недостающие узлы в АР0.6. Замечание будет снято после корректировки АР0.1 и АР0.6 | G19: 0.5 | H19: 1 - Несоответствие продуктовым требованиям ПИК-Стандарт | I19: Милявская А. | J19: 45286 | K19: снято | R19: Принято. Маркировка узлов исправлена (для покрытий с пожарным проездом марка 1п), узлы добавлены в раздел АР06. | S19: 45289 | T19: Выполнено
A20: 11 | B20: 1190-01-02-АР0.1 Ревизия В 148-0721-ОК-1-0-1,2-1..19-АР0.1 | C20: 11 | D20: План покрытий: показать размеры, радиусы, привязки распределительной плиты в составе покрытия под пожарные проезды | G20: 1 | H20: 15 - Недостаточность информации влияющей на СМР | I20: Милявская А. | J20: 45286 | K20: снято | R20: Принято. Размеры и привязки распределительной плиты указаны. | S20: 45289 | T20: Выполнено
A21: 12 | B21: 1190-01-02-АР0.1 Ревизия В 148-0721-ОК-1-0-1,2-1..19-АР0.1 | C21: 11 | D21: План покрытий: удалить изображение тротуаров, отмостки - лишняя информация на данном плане, так как под газоны, тротуары, отмостку выполняется одинаковая конструкция покрытия. Исключение составляет покрытие в местах западающих входных групп и площадок перед мусорокамерами | G21: 0.5 | H21: 15 - Недостаточность информации влияющей на СМР | I21: Милявская А. | J21: 45286 | K21: снято | R21: Принято. План покрытий автостоянки приведен в соот-вующий вид | S21: 45289 | T21: Выполнено

Sheet 6
A1: Номер замечания к комплекту | B1: Обозначение комплекта номер изм. (изм.0, изм.1, изм.2 и т.д. - записывать все изм., которые приходят на проверку) | C1: Номер листа в разделе | D1: Текст замечания | E1: Эскиз к замечанию (при необходимости) | F1: Ссылка на требование (обозначение документа, пункт НД или лист типового проекта и т.д) | G1: Коэффицент замечания | H1: Тип замечания | I1: ФИО проверяющего | J1: Дата выдачи замечаний | K1: Статус замечаия | L1: Ответ от субподрядчика на замечания (при необходимости) - УКАЗАТЬ НА КАКОМ ЛИСТЕ ВНЕСЕНЫ ИЗМЕНЕНИЯ | M1: Дата повторной проверки | N1: Комментарий/ замечание | O1: Ответ от субподрядчика на замечания (при необходимости) - УКАЗАТЬ НА КАКОМ ЛИСТЕ ВНЕСЕНЫ ИЗМЕНЕНИЯ | P1: Дата повторной проверки | Q1: Комментарий/ замечание | R1: Ответ субподрядчика на замечания (при необхродимости) | S1: Дата повторной проверки | T1: Комментарий/ замечание | U1: Ответ субподрядчика на замечания (при необхродимости) | V1: Дата повторной проверки | W1: Комментарий/ замечание | X1: Ответ субподрядчика на замечания (при необхродимости)
B2: Заполнить вручную | C2: Заполнить вручную | D2: формула | H2: 1 - Несоответствие продуктовым требованиям ПИК-Стандарт | I2: 2 - Несоответствие Бренд-листам ПИК | J2: 3 - Несоответствие Каталогу отделки | K2: 5 - Ошибка в применении СТМ | L2: 4 - Несоответствие Каталогу оборудования | M2: 6 - Ошибка в применении сборных ЛМ | N2: 7 - Ошибка в применении шкаф-пакетов | O2: 8 - Ошибка в применении шахт-пакетов | P2: 9 - Несоответствие типологическим требованиям ПИК-Стандарт | Q2: 10 - Несоответствие НТД РФ | R2: 11 - Несоответствие ИРД (кроме ТУ, СТУ), АПР, ПД | S2: 12 - Несоответствие требованиям ТУ, СТУ | T2: 13 - Ошибка в технических решениях | U2: 14 - Неувязка м/у собой комплектов РД | V2: 15 - Недостаточность информации влияющей на СМР | W2: 16 - Нерациональное решение | X2: 17 - Оформление
B3: общее количество листов (по ведомости рабочих чертежей) | C3: количество листов с замечаниями | D3: коэффициент возврата Кв | H3: =COUNTIF($H11:$H22,"1 - Несоответствие продуктовым требованиям ПИК-Стандарт") -> 0 | I3: =COUNTIF($H11:$H22,"2 - Несоответствие Бренд-листам ПИК") -> 0 | J3: =COUNTIF($H11:$H22,"3 - Несоответствие Каталогу отделки") -> 0 | K3: =COUNTIF($H11:$H22,"5 - Ошибка в применении СТМ") -> 0 | L3: =COUNTIF($H11:$H22,"4 - Несоответствие Каталогу оборудования") -> 0 | M3: =COUNTIF($H11:$H22,"6 - Ошибка в применении сборных ЛМ") -> 0 | N3: =COUNTIF($H11:$H22,"7 - Ошибка в применении шкаф-пакетов") -> 0 | O3: =COUNTIF($H11:$H22,"8 - Ошибка в применении шахт-пакетов") -> 0 | P3: =COUNTIF($H11:$H22,"9 - Несоответствие типологическим требованиям ПИК-Стандарт") -> 0 | Q3: =COUNTIF($H11:$H22,"10 - Несоответствие НТД РФ") -> 0 | R3: =COUNTIF($H11:$H22,"11 - Несоответствие ИРД (кроме ТУ, СТУ), АПР, ПД") -> 0 | S3: =COUNTIF($H11:$H22,"12 - Несоответствие требованиям ТУ, СТУ") -> 0 | T3: =COUNTIF($H11:$H22,"13 - Ошибка в технических решениях") -> 0 | U3: =COUNTIF($H11:$H22,"14 - Неувязка м/у собой комплектов РД") -> 0 | V3: =COUNTIF($H11:$H22,"15 - Недостаточность информации влияющей на СМР") -> 5 | W3: =COUNTIF($H11:$H22,"16 - Нерациональное решение") -> 0 | X3: =COUNTIF($H11:$H22,"17 - Оформление") -> 0
A4: Заполнить вручную | B4: 20 | C4: 6 | D4: =C4/B4 -> 0.3 | H4: формула | I4: формула | J4: формула | K4: формула | L4: формула | M4: формула | N4: формула | O4: формула | P4: формула | Q4: формула | R4: формула | S4: формула | T4: формула | U4: формула | V4: формула | W4: формула | X4: формула
G5: формула
A6: 0.2 | B6: 0.5 | C6: 1 | D6: общий коэф критичности замечаний | F6: Количество замечаний с к=0,2 | G6: =COUNTIFS(G11:G22,"0,2") -> 0
A7: =G6*0.2/B4 -> 0 | B7: =G7*0.5/B4 -> 0.1 | C7: =G8*1/B4 -> 0.05 | D7: =(G6*A6+G7*B6+G8*C6)/SUM(G6:G8) -> 0.6 | F7: Количество замечаний с к=0,5 | G7: =COUNTIFS(G11:G22,"0,5") -> 4
A8: формула | B8: формула | C8: формула | D8: формула | F8: Количество замечаний с к=1 | G8: =COUNTIFS(G11:G22,"1") -> 1
D10: Комплект рассмотрен только на соответствие габаритов проемов под дверные блоки и ворота, принятые в АР0.4, так как стены/перегородки и проемы в них к моменту передачи комплекта на рассмотрение уже выполнены на стройплощадке
A11: 1 | B11: 1190-01-02-АР0.2 рев.В, рев.С | C11: 2, 3, 8- | D11: Показать кладку в указанных проемах - не требуются в тамбур-шлюзах под дополнительные дверные блоки Д-6. Либо обосновать решение по устройству дополнительных дверных проемов | I11: Милявская А. | J11: 45049 | K11: отменено | L11: Не принятоДанные проемы необходимы для дверей. Двери устновлены для обслуживания технических помещений, расположенных рядом с ЛЛУ. | M11: 45126 | N11: По результатам совещания "Замечания АР Кусковская 12 (для СМР)" от 07.06.23 решено оставить указанные проемы | P11: 45195
A12: 2 | B12: 1190-01-02-АР0.2 рев.В, рев.С, рев.D | C12: 4, 6, 9, 10, 21 | D12: Развертки стен: - замаркировать металлические ограждения по краю технических пространств; - замаркировать и привязать металлические стремянки для доступа в тех.пространства | G12: 0.5 | H12: 15 - Недостаточность информации влияющей на СМР | I12: Милявская А. | J12: 45049 | K12: снято | L12: Принято. Металлические ограждения по краю тех.пространств заменены на кладку. Стремянки и люки будут замаркированы | M12: 45126 | N12: Не выполнено | P12: 45195 | Q12: Выполнено
A13: 3 | B13: 1190-01-02-АР0.2 рев.В, рев.С, рев.D | C13: 16 | D13: Планы технических пространств: - замаркировать металлические ограждения по краю технических пространств; - замаркировать и привязать металлические стремянки для доступа в тех.пространства Примечания на листе: добавить ссылку на комплект АР, в котором будут разработаны ограждения и стремянки | G13: 0.5 | H13: 15 - Недостаточность информации влияющей на СМР | I13: Милявская А. | J13: 45049 | K13: снято | L13: Принято. Металлические ограждения по краю тех.пространств заменены на кладку. Стремянки и люки будут замаркированы | M13: 45126 | N13: Не выполнено | P13: 45195 | Q13: Выполнено
A14: 4 | B14: 1190-01-02-АР0.2 рев.В, рев.С, рев.D | C14: 13, 14, 15, 20 | D14: Примечания: добавить пункт с информацией об огнезащите металлических фахверков - каким составом какой толщины необходимо обработать фахверки, чтобы они имели предел огнестойкости REI 150* * Стена между пожарными отсеками автостоянки (кладка из пеноблоков + металлические фахверки + элементы крепления) - I типа, то есть все ее составляющие должны иметь предел огнестойкости REI 150 | G14: 1 | H14: 15 - Недостаточность информации влияющей на СМР | I14: Милявская А. | J14: 45049 | K14: снято | L14: Принято, укажем огезащиту мет. фахверков | M14: 45126 | N14: Не выполнено | P14: 45195 | Q14: Указано
A15: 5 | B15: 1190-01-02-АР0.2 рев.D 148-0721-ОК-1-0-1,2-1..19-АР0.2 | C15: 2 | D15: Не предусмотрена перемычка на высоте 2100 мм от ур.чист.пола, см.замечание и ответ на него https://docs.google.com/spreadsheets/d/1YuiVJh5g_X5jHE5eOh_2DEvATkVyA1tZkiQMcCOB9Wo/edit#gid=1875782669&range=24:24 | G15: 0.5 | H15: 15 - Недостаточность информации влияющей на СМР | I15: Милявская А. | J15: 45195 | K15: снято | R15: В пом. 1.Т.8, согласно 1190-01-1-3-КЖ-0.2- Рев.B, проем 1000х2150(Н), низ на отм. -6,050. Отметка ч.п. = -6,000, итого отм. проема под дверь = 2100. Перемычка и кладка не требуется | S15: 45233 | T15: Верно
A16: 6 | B16: 1190-01-02-АР0.2 рев.D 148-0721-ОК-1-0-1,2-1..19-АР0.2 | C16: 17 | D16: Ведомость дверных проемов: включить проемы с перемычками Пр-88, Пр-89 (проемы 1000х2100 в тех.помещениях 1.Т.8, 1.Т.10 - 1.Т.14) | G16: 0.5 | H16: 15 - Недостаточность информации влияющей на СМР | I16: Милявская А. | J16: 45195 | K16: снято | R16: Принято. На листе 17 в ведомость дверных проемов добавлены проемы с перемычками ПР-88, Пр-89 | S16: 45233 | T16: Исправлено

Sheet 7
A1: Номер замечания к комплекту | B1: Обозначение комплекта номер изм. (изм.0, изм.1, изм.2 и т.д. - записывать все изм., которые приходят на проверку) | C1: Номер листа в разделе | D1: Текст замечания | E1: Эскиз к замечанию (при необходимости) | F1: Ссылка на требование (обозначение документа, пункт НД или лист типового проекта и т.д) | G1: Коэффицент замечания | H1: Тип замечания | I1: ФИО проверяющего | J1: Дата выдачи замечаний | K1: Статус замечаия | L1: Ответ от субподрядчика на замечания (при необходимости) - УКАЗАТЬ НА КАКОМ ЛИСТЕ ВНЕСЕНЫ ИЗМЕНЕНИЯ | M1: Дата повторной проверки | N1: Комментарий/ замечание | O1: Ответ от субподрядчика на замечания (при необходимости) - УКАЗАТЬ НА КАКОМ ЛИСТЕ ВНЕСЕНЫ ИЗМЕНЕНИЯ | P1: Дата повторной проверки | Q1: Комментарий/ замечание | R1: Ответ субподрядчика на замечания (при необхродимости) | S1: Дата повторной проверки | T1: Комментарий/ замечание | U1: Ответ субподрядчика на замечания (при необхродимости) | V1: Дата повторной проверки | W1: Комментарий/ замечание | X1: Ответ субподрядчика на замечания (при необхродимости) | Y1: Дата повторной проверки | Z1: Комментарий/ замечание | AA1: Ответ от субподрядчика на замечания (при необходимости) - УКАЗАТЬ НА КАКОМ ЛИСТЕ ВНЕСЕНЫ ИЗМЕНЕНИЯ | AB1: Дата повторной проверки | AC1: Комментарий/ замечание
B2: Заполнить вручную | C2: Заполнить вручную | D2: формула | H2: 1 - Несоответствие продуктовым требованиям ПИК-Стандарт | I2: 2 - Несоответствие Бренд-листам ПИК | J2: 3 - Несоответствие Каталогу отделки | K2: 5 - Ошибка в применении СТМ | L2: 4 - Несоответствие Каталогу оборудования | M2: 6 - Ошибка в применении сборных ЛМ | N2: 7 - Ошибка в применении шкаф-пакетов | O2: 8 - Ошибка в применении шахт-пакетов | P2: 9 - Несоответствие типологическим требованиям ПИК-Стандарт | Q2: 10 - Несоответствие НТД РФ | R2: 11 - Несоответствие ИРД (кроме ТУ, СТУ), АПР, ПД | S2: 12 - Несоответствие требованиям ТУ, СТУ | T2: 13 - Ошибка в технических решениях | U2: 14 - Неувязка м/у собой комплектов РД | V2: 15 - Недостаточность информации влияющей на СМР | W2: 16 - Нерациональное решение | X2: 17 - Оформление
B3: общее количество листов (по ведомости рабочих чертежей) | C3: количество листов с замечаниями | D3: коэффициент возврата Кв | H3: =COUNTIF($H10:$H81,"1 - Несоответствие продуктовым требованиям ПИК-Стандарт") -> 4 | I3: =COUNTIF($H10:$H81,"2 - Несоответствие Бренд-листам ПИК") -> 0 | J3: =COUNTIF($H10:$H81,"3 - Несоответствие Каталогу отделки") -> 2 | K3: =COUNTIF($H10:$H81,"5 - Ошибка в применении СТМ") -> 0 | L3: =COUNTIF($H10:$H81,"4 - Несоответствие Каталогу оборудования") -> 0 | M3: =COUNTIF($H10:$H81,"6 - Ошибка в применении сборных ЛМ") -> 0 | N3: =COUNTIF($H10:$H81,"7 - Ошибка в применении шкаф-пакетов") -> 0 | O3: =COUNTIF($H10:$H81,"8 - Ошибка в применении шахт-пакетов") -> 0 | P3: =COUNTIF($H10:$H81,"9 - Несоответствие типологическим требованиям ПИК-Стандарт") -> 5 | Q3: =COUNTIF($H10:$H81,"10 - Несоответствие НТД РФ") -> 1 | R3: =COUNTIF($H10:$H81,"11 - Несоответствие ИРД (кроме ТУ, СТУ), АПР, ПД") -> 0 | S3: =COUNTIF($H10:$H81,"12 - Несоответствие требованиям ТУ, СТУ") -> 0 | T3: =COUNTIF($H10:$H81,"13 - Ошибка в технических решениях") -> 3 | U3: =COUNTIF($H10:$H81,"14 - Неувязка м/у собой комплектов РД") -> 6 | V3: =COUNTIF($H10:$H81,"15 - Недостаточность информации влияющей на СМР") -> 32 | W3: =COUNTIF($H10:$H81,"16 - Нерациональное решение") -> 2 | X3: =COUNTIF($H10:$H81,"17 - Оформление") -> 5
A4: Заполнить вручную | B4: 19 | C4: 18 | D4: =C4/B4 -> 0.94736842 | H4: формула | I4: формула | J4: формула | K4: формула | L4: формула | M4: формула | N4: формула | O4: формула | P4: формула | Q4: формула | R4: формула | S4: формула | T4: формула | U4: формула | V4: формула | W4: формула | X4: формула
G5: формула
A6: 0.2 | B6: 0.5 | C6: 1 | D6: общий коэф критичности замечаний | F6: Количество замечаний с к=0,2 | G6: =COUNTIFS(G10:G81,"0,2") -> 4
A7: =G6*0.2/B4 -> 0.042105263 | B7: =G7*0.5/B4 -> 1.1315789 | C7: =G8*1/B4 -> 0.68421053 | D7: =(G6*A6+G7*B6+G8*C6)/SUM(G6:G8) -> 0.58833333 | F7: Количество замечаний с к=0,5 | G7: =COUNTIFS(G10:G81,"0,5") -> 43
A8: формула | B8: формула | C8: формула | D8: формула | F8: Количество замечаний с к=1 | G8: =COUNTIFS(G10:G81,"1") -> 13
A10: 1 | B10: 1190-01-02-АР0.3 рев.С, рев.Е | C10: 2 - 7 | D10: Показать / привязать / замаркировать лотки вдоль проездов для отвода воды в случае тушения пожара. Показать уклоны к лоткам | F10: СП 30.13330.2020, п.20.14 | G10: 1 | H10: 10 - Несоответствие НТД РФ | I10: Милявская А. | J10: 45049 | K10: снято | L10: Принято | M10: 45139 | N10: Выполнено
A11: 2 | B11: 1190-01-02-АР0.3 рев.С, рев.Е | C11: 2 - 7 | D11: Привязать / замаркировать лотки вдоль ворот между пожарными отсеками | G11: 0.5 | H11: 15 - Недостаточность информации влияющей на СМР | I11: Милявская А. | J11: 45049 | K11: снято | L11: Принято | M11: 45139 | N11: Выполнено
A12: 3 | B12: 1190-01-02-АР0.3 рев.С, рев.Е | C12: 2 - 7 | D12: Замаркировать решетки для водосборных приямков | G12: 0.5 | H12: 15 - Недостаточность информации влияющей на СМР | I12: Милявская А. | J12: 45049 | K12: снято | L12: Принято | M12: 45139 | N12: Выполнено
A13: 4 | B13: 1190-01-02-АР0.3 рев.С, рев.Е, рев К | C13: 2 - 7 | D13: Показать / привязать / замаркировать фундаменты под оборудование | G13: 1 | H13: 15 - Недостаточность информации влияющей на СМР | I13: Милявская А. | J13: 45049 | K13: снято | L13: Принято. После получения задания на фундаменты информация будет добавлена | M13: 45139 | N13: Замечание будет снято после добавления информации | O13: Принято. Приведено в соответствие | P13: 45154 | Q13: Показано на л.7
A14: 5 | B14: 1190-01-02-АР0.3 рев.С, рев.Е | C14: 2 - 7 | D14: Показать номера по Экспликации помещений - в воздухозаборных шахтах; - во всех технических помещениях, расположенных рядом с лифтовыми узлами | G14: 0.5 | H14: 15 - Недостаточность информации влияющей на СМР | I14: Милявская А. | J14: 45049 | K14: снято | L14: Принято, будет приведено в соот-вие | M14: 45139 | N14: Выполнено
A15: 6 | B15: 1190-01-02-АР0.3 рев.С, рев.Е | C15: 2 - 7 | D15: Замаркировать гермодвери в воздухозаборные шахты, учитывая, что - двери шахт в объеме венткамер - серийные, не имеют предела огнестойкости; - двери шахт в объеме автостоянки - противопожарные | G15: 1 | H15: 15 - Недостаточность информации влияющей на СМР | I15: Милявская А. | J15: 45049 | K15: снято | L15: Принято. Двери в воздухозаборные шахты будут добавлены | M15: 45139 | N15: Выполнено
A16: 7 | B16: 1190-01-02-АР0.3 рев.С, рев.Е | C16: 2 - 7 | D16: Показать на планах, замаркировать звукоизоляцию стен и потолков помещений ИТП, венткамер ОВ/ПДВ, насосной АПТ, расположенных под помещениями БКТ, ЦИН, ОДС | F16: ОТДЕЛКА АР ПОДЗЕМНОГО ЭТАЖА | G16: 0.5 | H16: 15 - Недостаточность информации влияющей на СМР | I16: Милявская А. | J16: 45049 | K16: снято | L16: Не принято. Проверить там есть тех пространство. Согласно расчету, см. стадию П 1190-01-ООС1.ПЗ прил. П уровень шума в помещениях общественного назначения соответствует нормам. | M16: 45139 | N16: Принятое решение с возможной последующей корректировкой - ответственность проектировщика
A17: 8 | B17: 1190-01-02-АР0.3 рев.С, рев.Е | C17: 2 - 7 | D17: Замаркировать и привязать металлические стремянки для доступа в тех.пространства. Указать Примечаниях, в каком комплекте разработаны стремянки и выполнена Спецификация материалов | G17: 0.5 | H17: 15 - Недостаточность информации влияющей на СМР | I17: Милявская А. | J17: 45049 | K17: снято | L17: Принято будет приведено в соот-вие | M17: 45139 | N17: Выполнено
A18: 9 | B18: 1190-01-02-АР0.3 рев.С, рев.Е | C18: 2 - 7 | D18: Замаркировать полы в воздухозаборных шахтах. | G18: 0.5 | H18: 15 - Недостаточность информации влияющей на СМР | I18: Милявская А. | J18: 45049 | K18: снято | L18: Принято, полы в воздухозаборных шахтах будут указаны | M18: 45139 | N18: Выполнено
A19: 10 | B19: 1190-01-02-АР0.3 рев.С, рев.Е | C19: 2 - 7 | D19: Исправить тип пола в технических помещениях для прохода коммуникаций П-4 на П-нов (упрочняющая и обеспыливающая пропитка Флюат Элакор МБ-1 (1 слой), стяжка бетонная В15, F100, W4, армироваанная сеткой 5Вр1 с ячейкой 100х100 по жб.плите пола) - П-4 выполняется только в автостоянке | G19: 1 | H19: 15 - Недостаточность информации влияющей на СМР | I19: Милявская А. | J19: 45049 | K19: снято | L19: Принято, тип пола будет добавлен | M19: 45139 | N19: Выполнено
A20: 11 | B20: 1190-01-02-АР0.3 рев.С, рев.Е | C20: 2 - 7 | D20: Замаркировать внутреннюю отделку стен в воздухозаборных шахтах | G20: 0.5 | H20: 15 - Недостаточность информации влияющей на СМР | I20: Милявская А. | J20: 45049 | K20: снято | L20: Принято, утепление стен воздухозаборных шахт будет указано | M20: 45139 | N20: Выполнено
A21: 12 | B21: 1190-01-02-АР0.3 рев.С, рев.Е, рев К | C21: 2 - 7 | D21: Дверные блоки Д-2л, Д-2пр (венткамеры, насосные, тех.помещения для прохода коммуникаций, ПУТ) - все приняты с пределом огнестойкости EI 60. Согласно разделу стадии П МОПБ1, п.6.36, 6.38, 6.54, 6.57 предел огнестойкости ограждающих строительных конструкций помещений для размещения инженерного оборудования или коммуникаций, расположенных в пожарном отсеке, обслуживаемом этим оборудованием, имеют пределы огнестойкости не менее EI 45. Следовательно, двери в таких стенах должны иметь предел огнестойкости EI 30. Ввести дополнительные марки для дверей с пределом огнестойкости EI 30 и исправить в нижеперечисленных помещениях. Должно быть: двери с пределом огнестойкости EI 60 - Д-2пр - в помещениях 2.Т.4, 2.Т.8, 6.Т.6; - Д-2л - в помещении1.Т.1 двери с пределом огнестойкости EI 30 - Д-нов.пр - в помещениях 1.Т.2, 1.Т.4, 2.Т.1, 4.Т.3, 4.Т.4, 5.Т.3, 5.Т.4, 5.Т.5, 5.Т.6, 5.Т.9, 6.Т.1, 6.Т.7, 6.Т.8, 6.Т.13; - Д-нов.л - в помещениях 1.Т.5, 1.Т.6, 2.Т.2, 2.Т.3, 2.Т.6, 2.Т.7, 2.Т.9, 4.Т.1, 4.Т.2, 5.Т.1, 5.Т.10, 6.Т.2, 6.Т.3, 6.Т.4, 6.Т.9, 6.Т.10, 6.Т.11, 6.Т.12 Ввести дополнительные марки для дверей с пределом огнестойкости EI 30 в проемы 1050х1600(h) - Д-нов.пр - в помещении 2.Т.13; - Д-нов.л - в помещениях 1.Т.8, 2.Т.10, 2.Т.11, 2.Т.12, 2.Т.14 | G21: 1 | H21: 16 - Нерациональное решение | I21: Милявская А. | J21: 45049 | K21: снято | L21: Проверить. Не принято. Согласно МОПБ 1 (пункт 6.57) Помещения категорий В1, В2, В3 по взрывопожарной и пожарной опасности отделены один от другого, а также эти помещения от помещений В4, Г (без наличия газообразного и (или) жидкого топлива), Д от коридоров и помещений другого функционального назначения противопожарными перегородками первого типа. Согласно табл. 24 ФЗ №123 предел огнестойкости заполнения проемов в противопожарных преградах 1 типа - EI 60. Все технические помещения примыкают к помещению Автостоянки (В2). | M21: 45139 | O21: Принято, будет поправлено. | P21: 45154 | R21: Принято, будет исправлено | S21: 45187 | T21: Исправлено
A22: 13 | B22: 1190-01-02-АР0.3 рев.С, рев.Е, рев К | C22: 2 - 9, 15 | D22: Устранить разночтение в указаниях о высоте заведения гидроизоляции на стены - Примечания на листах - на 300 мм; - Экспликация полов - на 200 мм (по Стандарту АР). Либо удалить этот пункт из Примечаний, как дублирование информации из Экспликации полов | G22: 0.5 | H22: 15 - Недостаточность информации влияющей на СМР | I22: Милявская А. | J22: 45049 | K22: снято | L22: Принято, будет приведено в соот-вие | M22: 45139 | O22: Принято, будет приведено в соот-вие | P22: 45154 | Q22: Везде исправить высоту заведения гидроизоляции на стены на 200 мм! | R22: Принято, будет исправлено | S22: 45187 | T22: Исправлено
A23: 14 | B23: 1190-01-02-АР0.3 рев.С, рев.Е | C23: 2, 3, 7- | D23: В 1.МОП.5, 2.МОП.3, 6.МОП.5 (тамбур-шлюзы) удалить дверные блоки Д-6л либо обосновать решение по устройству дополнительных дверных проемов Показать кладку в дверных проемах | G23: 0.5 | H23: 16 - Нерациональное решение | I23: Милявская А. | J23: 45049 | K23: снято | L23: Двери устновлены для обслуживания технических помещений, расположенных рядом с ЛЛУ. Проще говоря, пронести какую то тяжелую габаритную запчасть от лифта в тех.помещение (мешают машиноместа при проходе через основную дверь тамбур-шлюза) | M23: 45139 | N23: По результатам совещания "Замечания АР Кусковская 12 (для СМР)" от 07.06.23 решено оставить указанные проемы
A24: 15 | B24: 1190-01-02-АР0.3 рев.С, рев.Е, рев К, рев.М | C24: 2 | D24: Техническое помещение (предположительно 1.Т.8): устранить разночтение в габаритах дверного проема под дверной блок Д-2 - КЖ0.2 - 1050х1650(h) - выполнен на стройплощадке - АР0.4 - 1000х2100(h) Исправить марку обозначенного дверного блока на новую (для проема, выполненного по КЖ) В АР0.4 учесть наличие нестандартного дверного блока в указанном помещении | G24: 1 | H24: 14 - Неувязка м/у собой комплектов РД | I24: Милявская А. | J24: 45049 | K24: снято | L24: Не принято. В 1190-01-4-6-КЖ-0.2 Rev D проем 1000x2300 мм от ж/б плиты | M24: 45139 | O24: Проем в АР совпадает с высотой проема КЖ | P24: 45154 | S24: 45187 | T24: Замечание будет снято после получения на проверку откорректированного АР0.2 | U24: В пом. 1.Т.8, согласно 1190-01-1-3-КЖ-0.2- Рев.B, проем 1000х2150(Н), низ на отм. -6,050. Отметка ч.п. = -6,000, итого отм. проема под дверь = 2100. Перемычка и кладка не требуется | W24: Перемычка предусмотрена
A25: 16 | B25: 1190-01-02-АР0.3 рев.С, рев.Е, рев К, рев.М | C25: 3 | D25: Техническое помещение 2.Т.10: устранить разночтение в габаритах дверного проема под дверной блок Д-2 - КЖ0.2 - 1050х1650(h) - выполнен на стройплощадке - АР0.4 - 1000х2100(h) Исправить марку обозначенного дверного блока на новую (для проема, выполненного по КЖ) В АР0.4 учесть наличие нестандартного дверного блока в помещении 2.Т.10 | G25: 1 | H25: 14 - Неувязка м/у собой комплектов РД | I25: Милявская А. | J25: 45049 | K25: снято | L25: Не принято. В 1190-01-4-6-КЖ-0.2 Rev D проем 1000x2300 мм от ж/б плиты | M25: 45139 | O25: Высота проема скорректированна добавлением перемычки и кладки блоком для установки стандартного дверного блока 960х2070 (в АР0.2) | P25: 45154 | Q25: Замечание будет снято после получения на проверку откорректированного АР0.2 | S25: 45187 | T25: Замечание будет снято после получения на проверку откорректированного АР0.2 | U25: АР 02 откорректирован и выдан на проверку 19.09.2023 | W25: Перемычка предусмотрена (замечание снято после проверки АР0.2 от 20.09.23)
A26: 17 | B26: 1190-01-02-АР0.3 рев.С, рев.Е, рев К, рев.М | C26: 3 | D26: Техническое помещение 2.Т.11: устранить разночтение в габаритах дверного проема под дверной блок Д-2 - КЖ0.2 - 1050х1650(h) - выполнен на стройплощадке - АР0.4 - 1000х2100(h) Исправить марку обозначенного дверного блока на новую (для проема, выполненного по КЖ) В АР0.4 учесть наличие нестандартного дверного блока в помещении 2.Т.11 | G26: 1 | H26: 14 - Неувязка м/у собой комплектов РД | I26: Милявская А. | J26: 45049 | K26: снято | L26: Не принято. В 1190-01-4-6-КЖ-0.2 Rev D проем 1000x2300 мм от ж/б плиты | M26: 45139 | O26: Высота проема скорректированна добавлением перемычки и кладки блоком для установки стандартного дверного блока 960х2070 (в АР0.2) | P26: 45154 | Q26: Замечание будет снято после получения на проверку откорректированного АР0.2 | S26: 45187 | T26: Замечание будет снято после получения на проверку откорректированного АР0.2 | U26: АР 02 откорректирован и выдан на проверку 19.09.2023 | W26: Перемычка предусмотрена (замечание снято после проверки АР0.2 от 20.09.23)
A27: 18 | B27: 1190-01-02-АР0.3 рев.С, рев.Е, рев К, рев.М | C27: 3 | D27: Техническое помещение (предположительно 2.Т.14): устранить разночтение в габаритах дверного проема под дверной блок Д-2 - КЖ0.2 - 1050х1650(h) - выполнен на стройплощадке - АР0.4 - 1000х2100(h) Исправить марку обозначенного дверного блока на новую (для проема, выполненного по КЖ) В АР0.4 учесть наличие нестандартного дверного блока в указанном помещении | G27: 1 | H27: 14 - Неувязка м/у собой комплектов РД | I27: Милявская А. | J27: 45049 | K27: снято | L27: Не принято. В 1190-01-7-9-КЖ-0.2 Rev D проем 1050x2300 мм от ж/б плиты | M27: 45139 | O27: Высота проема скорректированна добавлением перемычки и кладки блоком для установки стандартного дверного блока 960х2070 (в АР0.2) | P27: 45154 | Q27: Замечание будет снято после получения на проверку откорректированного АР0.2 | S27: 45187 | T27: Замечание будет снято после получения на проверку откорректированного АР0.2 | U27: АР 02 откорректирован и выдан на проверку 19.09.2023 | W27: Перемычка предусмотрена (замечание снято после проверки АР0.2 от 20.09.23)
A28: 19 | B28: 1190-01-02-АР0.3 рев.С, рев.Е, рев К, рев.М | C28: 3 | D28: Техническое помещение 2.Т.13: устранить разночтение в габаритах дверного проема под дверной блок Д-2 - КЖ0.2 - 1050х1650(h) - выполнен на стройплощадке - АР0.4 - 1000х2100(h) Исправить марку обозначенного дверного блока на новую (для проема, выполненного по КЖ) В АР0.4 учесть наличие нестандартного дверного блока в помещении 2.Т.13 | G28: 1 | H28: 14 - Неувязка м/у собой комплектов РД | I28: Милявская А. | J28: 45049 | K28: снято | L28: Не принято. В 1190-01-4-6-КЖ-0.2 Rev D проем 1000x2300 мм от ж/б плиты | M28: 45139 | O28: Высота проема скорректированна добавлением перемычки и кладки блоком для установки стандартного дверного блока 960х2070(в АР0.2) | P28: 45154 | Q28: Замечание будет снято после получения на проверку откорректированного АР0.2 | S28: 45187 | T28: Замечание будет снято после получения на проверку откорректированного АР0.2 | U28: АР 02 откорректирован и выдан на проверку 19.09.2023 | W28: Перемычка предусмотрена (замечание снято после проверки АР0.2 от 20.09.23)
A29: 20 | B29: 1190-01-02-АР0.3 рев.С, рев.Е, рев К, рев.М | C29: 3 | D29: Техническое помещение 2.Т.12: устранить разночтение в габаритах дверного проема под дверной блок Д-2 - КЖ0.2 - 1050х1650(h) - выполнен на стройплощадке - АР0.4 - 1000х2100(h) Исправить марку обозначенного дверного блока на новую (для проема, выполненного по КЖ) В АР0.4 учесть наличие нестандартного дверного блока в помещении 2.Т.12 | G29: 1 | H29: 14 - Неувязка м/у собой комплектов РД | I29: Милявская А. | J29: 45049 | K29: снято | L29: Не принято. В 1190-01-4-6-КЖ-0.2 Rev D проем 1000x2300 мм от ж/б плиты | M29: 45139 | O29: Высота проема скорректированна добавлением перемычки и кладки блоком для установки стандартного дверного блока 960х2070 (в АР0.2) | P29: 45154 | Q29: Замечание будет снято после получения на проверку откорректированного АР0.2 | S29: 45187 | T29: Замечание будет снято после получения на проверку откорректированного АР0.2 | U29: АР 02 откорректирован и выдан на проверку 19.09.2023 | W29: Перемычка предусмотрена (замечание снято после проверки АР0.2 от 20.09.23)
A30: 21 | B30: 1190-01-02-АР0.3 рев.С, рев.Е | C30: 3 | D30: Замаркировать дверной блок в помещении 1.МОП.7 | G30: 0.5 | H30: 15 - Недостаточность информации влияющей на СМР | I30: Милявская А. | J30: 45049 | K30: снято | L30: Принято, указанный блок будет замаркирован | M30: 45139 | N30: Выполнено | U30: АР 02 откорректирован и выдан на проверку 19.09.2024
A31: 22 | B31: 1190-01-02-АР0.3 рев.С, рев.Е | C31: 4 | D31: Показать рампу полностью - замаркировать основной тип пола рампы и тип пола в зоне въезда/выезда; - замаркировать наружные въездные ворота; - показать ширину проезжей части, привязать отбойники | G31: 0.5 | H31: 15 - Недостаточность информации влияющей на СМР | I31: Милявская А. | J31: 45049 | K31: снято | L31: Принято будет приведено в соот-вие | M31: 45139 | N31: Выполнено | U31: АР 02 откорректирован и выдан на проверку 19.09.2025
A32: 23 | B32: 1190-01-02-АР0.3 рев.С, рев.Е | C32: 4 | D32: Замаркировать дверной блок в помещении 3.Т.2 | G32: 0.5 | H32: 15 - Недостаточность информации влияющей на СМР | I32: Милявская А. | J32: 45049 | K32: снято | L32: Принято, указанный блок будет замаркирован | M32: 45139 | N32: Выполнено | U32: АР 02 откорректирован и выдан на проверку 19.09.2026
A33: 24 | B33: 1190-01-02-АР0.3 рев.С, рев.Е, рев К | C33: 5 | D33: В венткамере 4.Т.3 выполнить окрывание двери наружу | G33: 0.5 | H33: 17 - Оформление | I33: Милявская А. | J33: 45049 | K33: снято | L33: Просим обосновать требование. открывание наружу мешает эвакуации в лестничную клетку | M33: 45139 | N33: Нормативное требование к направлению открывания двери венткамеры отсутствует. Однако, существуют разумные обоснования открывания дверей из технических помещений наружу - удобство при установке/эксплуатации/ремонте оборудования, безопасность в случае возникновения экстренной ситуации. Двери во все остальные венткамеры подземного этажа открываются наружу - это выполнено без нормативного обоснования. Дверь в венткамеру не находится в окрытом состоянии постоянно. Дверь в венткамеру в открытом состоянии частично перекрывает вход в лифтовой тамбур, а не путь эвакуации в лестничную клетку | O33: Открывающаяся наружу дверь будет закрывать активную половину дверного полотна на пути движения МГН в пожаробезопасную зону в случае возникновения пожара | P33: 45154 | Q33: Не исправлено | R33: Принято, будет поправлено | S33: 45187 | T33: Исправлено | U33: АР 02 откорректирован и выдан на проверку 19.09.2027
A34: 25 | B34: 1190-01-02-АР0.3 рев.С, рев.Е, рев К, рев.М | C34: 8 | D34: Планы технических пространств: показать и замаркировать металлические ограждения, устанавливаемые по краю перекрытий тех.пространств (ограждения показаны на развертках стен в АР0.2, листы 4, 6, 9, 10, 21) | G34: 0.5 | H34: 15 - Недостаточность информации влияющей на СМР | I34: Милявская А. | J34: 45049 | K34: снято | L34: Металлические ограждения по краю тех.пространств заменены на кладку в связи с требованием экспертизы. Стремянки и люки будут замаркированы | M34: 45139 | N34: В комплекте 1190-01-02-АР0.2 рев.С от 14.07.23, представленном на рассмотрение 19.07.23 металлическое ограждение по краю тех.пространств не заменено на ограждающие конструкции из газобетонной кладки https://docs.google.com/spreadsheets/d/1YuiVJh5g_X5jHE5eOh_2DEvATkVyA1tZkiQMcCOB9Wo/edit#gid=506794652&range=12:12 Замечание будет снято после получения на проверку откорректированного АР0.2 и АР0.4 | P34: 45154 | Q34: Замечание будет снято после получения на проверку откорректированного АР0.2 и АР0.4 | S34: 45187 | T34: Замечание будет снято после получения на проверку откорректированного АР0.2 и АР0.4 | U34: АР 02 откорректирован и выдан на проверку 19.09.2023 | W34: Исправлено (замечание снято после проверки АР0.2 от 20.09.23)
